Workbook
Name AverageRORE: #REF!
Name AverageRORE: #REF!
Name AverageRORE: #REF!
Name IncentiveStrength: TIM!$I$13
Name IterationInput: #REF!
Name IterationInput: #REF!
Name m_calculated_tax: TaxTrigger!$AJ$59:$AQ$59
Name m_identity: UserInterface!$E$63
Name m_live_results: LiveResults!$C$15
Name m_live_results_end: LiveResults!$C$92
Name m_model_state: UserInterface!#REF!
Name m_model_state: [1]UserInterface!#REF!
Name m_model_state: UserInterface!#REF!
Name m_PCFM_year_t: UserInterface!$E$75
Name m_results_01: SavedResults!$C$19
Name m_results_02: SavedResults!$C$96
Name m_results_03: SavedResults!$C$173
Name m_results_04: SavedResults!$C$250
Name m_results_05: SavedResults!$C$327
Name m_results_06: SavedResults!$C$404
Name m_results_07: SavedResults!$C$481
Name m_results_08: SavedResults!$C$558
Name m_results_09: SavedResults!$C$635
Name m_results_10: SavedResults!$C$712
Name m_results_11: SavedResults!$C$789
Name m_results_12: SavedResults!$C$866
Name m_results_13: SavedResults!$C$943
Name m_results_14: SavedResults!$C$1020
Name m_saved_original_test: TaxTrigger!$AJ$65:$AQ$65
Name m_tax_trigger_results: TaxTrigger!$AJ$65:$AQ$65
Name m_tax_trigger_state: TaxTrigger!$E$32
Name NewMatrix1: #REF!
Name NewMatrix1: #REF!
Name NewMatrix2: #REF!
Name NewMatrix2: #REF!
Name NumberofOperators: UserInterface!$E$49:$E$62
Name RORE_paste: #REF!
Name RORE_paste: #REF!
Name RORE_paste: #REF!
Name s: [2]SavedResults!$C$19
Name SAD: [3]UserInterface!#REF!
Name TVMcheck: 'Revenue Profiling'!$D$274
Name TVMcopy: 'Revenue Profiling'!$AJ$273:$AQ$273
Name view: UserInterface!$E$81

Sheet Cover
A1: RIIO Financial Model
B2: Electricity Distribution
C3: =MID(CELL("filename"),SEARCH("[",CELL("filename"))+1,SEARCH("]",CELL("filename"))-SEARCH("[",CELL("filename"))-1) -> UKPN_PCFM_Model_2014.xlsm
C4: RIIO ED1 Price Control Financial Model for the Annual Iteration Process that will take place by 30 November 2015-16
C6: DISCLAIMER: The purpose of this model is used to calculate Base Revenue (PU)and MOD terms in subsequent years for Licensees on the basis of Financial Handbook and Licence conditions of the relevant Network Operator
C8: Note: Calculations of the regulatory financial position in financial statements are done on a notional basis, in line with the assumptions in this model and in Final Proposals. These may be different from the financial position stated in operator's accounts.
B10: Model key
E12: Sample | G12: Information and interface
E13: Sample | G13: Fixed input value
E14: Sample | G14: Annual update input
E15: Sample | G15: Input linked from annual update
E16: Sample | G16: Notes and instructions
E17: Sample | G17: Sheet or calculation used only to inform assessment
B19: Contents
E21: INTERFACE >
E22: Cover | G22: Model key and content directory
E23: UserInterface | G23: Model operation
E24: TaxTrigger | G24: Tax trigger calculations
E25: MOD | G25: MOD Summary
E26: INPUT SELECTION >
E27: Input | G27: Inputs for selected licensee
E28: CALCULATION >
E29: Totex | G29: Totex allowance and actuals
E30: TIM | G30: Totex Incentive Mechanism and capitalisation
E31: DARTs | G31: Direct Allowance Revenue Terms
E32: Depn | G32: Gas distribution regulatory depreciation
E33: Return&RAV | G33: RAV and return calculations
E34: TaxPools | G34: Tax pools and capital allowances
E35: Finance&Tax | G35: Net debt, equity issuance, financing costs and tax
E36: Revenue | G36: Revenue and MOD
E37: Revenue Profiling | G37: Revenue Profiling tool
E38: OUTPUT >
E39: LiveResults | G39: Results for selected company
E40: SavedResults | G40: Saved results for all companies
E41: FinancialStatements | G41: Financial statements for selected company
E42: FinancialRatios | G42: Financial ratios for selected company
E43: Bill impact | G43: Bill impact for all companies
E44: RoRE | G44: Return on Regulatory Equity calculations for selected company
E45: COMPANY SPECIFIC INPUT SHEETS >
E46: ENWL
E47: NPgN
E48: NPgY
E49: WMID
E50: EMID
E51: SWALES
E52: SWEST
E53: LPN
E54: SPN
E55: EPN
E56: SPD
... E59: SSES

Sheet UserInterface
A1: User Interface
B3: Model operation
C5: Scenario
E7: Scenario selection
E9: Selected Scenario: | G9: =INDEX(E79:E80,E81) -> Base (M1b)
C12: PCFM year t
C13: Instruction: Use the following drop-down list to identify year t in the model. Year t is identified here by its end date.
E15: Year t selection:
E17: Year t selected: | G17: =EOMONTH(42094,E75*12) -> 42460
C19: Active company
C20: Instruction: Use the following drop-down list to select the active company in the model.
E22: Company selection:
E24: Selected company: | G24: =INDEX(E49:E62, E63) -> SPN
C26: Model state
C27: Below shows the state of the model selected in the Tax Trigger sheet
E29: Selected model status: | G29: =INDEX(TaxTrigger!E30:E31,m_tax_trigger_state,1) -> Licence Model
C31: Run model for all licensees
C32: Instruction: Click on the left button to save results for the selected company only. Click the right button to save results for all.
C33: Note: Annual iterations must have been completed for all prior years before running the model to generate MOD.
C34: The macros save results and values required for future years which cannot be recreated once inputs are revised.
C35: Running the macro saves the output from year t's iteration for use in future iterations.
C36: Results for the selected company can be found on the "LiveResults" sheet and also on the "SavedResults" sheet once saved by a macro.
B42: User selection lists
B43: Note: The lists below drive the drop-down lists above.
B44: Using the drop-down lists above returns an integer in the "cell link" positioned below their "source list."
B45: The number returned in the cell link corresponds to the position of the selected item in the source list.
B46: The company selection output is set as a "named range." This gives a stable anchor point for the "RunForAll" macro to change the company.
E48: ="Source for ''"&C19&"'' drop-down list" -> Source for ''Active company'' drop-down list
E49: ENWL
E50: NPgN
E51: NPgY
E52: WMID
E53: EMID
E54: SWALES
E55: SWEST
E56: LPN
E57: SPN
E58: EPN
E59: SPD
E60: SPMW
... E62: SSES
E63: 9
E64: Adjacent named range: m_identity
E66: ="Source for ''"&C12&"'' drop-down list" -> Source for ''PCFM year t'' drop-down list
E67: 42460
E68: 42825
E69: 43190
E70: 43555
E71: 43921
E72: 44286
E73: 44651
E74: 45016
E75: 1
E76: Adjacent named range: m_PCFM_year_t
E78: ="Source for ''"&C5&"'' drop-down list" -> Source for ''Scenario'' drop-down list
E79: Best (M1a)
E80: Base (M1b)
E81: 2

Sheet Change Control
B1: Details of change | D1: Links to changes in model
B487: From here is post 25Oct 2013 model
B488: Updated guarunteed standards from value to -160bps
B491: Tree Cutting is shown as seperately line (as opposed to added to pensions) so that it can have its own tax pool allocation and feed into the model separately.
B494: Re-allocation (see comment box for further detail)
B497: Correction of RPEs for high values projects in BPDT for re-opener only
B512: Seperation of rail electrification from diversions. The BPDTs and the model have been amended so rail electrification (where relevant) will come through as a variant costs separately.
B518: Note in the M1/T tabs in the BPDTs the model input for QofS amended so its split between exante and DNO funded (with only the ex-ante component going through to the model inputs. This is to capture information on QoS expenditure that is funded via the price control (ex ante) compared with funded by the DNO.
B524: Removal of scenarios which are no longer used (ie OWN/Reference and DECC scenarios)
B527: Updated legacy workbook (now split between RavRollingIncentive, RRI, and other legacy adjustments)
B530: Removal of compensation payment from non activity costs.
B551: Updated RPI forcast from 2.8 to 3.1%

Sheet TaxTrigger
A1: Tax Trigger
B2: =UserInterface!G24 -> SPN | AJ2: Done
E7: Parameter | G7: Units | I7: Constant | AJ7: Annual values
E8: PCFM year ending | I8: =UserInterface!$G$17 -> 42460 | K8: 33328 | L8: 33694 | M8: 34059 | N8: 34424 | O8: 34789 | P8: 35155 | Q8: 35520 | R8: 35885 | S8: 36250 | T8: 36616 | U8: 36981 | V8: 37346 | W8: 37711 | X8: 38077 | Y8: 38442 | Z8: 38807 | AA8: 39172 | AB8: 39538 | AC8: 39903 | AD8: 40268 | AE8: 40633 | AF8: 40999 | AG8: 41364 | AH8: 41729 | AI8: 42094 | AJ8: 42460 | AK8: 42825 | AL8: 43190 | AM8: 43555 | AN8: 43921 | AO8: 44286 | AP8: 44651 | AQ8: 45016
B10: Tax trigger calculation
C12: Test operation
C13: Instruction: To run the model as the Tax Trigger Tool, The model state selected below should be Tax Trigger Calculation
C14: Clicking the macro button below runs the "TaxTrigger" macro, performing the Tax Trigger adjustment calculation for the selected licensee for year t.
C15: The output generated by the macro can be replicated manually using the following steps:
C16: 1. Clear any values from previous tests in the "Test state output" section below (named range "m_saved_original_results")
C17: 2. Set testing state to "Licence Model"
C18: 3. Copy the cells marked as the "m_calculated_tax" named range and paste them at the named range "m_saved_original_test."
C19: 4. Set testing state to "Tax Trigger Calculation"
C20: Note: The Tax Trigger Tool is disabled if the "Model state" below reads "Licence Model."
E26: State selection
E29: State options
E30: Licence Model
E31: Tax Trigger Calculation
E32: 1
E33: Adjacent named range: m_tax_trigger_state
E38: Run macro
C44: Tax calculation
E46: Tax Allowance when tax losses are not taken into account
E48: Profits attributable to corporation tax | G48: £m 12/13 prices | AJ48: ='Finance&Tax'!AJ169 * Input!$AG$57 / Input!AJ$57 -> 61.111517 | AK48: ='Finance&Tax'!AK169 * Input!$AG$57 / Input!AK$57 -> 62.069054 | AL48: ='Finance&Tax'!AL169 * Input!$AG$57 / Input!AL$57 -> 63.40443 | AM48: ='Finance&Tax'!AM169 * Input!$AG$57 / Input!AM$57 -> 66.94001 | AN48: ='Finance&Tax'!AN169 * Input!$AG$57 / Input!AN$57 -> 72.548504 | AO48: ='Finance&Tax'!AO169 * Input!$AG$57 / Input!AO$57 -> 78.735596 | AP48: ='Finance&Tax'!AP169 * Input!$AG$57 / Input!AP$57 -> 87.305557 | AQ48: ='Finance&Tax'!AQ169 * Input!$AG$57 / Input!AQ$57 -> 95.325926
E49: Corporation tax rate | AJ49: ='Finance&Tax'!AJ186 -> 0.2 | AK49: ='Finance&Tax'!AK186 -> 0.2 | AL49: ='Finance&Tax'!AL186 -> 0.2 | AM49: ='Finance&Tax'!AM186 -> 0.2 | AN49: ='Finance&Tax'!AN186 -> 0.2 | AO49: ='Finance&Tax'!AO186 -> 0.2 | AP49: ='Finance&Tax'!AP186 -> 0.2 | AQ49: ='Finance&Tax'!AQ186 -> 0.2
E50: Grossing-up factor for tax on tax charge | AJ50: ='Finance&Tax'!AJ189 -> 1.25 | AK50: ='Finance&Tax'!AK189 -> 1.25 | AL50: ='Finance&Tax'!AL189 -> 1.25 | AM50: ='Finance&Tax'!AM189 -> 1.25 | AN50: ='Finance&Tax'!AN189 -> 1.25 | AO50: ='Finance&Tax'!AO189 -> 1.25 | AP50: ='Finance&Tax'!AP189 -> 1.25 | AQ50: ='Finance&Tax'!AQ189 -> 1.25
E51: Corporation tax charge beforre losses | AJ51: =AJ49*AJ48*AJ50 -> 15.277879 | AK51: =AK49*AK48*AK50 -> 15.517263 | AL51: =AL49*AL48*AL50 -> 15.851108 | AM51: =AM49*AM48*AM50 -> 16.735002 | AN51: =AN49*AN48*AN50 -> 18.137126 | AO51: =AO49*AO48*AO50 -> 19.683899 | AP51: =AP49*AP48*AP50 -> 21.826389 | AQ51: =AQ49*AQ48*AQ50 -> 23.831482
E53: Tax allowance without taking into account losses | AJ53: =AJ51 -> 15.277879 | AK53: =AK51 -> 15.517263 | AL53: =AL51 -> 15.851108 | AM53: =AM51 -> 16.735002 | AN53: =AN51 -> 18.137126 | AO53: =AO51 -> 19.683899 | AP53: =AP51 -> 21.826389 | AQ53: =AQ51 -> 23.831482
I55: Instruction
E56: Tax allowance before tax trigger | G56: £m 12/13 prices | AJ56: =AJ53 -> 15.277879 | AK56: =AK53 -> 15.517263 | AL56: =AL53 -> 15.851108 | AM56: =AM53 -> 16.735002 | AN56: =AN53 -> 18.137126 | AO56: =AO53 -> 19.683899 | AP56: =AP53 -> 21.826389 | AQ56: =AQ53 -> 23.831482
E57: B event value | G57: £m 12/13 prices | AJ57: =AJ135 -> 0 | AK57: =AK135 -> 0 | AL57: =AL135 -> 0 | AM57: =AM135 -> 0 | AN57: =AN135 -> 0 | AO57: =AO135 -> 0 | AP57: =AP135 -> 0 | AQ57: =AQ135 -> 0
E58: Threshold value adjustment | G58: £m 12/13 prices | AJ58: =AJ86 -> 0 | AK58: =AK86 -> 0 | AL58: =AL86 -> 0 | AM58: =AM86 -> 0 | AN58: =AN86 -> 0 | AO58: =AO86 -> 0 | AP58: =AP86 -> 0 | AQ58: =AQ86 -> 0
E59: Tax allowance | G59: £m 12/13 prices | I59: =IF(m_tax_trigger_state = 1, "Copy cells -->", "-") -> Copy cells --> | AJ59: =SUM(AJ56:AJ58) -> 15.277879 | AK59: =SUM(AK56:AK58) -> 15.517263 | AL59: =SUM(AL56:AL58) -> 15.851108 | AM59: =SUM(AM56:AM58) -> 16.735002 | AN59: =SUM(AN56:AN58) -> 18.137126 | AO59: =SUM(AO56:AO58) -> 19.683899 | AP59: =SUM(AP56:AP58) -> 21.826389 | AQ59: =SUM(AQ56:AQ58) -> 23.831482
AJ60: Adjacent named range: m_calculated_tax
C61: Test state output
C62: Note: The formula determines whether the recalculated tax is above or below the threshold and sets the adjustment accordingly
I64: Instruction
E65: Value with original settings | G65: £m 12/13 prices | I65: =IF( m_tax_trigger_state = 1, "Paste cells -->","-") -> Paste cells --> | AI65: m_tax_trigger_results
AJ66: Named ranges above: m_saved_original_test
E67: Value with new settings and threshold adjustment | G67: £m 12/13 prices | AJ67: =AJ59 -> 15.277879 | AK67: =AK59 -> 15.517263 | AL67: =AL59 -> 15.851108 | AM67: =AM59 -> 16.735002 | AN67: =AN59 -> 18.137126 | AO67: =AO59 -> 19.683899 | AP67: =AP59 -> 21.826389 | AQ67: =AQ59 -> 23.831482
C69: Result and output
C70: Note: Once the test is complete, the "Tax Trigger adjustment" below can be taken from below and inputted to the PCFM set to run as the Licence Model, rather than the Tax Trigger Tool.
E72: Tax trigger adjustment | G72: £m 12/13 prices | AJ72: =IF(m_tax_trigger_state=2,IF(ABS((AJ56+AJ57)-AJ65)> ABS(AJ86), AJ67 - AJ65, 0),0) -> 0 | AK72: =IF(m_tax_trigger_state=2,IF(ABS((AK56+AK57)-AK65)> ABS(AK86), AK67 - AK65, 0),0) -> 0 | AL72: =IF(m_tax_trigger_state=2,IF(ABS((AL56+AL57)-AL65)> ABS(AL86), AL67 - AL65, 0),0) -> 0 | AM72: =IF(m_tax_trigger_state=2,IF(ABS((AM56+AM57)-AM65)> ABS(AM86), AM67 - AM65, 0),0) -> 0 | AN72: =IF(m_tax_trigger_state=2,IF(ABS((AN56+AN57)-AN65)> ABS(AN86), AN67 - AN65, 0),0) -> 0 | AO72: =IF(m_tax_trigger_state=2,IF(ABS((AO56+AO57)-AO65)> ABS(AO86), AO67 - AO65, 0),0) -> 0 | AP72: =IF(m_tax_trigger_state=2,IF(ABS((AP56+AP57)-AP65)> ABS(AP86), AP67 - AP65, 0),0) -> 0 | AQ72: =IF(m_tax_trigger_state=2,IF(ABS((AQ56+AQ57)-AQ65)> ABS(AQ86), AQ67 - AQ65, 0),0) -> 0
B74: Tax trigger parameters
B75: Instruction: Enter values in the yellow cells below for use in the Tax Trigger test.
B76: Note: Flags are used throughout to indicate whether the original or Tax Trigger value is being used. The live values below are exported for use throughout the model.
C78: Active policy
E80: Tax trigger tax settings are used | G80: flag | AJ80: =IF(AND(AJ$8 <= $I8, m_tax_trigger_state = 2), TRUE, FALSE) -> FALSE | AK80: =IF(AND(AK$8 <= $I8, m_tax_trigger_state = 2), TRUE, FALSE) -> FALSE | AL80: =IF(AND(AL$8 <= $I8, m_tax_trigger_state = 2), TRUE, FALSE) -> FALSE | AM80: =IF(AND(AM$8 <= $I8, m_tax_trigger_state = 2), TRUE, FALSE) -> FALSE | AN80: =IF(AND(AN$8 <= $I8, m_tax_trigger_state = 2), TRUE, FALSE) -> FALSE | AO80: =IF(AND(AO$8 <= $I8, m_tax_trigger_state = 2), TRUE, FALSE) -> FALSE | AP80: =IF(AND(AP$8 <= $I8, m_tax_trigger_state = 2), TRUE, FALSE) -> FALSE | AQ80: =IF(AND(AQ$8 <= $I8, m_tax_trigger_state = 2), TRUE, FALSE) -> FALSE
C82: Threshold
E84: Threshold value | G84: £m 12/13 prices | AJ84: =CHOOSE(m_identity,AJ139,AJ140,AJ141,AJ142,AJ143,AJ144,AJ145,AJ146,AJ147,AJ148,AJ149,AJ150,AJ151,AJ152) -> 0 | AK84: =CHOOSE(m_identity,AK139,AK140,AK141,AK142,AK143,AK144,AK145,AK146,AK147,AK148,AK149,AK150,AK151,AK152) -> 0 | AL84: =CHOOSE(m_identity,AL139,AL140,AL141,AL142,AL143,AL144,AL145,AL146,AL147,AL148,AL149,AL150,AL151,AL152) -> 0 | AM84: =CHOOSE(m_identity,AM139,AM140,AM141,AM142,AM143,AM144,AM145,AM146,AM147,AM148,AM149,AM150,AM151,AM152) -> 0 | AN84: =CHOOSE(m_identity,AN139,AN140,AN141,AN142,AN143,AN144,AN145,AN146,AN147,AN148,AN149,AN150,AN151,AN152) -> 0 | AO84: =CHOOSE(m_identity,AO139,AO140,AO141,AO142,AO143,AO144,AO145,AO146,AO147,AO148,AO149,AO150,AO151,AO152) -> 0 | AP84: =CHOOSE(m_identity,AP139,AP140,AP141,AP142,AP143,AP144,AP145,AP146,AP147,AP148,AP149,AP150,AP151,AP152) -> 0 | AQ84: =CHOOSE(m_identity,AQ139,AQ140,AQ141,AQ142,AQ143,AQ144,AQ145,AQ146,AQ147,AQ148,AQ149,AQ150,AQ151,AQ152) -> 0
E86: Threshold value applied | G86: £m 12/13 prices | AJ86: =IF(OR((AJ56+AJ57) = AJ65, AJ65 = ""), 0, IF(AJ65 < (AJ56+AJ57), -AJ84, +AJ84)) -> 0 | AK86: =IF(OR((AK56+AK57) = AK65, AK65 = ""), 0, IF(AK65 < (AK56+AK57), -AK84, +AK84)) -> 0 | AL86: =IF(OR((AL56+AL57) = AL65, AL65 = ""), 0, IF(AL65 < (AL56+AL57), -AL84, +AL84)) -> 0 | AM86: =IF(OR((AM56+AM57) = AM65, AM65 = ""), 0, IF(AM65 < (AM56+AM57), -AM84, +AM84)) -> 0 | AN86: =IF(OR((AN56+AN57) = AN65, AN65 = ""), 0, IF(AN65 < (AN56+AN57), -AN84, +AN84)) -> 0 | AO86: =IF(OR((AO56+AO57) = AO65, AO65 = ""), 0, IF(AO65 < (AO56+AO57), -AO84, +AO84)) -> 0 | AP86: =IF(OR((AP56+AP57) = AP65, AP65 = ""), 0, IF(AP65 < (AP56+AP57), -AP84, +AP84)) -> 0 | AQ86: =IF(OR((AQ56+AQ57) = AQ65, AQ65 = ""), 0, IF(AQ65 < (AQ56+AQ57), -AQ84, +AQ84)) -> 0
C88: Corporation tax rate
E90: Active | G90: text | AJ90: =AJ$80 = FALSE() -> TRUE | AK90: =AK$80 = FALSE() -> TRUE | AL90: =AL$80 = FALSE() -> TRUE | AM90: =AM$80 = FALSE() -> TRUE | AN90: =AN$80 = FALSE() -> TRUE | AO90: =AO$80 = FALSE() -> TRUE | AP90: =AP$80 = FALSE() -> TRUE | AQ90: =AQ$80 = FALSE() -> TRUE
E91: RIIO | G91: % | J91: > | AJ91: =Input!AJ343 -> 0.2 | AK91: =Input!AK343 -> 0.2 | AL91: =Input!AL343 -> 0.2 | AM91: =Input!AM343 -> 0.2 | AN91: =Input!AN343 -> 0.2 | AO91: =Input!AO343 -> 0.2 | AP91: =Input!AP343 -> 0.2 | AQ91: =Input!AQ343 -> 0.2
E93: Active | G93: text | AJ93: =AJ$80 -> FALSE | AK93: =AK$80 -> FALSE | AL93: =AL$80 -> FALSE | AM93: =AM$80 -> FALSE | AN93: =AN$80 -> FALSE | AO93: =AO$80 -> FALSE | AP93: =AP$80 -> FALSE | AQ93: =AQ$80 -> FALSE
E94: Tax trigger | G94: % | AJ94: =AJ91 -> 0.2 | AK94: =AK91 -> 0.2 | AL94: =AL91 -> 0.2 | AM94: =AM91 -> 0.2 | AN94: =AN91 -> 0.2 | AO94: =AO91 -> 0.2 | AP94: =AP91 -> 0.2 | AQ94: =AQ91 -> 0.2
E96: Applied | G96: % | J96: > | AJ96: =(AJ90 * AJ91) + (AJ93 * AJ94) -> 0.2 | AK96: =(AK90 * AK91) + (AK93 * AK94) -> 0.2 | AL96: =(AL90 * AL91) + (AL93 * AL94) -> 0.2 | AM96: =(AM90 * AM91) + (AM93 * AM94) -> 0.2 | AN96: =(AN90 * AN91) + (AN93 * AN94) -> 0.2 | AO96: =(AO90 * AO91) + (AO93 * AO94) -> 0.2 | AP96: =(AP90 * AP91) + (AP93 * AP94) -> 0.2 | AQ96: =(AQ90 * AQ91) + (AQ93 * AQ94) -> 0.2
C98: Capital allowance rate
D100: General pool
E102: Active | G102: text | AJ102: =AJ$80 = FALSE() -> TRUE | AK102: =AK$80 = FALSE() -> TRUE | AL102: =AL$80 = FALSE() -> TRUE | AM102: =AM$80 = FALSE() -> TRUE | AN102: =AN$80 = FALSE() -> TRUE | AO102: =AO$80 = FALSE() -> TRUE | AP102: =AP$80 = FALSE() -> TRUE | AQ102: =AQ$80 = FALSE() -> TRUE
E103: RIIO | G103: % | AJ103: =Input!AJ345 -> 0.18 | AK103: =Input!AK345 -> 0.18 | AL103: =Input!AL345 -> 0.18 | AM103: =Input!AM345 -> 0.18 | AN103: =Input!AN345 -> 0.18 | AO103: =Input!AO345 -> 0.18 | AP103: =Input!AP345 -> 0.18 | AQ103: =Input!AQ345 -> 0.18
E105: Active | G105: text | AJ105: =AJ$80 -> FALSE | AK105: =AK$80 -> FALSE | AL105: =AL$80 -> FALSE | AM105: =AM$80 -> FALSE | AN105: =AN$80 -> FALSE | AO105: =AO$80 -> FALSE | AP105: =AP$80 -> FALSE | AQ105: =AQ$80 -> FALSE
E106: Tax trigger | G106: % | AJ106: =AJ103 -> 0.18 | AK106: =AK103 -> 0.18 | AL106: =AL103 -> 0.18 | AM106: =AM103 -> 0.18 | AN106: =AN103 -> 0.18 | AO106: =AO103 -> 0.18 | AP106: =AP103 -> 0.18 | AQ106: =AQ103 -> 0.18
E108: Applied | G108: % | AJ108: =(AJ102 * AJ103) + (AJ105 * AJ106) -> 0.18 | AK108: =(AK102 * AK103) + (AK105 * AK106) -> 0.18 | AL108: =(AL102 * AL103) + (AL105 * AL106) -> 0.18 | AM108: =(AM102 * AM103) + (AM105 * AM106) -> 0.18 | AN108: =(AN102 * AN103) + (AN105 * AN106) -> 0.18 | AO108: =(AO102 * AO103) + (AO105 * AO106) -> 0.18 | AP108: =(AP102 * AP103) + (AP105 * AP106) -> 0.18 | AQ108: =(AQ102 * AQ103) + (AQ105 * AQ106) -> 0.18
D110: Special Rate pool
E112: Active | G112: text | AJ112: =AJ$80 = FALSE() -> TRUE | AK112: =AK$80 = FALSE() -> TRUE | AL112: =AL$80 = FALSE() -> TRUE | AM112: =AM$80 = FALSE() -> TRUE | AN112: =AN$80 = FALSE() -> TRUE | AO112: =AO$80 = FALSE() -> TRUE | AP112: =AP$80 = FALSE() -> TRUE | AQ112: =AQ$80 = FALSE() -> TRUE
E113: RIIO | G113: % | J113: > | AJ113: =Input!AJ346 -> 0.08 | AK113: =Input!AK346 -> 0.08 | AL113: =Input!AL346 -> 0.08 | AM113: =Input!AM346 -> 0.08 | AN113: =Input!AN346 -> 0.08 | AO113: =Input!AO346 -> 0.08 | AP113: =Input!AP346 -> 0.08 | AQ113: =Input!AQ346 -> 0.08
E115: Active | G115: text | AJ115: =AJ$80 -> FALSE | AK115: =AK$80 -> FALSE | AL115: =AL$80 -> FALSE | AM115: =AM$80 -> FALSE | AN115: =AN$80 -> FALSE | AO115: =AO$80 -> FALSE | AP115: =AP$80 -> FALSE | AQ115: =AQ$80 -> FALSE
E116: Tax trigger | G116: % | AJ116: =AJ113 -> 0.08 | AK116: =AK113 -> 0.08 | AL116: =AL113 -> 0.08 | AM116: =AM113 -> 0.08 | AN116: =AN113 -> 0.08 | AO116: =AO113 -> 0.08 | AP116: =AP113 -> 0.08 | AQ116: =AQ113 -> 0.08
E118: Applied | G118: % | J118: > | AJ118: =(AJ112 * AJ113) + (AJ115 * AJ116) -> 0.08 | AK118: =(AK112 * AK113) + (AK115 * AK116) -> 0.08 | AL118: =(AL112 * AL113) + (AL115 * AL116) -> 0.08 | AM118: =(AM112 * AM113) + (AM115 * AM116) -> 0.08 | AN118: =(AN112 * AN113) + (AN115 * AN116) -> 0.08 | AO118: =(AO112 * AO113) + (AO115 * AO116) -> 0.08 | AP118: =(AP112 * AP113) + (AP115 * AP116) -> 0.08 | AQ118: =(AQ112 * AQ113) + (AQ115 * AQ116) -> 0.08
D120: Deferred revenue writing down allowance rate
E122: Active | G122: text | AJ122: =AJ$80 = FALSE() -> TRUE | AK122: =AK$80 = FALSE() -> TRUE | AL122: =AL$80 = FALSE() -> TRUE | AM122: =AM$80 = FALSE() -> TRUE | AN122: =AN$80 = FALSE() -> TRUE | AO122: =AO$80 = FALSE() -> TRUE | AP122: =AP$80 = FALSE() -> TRUE | AQ122: =AQ$80 = FALSE() -> TRUE
E123: RIIO | G123: % | J123: > | AJ123: =Input!AJ347 -> 0.0222 | AK123: =Input!AK347 -> 0.0222 | AL123: =Input!AL347 -> 0.0222 | AM123: =Input!AM347 -> 0.0222 | AN123: =Input!AN347 -> 0.0222 | AO123: =Input!AO347 -> 0.0222 | AP123: =Input!AP347 -> 0.0222 | AQ123: =Input!AQ347 -> 0.0222
E125: Active | G125: text | AJ125: =AJ$80 -> FALSE | AK125: =AK$80 -> FALSE | AL125: =AL$80 -> FALSE | AM125: =AM$80 -> FALSE | AN125: =AN$80 -> FALSE | AO125: =AO$80 -> FALSE | AP125: =AP$80 -> FALSE | AQ125: =AQ$80 -> FALSE
E126: Tax trigger | G126: % | AJ126: =AJ123 -> 0.0222 | AK126: =AK123 -> 0.0222 | AL126: =AL123 -> 0.0222 | AM126: =AM123 -> 0.0222 | AN126: =AN123 -> 0.0222 | AO126: =AO123 -> 0.0222 | AP126: =AP123 -> 0.0222 | AQ126: =AQ123 -> 0.0222
E128: Applied | G128: % | J128: > | AJ128: =(AJ122 * AJ123) + (AJ125 * AJ126) -> 0.0222 | AK128: =(AK122 * AK123) + (AK125 * AK126) -> 0.0222 | AL128: =(AL122 * AL123) + (AL125 * AL126) -> 0.0222 | AM128: =(AM122 * AM123) + (AM125 * AM126) -> 0.0222 | AN128: =(AN122 * AN123) + (AN125 * AN126) -> 0.0222 | AO128: =(AO122 * AO123) + (AO125 * AO126) -> 0.0222 | AP128: =(AP122 * AP123) + (AP125 * AP126) -> 0.0222 | AQ128: =(AQ122 * AQ123) + (AQ125 * AQ126) -> 0.0222
C130: B event value
E132: Active | G132: text | AJ132: =AJ$80 -> FALSE | AK132: =AK$80 -> FALSE | AL132: =AL$80 -> FALSE | AM132: =AM$80 -> FALSE | AN132: =AN$80 -> FALSE | AO132: =AO$80 -> FALSE | AP132: =AP$80 -> FALSE | AQ132: =AQ$80 -> FALSE
E133: Tax trigger | G133: £m 12/13 prices | AJ133: 0 | AK133: 0 | AL133: 0 | AM133: 0 | AN133: 0 | AO133: 0 | AP133: 0 | AQ133: 0
E135: Applied | G135: £m 12/13 prices | AJ135: =AJ132 * AJ133 -> 0 | AK135: =AK132 * AK133 -> 0 | AL135: =AL132 * AL133 -> 0 | AM135: =AM132 * AM133 -> 0 | AN135: =AN132 * AN133 -> 0 | AO135: =AO132 * AO133 -> 0 | AP135: =AP132 * AP133 -> 0 | AQ135: =AQ132 * AQ133 -> 0
C137: Tax Trigger Deadbands
E139: ENWL | AJ139: =ENWL!AJ$442 -> 0 | AK139: =ENWL!AK$442 -> 0 | AL139: =ENWL!AL$442 -> 0 | AM139: =ENWL!AM$442 -> 0 | AN139: =ENWL!AN$442 -> 0 | AO139: =ENWL!AO$442 -> 0 | AP139: =ENWL!AP$442 -> 0 | AQ139: =ENWL!AQ$442 -> 0
E140: NPgN | AJ140: =NPgN!AJ$442 -> 0 | AK140: =NPgN!AK$442 -> 0 | AL140: =NPgN!AL$442 -> 0 | AM140: =NPgN!AM$442 -> 0 | AN140: =NPgN!AN$442 -> 0 | AO140: =NPgN!AO$442 -> 0 | AP140: =NPgN!AP$442 -> 0 | AQ140: =NPgN!AQ$442 -> 0
E141: NPgY | AJ141: =NPgY!AJ$442 -> 0 | AK141: =NPgY!AK$442 -> 0 | AL141: =NPgY!AL$442 -> 0 | AM141: =NPgY!AM$442 -> 0 | AN141: =NPgY!AN$442 -> 0 | AO141: =NPgY!AO$442 -> 0 | AP141: =NPgY!AP$442 -> 0 | AQ141: =NPgY!AQ$442 -> 0
E142: WMID | AJ142: =WMID!AJ$442 -> 0 | AK142: =WMID!AK$442 -> 0 | AL142: =WMID!AL$442 -> 0 | AM142: =WMID!AM$442 -> 0 | AN142: =WMID!AN$442 -> 0 | AO142: =WMID!AO$442 -> 0 | AP142: =WMID!AP$442 -> 0 | AQ142: =WMID!AQ$442 -> 0
E143: EMID | AJ143: =EMID!AJ$442 -> 0 | AK143: =EMID!AK$442 -> 0 | AL143: =EMID!AL$442 -> 0 | AM143: =EMID!AM$442 -> 0 | AN143: =EMID!AN$442 -> 0 | AO143: =EMID!AO$442 -> 0 | AP143: =EMID!AP$442 -> 0 | AQ143: =EMID!AQ$442 -> 0
E144: SWALES | AJ144: =SWALES!AJ$442 -> 0 | AK144: =SWALES!AK$442 -> 0 | AL144: =SWALES!AL$442 -> 0 | AM144: =SWALES!AM$442 -> 0 | AN144: =SWALES!AN$442 -> 0 | AO144: =SWALES!AO$442 -> 0 | AP144: =SWALES!AP$442 -> 0 | AQ144: =SWALES!AQ$442 -> 0
E145: SWEST | AJ145: =SWEST!AJ$442 -> 0 | AK145: =SWEST!AK$442 -> 0 | AL145: =SWEST!AL$442 -> 0 | AM145: =SWEST!AM$442 -> 0 | AN145: =SWEST!AN$442 -> 0 | AO145: =SWEST!AO$442 -> 0 | AP145: =SWEST!AP$442 -> 0 | AQ145: =SWEST!AQ$442 -> 0
E146: LPN | AJ146: =LPN!AJ$442 -> 0 | AK146: =LPN!AK$442 -> 0 | AL146: =LPN!AL$442 -> 0 | AM146: =LPN!AM$442 -> 0 | AN146: =LPN!AN$442 -> 0 | AO146: =LPN!AO$442 -> 0 | AP146: =LPN!AP$442 -> 0 | AQ146: =LPN!AQ$442 -> 0
E147: SPN | AJ147: =SPN!AJ$442 -> 0 | AK147: =SPN!AK$442 -> 0 | AL147: =SPN!AL$442 -> 0 | AM147: =SPN!AM$442 -> 0 | AN147: =SPN!AN$442 -> 0 | AO147: =SPN!AO$442 -> 0 | AP147: =SPN!AP$442 -> 0 | AQ147: =SPN!AQ$442 -> 0
E148: EPN | AJ148: =EPN!AJ$442 -> 0 | AK148: =EPN!AK$442 -> 0 | AL148: =EPN!AL$442 -> 0 | AM148: =EPN!AM$442 -> 0 | AN148: =EPN!AN$442 -> 0 | AO148: =EPN!AO$442 -> 0 | AP148: =EPN!AP$442 -> 0 | AQ148: =EPN!AQ$442 -> 0
E149: SPD | AJ149: =SPD!AJ$442 -> 0 | AK149: =SPD!AK$442 -> 0 | AL149: =SPD!AL$442 -> 0 | AM149: =SPD!AM$442 -> 0 | AN149: =SPD!AN$442 -> 0 | AO149: =SPD!AO$442 -> 0 | AP149: =SPD!AP$442 -> 0 | AQ149: =SPD!AQ$442 -> 0
E150: SPMW | AJ150: =SPMW!AJ$442 -> 0 | AK150: =SPMW!AK$442 -> 0 | AL150: =SPMW!AL$442 -> 0 | AM150: =SPMW!AM$442 -> 0 | AN150: =SPMW!AN$442 -> 0 | AO150: =SPMW!AO$442 -> 0 | AP150: =SPMW!AP$442 -> 0 | AQ150: =SPMW!AQ$442 -> 0
E151: SSEH | AJ151: =SSEH!AJ$442 -> 0 | AK151: =SSEH!AK$442 -> 0 | AL151: =SSEH!AL$442 -> 0 | AM151: =SSEH!AM$442 -> 0 | AN151: =SSEH!AN$442 -> 0 | AO151: =SSEH!AO$442 -> 0 | AP151: =SSEH!AP$442 -> 0 | AQ151: =SSEH!AQ$442 -> 0
E152: SSES | AJ152: =SSES!AJ$442 -> 0 | AK152: =SSES!AK$442 -> 0 | AL152: =SSES!AL$442 -> 0 | AM152: =SSES!AM$442 -> 0 | AN152: =SSES!AN$442 -> 0 | AO152: =SSES!AO$442 -> 0 | AP152: =SSES!AP$442 -> 0 | AQ152: =SSES!AQ$442 -> 0

Sheet MOD
A1: MOD
B2: =UserInterface!G24 -> SPN | AJ2: Done
E6: Parameter | G6: Units | I6: Constant | AJ6: Annual values
E7: PCFM year ending | I7: =UserInterface!$G$17 -> 42460 | K7: 33328 | L7: 33694 | M7: 34059 | N7: 34424 | O7: 34789 | P7: 35155 | Q7: 35520 | R7: 35885 | S7: 36250 | T7: 36616 | U7: 36981 | V7: 37346 | W7: 37711 | X7: 38077 | Y7: 38442 | Z7: 38807 | AA7: 39172 | AB7: 39538 | AC7: 39903 | AD7: 40268 | AE7: 40633 | AF7: 40999 | AG7: 41364 | AH7: 41729 | AI7: 42094 | AJ7: 42460 | AK7: 42825 | AL7: 43190 | AM7: 43555 | AN7: 43921 | AO7: 44286 | AP7: 44651 | AQ7: 45016
E9: =UserInterface!E17 -> Year t selected: | G9: =UserInterface!G17 -> 42460
E11: =Revenue!E67 -> Final Proposals base revenue | AJ11: =Revenue!AJ67 -> 323.73091 | AK11: =Revenue!AK67 -> 332.40781 | AL11: =Revenue!AL67 -> 341.31505 | AM11: =Revenue!AM67 -> 350.45999 | AN11: =Revenue!AN67 -> 359.81208 | AO11: =Revenue!AO67 -> 369.46987 | AP11: =Revenue!AP67 -> 379.39212 | AQ11: =Revenue!AQ67 -> 389.58314
E12: =Revenue!E68 -> MOD | AK12: =Revenue!AK68 -> 0 | AL12: =Revenue!AL68 -> 0 | AM12: =Revenue!AM68 -> 0 | AN12: =Revenue!AN68 -> 0 | AO12: =Revenue!AO68 -> 0 | AP12: =Revenue!AP68 -> 0 | AQ12: =Revenue!AQ68 -> 0
E13: =Revenue!E69 -> Base revenue | AJ13: =Revenue!AJ69 -> 323.73091 | AK13: =Revenue!AK69 -> 332.40781 | AL13: =Revenue!AL69 -> 341.31505 | AM13: =Revenue!AM69 -> 350.45999 | AN13: =Revenue!AN69 -> 359.81208 | AO13: =Revenue!AO69 -> 369.46987 | AP13: =Revenue!AP69 -> 379.39212 | AQ13: =Revenue!AQ69 -> 389.58314

Sheet Input
A1: Input
B2: =UserInterface!G24 -> SPN | AJ2: Done
E6: Parameter | F6: Licence condition | G6: Units | H6: Term | I6: Constant | AJ6: Annual values
E7: PCFM year ending | F7: =Cover!C3 -> UKPN_PCFM_Model_2014.xlsm | I7: =UserInterface!$G$17 -> 42460 | K7: 33328 | L7: 33694 | M7: 34059 | N7: 34424 | O7: 34789 | P7: 35155 | Q7: 35520 | R7: 35885 | S7: 36250 | T7: 36616 | U7: 36981 | V7: 37346 | W7: 37711 | X7: 38077 | Y7: 38442 | Z7: 38807 | AA7: 39172 | AB7: 39538 | AC7: 39903 | AD7: 40268 | AE7: 40633 | AF7: 40999 | AG7: 41364 | AH7: 41729 | AI7: 42094 | AJ7: 42460 | AK7: 42825 | AL7: 43190 | AM7: 43555 | AN7: 43921 | AO7: 44286 | AP7: 44651 | AQ7: 45016
B9: PCFM Variable Values Table
E11: Allowed percentage cost of corporate debt | F11: CRC3C | G11: annual real % | H11: CDE | AJ11: =CHOOSE(m_identity,ENWL!AJ11, NPgN!AJ11, NPgY!AJ11, WMID!AJ11, EMID!AJ11, SWALES!AJ11, SWEST!AJ11, LPN!AJ11,SPN!AJ11,EPN!AJ11,SPD!AJ11,SPMW!AJ11,SSEH!AJ11,SSES!AJ11) -> 0.0272 | AK11: =CHOOSE(m_identity,ENWL!AK11, NPgN!AK11, NPgY!AK11, WMID!AK11, EMID!AK11, SWALES!AK11, SWEST!AK11, LPN!AK11,SPN!AK11,EPN!AK11,SPD!AK11,SPMW!AK11,SSEH!AK11,SSES!AK11) -> 0.0272 | AL11: =CHOOSE(m_identity,ENWL!AL11, NPgN!AL11, NPgY!AL11, WMID!AL11, EMID!AL11, SWALES!AL11, SWEST!AL11, LPN!AL11,SPN!AL11,EPN!AL11,SPD!AL11,SPMW!AL11,SSEH!AL11,SSES!AL11) -> 0.0272 | AM11: =CHOOSE(m_identity,ENWL!AM11, NPgN!AM11, NPgY!AM11, WMID!AM11, EMID!AM11, SWALES!AM11, SWEST!AM11, LPN!AM11,SPN!AM11,EPN!AM11,SPD!AM11,SPMW!AM11,SSEH!AM11,SSES!AM11) -> 0.0272 | AN11: =CHOOSE(m_identity,ENWL!AN11, NPgN!AN11, NPgY!AN11, WMID!AN11, EMID!AN11, SWALES!AN11, SWEST!AN11, LPN!AN11,SPN!AN11,EPN!AN11,SPD!AN11,SPMW!AN11,SSEH!AN11,SSES!AN11) -> 0.0272 | AO11: =CHOOSE(m_identity,ENWL!AO11, NPgN!AO11, NPgY!AO11, WMID!AO11, EMID!AO11, SWALES!AO11, SWEST!AO11, LPN!AO11,SPN!AO11,EPN!AO11,SPD!AO11,SPMW!AO11,SSEH!AO11,SSES!AO11) -> 0.0272 | AP11: =CHOOSE(m_identity,ENWL!AP11, NPgN!AP11, NPgY!AP11, WMID!AP11, EMID!AP11, SWALES!AP11, SWEST!AP11, LPN!AP11,SPN!AP11,EPN!AP11,SPD!AP11,SPMW!AP11,SSEH!AP11,SSES!AP11) -> 0.0272 | AQ11: =CHOOSE(m_identity,ENWL!AQ11, NPgN!AQ11, NPgY!AQ11, WMID!AQ11, EMID!AQ11, SWALES!AQ11, SWEST!AQ11, LPN!AQ11,SPN!AQ11,EPN!AQ11,SPD!AQ11,SPMW!AQ11,SSEH!AQ11,SSES!AQ11) -> 0.0272
E12: Actual load related capex | F12: CRC3B | G12: £m 12/13 prices | H12: ALC | AJ12: =CHOOSE(m_identity,ENWL!AJ12, NPgN!AJ12, NPgY!AJ12, WMID!AJ12, EMID!AJ12, SWALES!AJ12, SWEST!AJ12, LPN!AJ12,SPN!AJ12,EPN!AJ12,SPD!AJ12,SPMW!AJ12,SSEH!AJ12,SSES!AJ12) -> 0 | AK12: =CHOOSE(m_identity,ENWL!AK12, NPgN!AK12, NPgY!AK12, WMID!AK12, EMID!AK12, SWALES!AK12, SWEST!AK12, LPN!AK12,SPN!AK12,EPN!AK12,SPD!AK12,SPMW!AK12,SSEH!AK12,SSES!AK12) -> 0 | AL12: =CHOOSE(m_identity,ENWL!AL12, NPgN!AL12, NPgY!AL12, WMID!AL12, EMID!AL12, SWALES!AL12, SWEST!AL12, LPN!AL12,SPN!AL12,EPN!AL12,SPD!AL12,SPMW!AL12,SSEH!AL12,SSES!AL12) -> 0 | AM12: =CHOOSE(m_identity,ENWL!AM12, NPgN!AM12, NPgY!AM12, WMID!AM12, EMID!AM12, SWALES!AM12, SWEST!AM12, LPN!AM12,SPN!AM12,EPN!AM12,SPD!AM12,SPMW!AM12,SSEH!AM12,SSES!AM12) -> 0 | AN12: =CHOOSE(m_identity,ENWL!AN12, NPgN!AN12, NPgY!AN12, WMID!AN12, EMID!AN12, SWALES!AN12, SWEST!AN12, LPN!AN12,SPN!AN12,EPN!AN12,SPD!AN12,SPMW!AN12,SSEH!AN12,SSES!AN12) -> 0 | AO12: =CHOOSE(m_identity,ENWL!AO12, NPgN!AO12, NPgY!AO12, WMID!AO12, EMID!AO12, SWALES!AO12, SWEST!AO12, LPN!AO12,SPN!AO12,EPN!AO12,SPD!AO12,SPMW!AO12,SSEH!AO12,SSES!AO12) -> 0 | AP12: =CHOOSE(m_identity,ENWL!AP12, NPgN!AP12, NPgY!AP12, WMID!AP12, EMID!AP12, SWALES!AP12, SWEST!AP12, LPN!AP12,SPN!AP12,EPN!AP12,SPD!AP12,SPMW!AP12,SSEH!AP12,SSES!AP12) -> 0 | AQ12: =CHOOSE(m_identity,ENWL!AQ12, NPgN!AQ12, NPgY!AQ12, WMID!AQ12, EMID!AQ12, SWALES!AQ12, SWEST!AQ12, LPN!AQ12,SPN!AQ12,EPN!AQ12,SPD!AQ12,SPMW!AQ12,SSEH!AQ12,SSES!AQ12) -> 0
E13: Actual non-load related capex - asset replacement | F13: CRC3B | G13: £m 12/13 prices | H13: ARE | AJ13: =CHOOSE(m_identity,ENWL!AJ13, NPgN!AJ13, NPgY!AJ13, WMID!AJ13, EMID!AJ13, SWALES!AJ13, SWEST!AJ13, LPN!AJ13,SPN!AJ13,EPN!AJ13,SPD!AJ13,SPMW!AJ13,SSEH!AJ13,SSES!AJ13) -> 0 | AK13: =CHOOSE(m_identity,ENWL!AK13, NPgN!AK13, NPgY!AK13, WMID!AK13, EMID!AK13, SWALES!AK13, SWEST!AK13, LPN!AK13,SPN!AK13,EPN!AK13,SPD!AK13,SPMW!AK13,SSEH!AK13,SSES!AK13) -> 0 | AL13: =CHOOSE(m_identity,ENWL!AL13, NPgN!AL13, NPgY!AL13, WMID!AL13, EMID!AL13, SWALES!AL13, SWEST!AL13, LPN!AL13,SPN!AL13,EPN!AL13,SPD!AL13,SPMW!AL13,SSEH!AL13,SSES!AL13) -> 0 | AM13: =CHOOSE(m_identity,ENWL!AM13, NPgN!AM13, NPgY!AM13, WMID!AM13, EMID!AM13, SWALES!AM13, SWEST!AM13, LPN!AM13,SPN!AM13,EPN!AM13,SPD!AM13,SPMW!AM13,SSEH!AM13,SSES!AM13) -> 0 | AN13: =CHOOSE(m_identity,ENWL!AN13, NPgN!AN13, NPgY!AN13, WMID!AN13, EMID!AN13, SWALES!AN13, SWEST!AN13, LPN!AN13,SPN!AN13,EPN!AN13,SPD!AN13,SPMW!AN13,SSEH!AN13,SSES!AN13) -> 0 | AO13: =CHOOSE(m_identity,ENWL!AO13, NPgN!AO13, NPgY!AO13, WMID!AO13, EMID!AO13, SWALES!AO13, SWEST!AO13, LPN!AO13,SPN!AO13,EPN!AO13,SPD!AO13,SPMW!AO13,SSEH!AO13,SSES!AO13) -> 0 | AP13: =CHOOSE(m_identity,ENWL!AP13, NPgN!AP13, NPgY!AP13, WMID!AP13, EMID!AP13, SWALES!AP13, SWEST!AP13, LPN!AP13,SPN!AP13,EPN!AP13,SPD!AP13,SPMW!AP13,SSEH!AP13,SSES!AP13) -> 0 | AQ13: =CHOOSE(m_identity,ENWL!AQ13, NPgN!AQ13, NPgY!AQ13, WMID!AQ13, EMID!AQ13, SWALES!AQ13, SWEST!AQ13, LPN!AQ13,SPN!AQ13,EPN!AQ13,SPD!AQ13,SPMW!AQ13,SSEH!AQ13,SSES!AQ13) -> 0
E14: Actual non-load related capex - other | F14: CRC3B | G14: £m 12/13 prices | H14: AOC | AJ14: =CHOOSE(m_identity,ENWL!AJ14, NPgN!AJ14, NPgY!AJ14, WMID!AJ14, EMID!AJ14, SWALES!AJ14, SWEST!AJ14, LPN!AJ14,SPN!AJ14,EPN!AJ14,SPD!AJ14,SPMW!AJ14,SSEH!AJ14,SSES!AJ14) -> 0 | AK14: =CHOOSE(m_identity,ENWL!AK14, NPgN!AK14, NPgY!AK14, WMID!AK14, EMID!AK14, SWALES!AK14, SWEST!AK14, LPN!AK14,SPN!AK14,EPN!AK14,SPD!AK14,SPMW!AK14,SSEH!AK14,SSES!AK14) -> 0 | AL14: =CHOOSE(m_identity,ENWL!AL14, NPgN!AL14, NPgY!AL14, WMID!AL14, EMID!AL14, SWALES!AL14, SWEST!AL14, LPN!AL14,SPN!AL14,EPN!AL14,SPD!AL14,SPMW!AL14,SSEH!AL14,SSES!AL14) -> 0 | AM14: =CHOOSE(m_identity,ENWL!AM14, NPgN!AM14, NPgY!AM14, WMID!AM14, EMID!AM14, SWALES!AM14, SWEST!AM14, LPN!AM14,SPN!AM14,EPN!AM14,SPD!AM14,SPMW!AM14,SSEH!AM14,SSES!AM14) -> 0 | AN14: =CHOOSE(m_identity,ENWL!AN14, NPgN!AN14, NPgY!AN14, WMID!AN14, EMID!AN14, SWALES!AN14, SWEST!AN14, LPN!AN14,SPN!AN14,EPN!AN14,SPD!AN14,SPMW!AN14,SSEH!AN14,SSES!AN14) -> 0 | AO14: =CHOOSE(m_identity,ENWL!AO14, NPgN!AO14, NPgY!AO14, WMID!AO14, EMID!AO14, SWALES!AO14, SWEST!AO14, LPN!AO14,SPN!AO14,EPN!AO14,SPD!AO14,SPMW!AO14,SSEH!AO14,SSES!AO14) -> 0 | AP14: =CHOOSE(m_identity,ENWL!AP14, NPgN!AP14, NPgY!AP14, WMID!AP14, EMID!AP14, SWALES!AP14, SWEST!AP14, LPN!AP14,SPN!AP14,EPN!AP14,SPD!AP14,SPMW!AP14,SSEH!AP14,SSES!AP14) -> 0 | AQ14: =CHOOSE(m_identity,ENWL!AQ14, NPgN!AQ14, NPgY!AQ14, WMID!AQ14, EMID!AQ14, SWALES!AQ14, SWEST!AQ14, LPN!AQ14,SPN!AQ14,EPN!AQ14,SPD!AQ14,SPMW!AQ14,SSEH!AQ14,SSES!AQ14) -> 0
E15: Actual faults | F15: CRC3B | G15: £m 12/13 prices | H15: AFE | AJ15: =CHOOSE(m_identity,ENWL!AJ15, NPgN!AJ15, NPgY!AJ15, WMID!AJ15, EMID!AJ15, SWALES!AJ15, SWEST!AJ15, LPN!AJ15,SPN!AJ15,EPN!AJ15,SPD!AJ15,SPMW!AJ15,SSEH!AJ15,SSES!AJ15) -> 0 | AK15: =CHOOSE(m_identity,ENWL!AK15, NPgN!AK15, NPgY!AK15, WMID!AK15, EMID!AK15, SWALES!AK15, SWEST!AK15, LPN!AK15,SPN!AK15,EPN!AK15,SPD!AK15,SPMW!AK15,SSEH!AK15,SSES!AK15) -> 0 | AL15: =CHOOSE(m_identity,ENWL!AL15, NPgN!AL15, NPgY!AL15, WMID!AL15, EMID!AL15, SWALES!AL15, SWEST!AL15, LPN!AL15,SPN!AL15,EPN!AL15,SPD!AL15,SPMW!AL15,SSEH!AL15,SSES!AL15) -> 0 | AM15: =CHOOSE(m_identity,ENWL!AM15, NPgN!AM15, NPgY!AM15, WMID!AM15, EMID!AM15, SWALES!AM15, SWEST!AM15, LPN!AM15,SPN!AM15,EPN!AM15,SPD!AM15,SPMW!AM15,SSEH!AM15,SSES!AM15) -> 0 | AN15: =CHOOSE(m_identity,ENWL!AN15, NPgN!AN15, NPgY!AN15, WMID!AN15, EMID!AN15, SWALES!AN15, SWEST!AN15, LPN!AN15,SPN!AN15,EPN!AN15,SPD!AN15,SPMW!AN15,SSEH!AN15,SSES!AN15) -> 0 | AO15: =CHOOSE(m_identity,ENWL!AO15, NPgN!AO15, NPgY!AO15, WMID!AO15, EMID!AO15, SWALES!AO15, SWEST!AO15, LPN!AO15,SPN!AO15,EPN!AO15,SPD!AO15,SPMW!AO15,SSEH!AO15,SSES!AO15) -> 0 | AP15: =CHOOSE(m_identity,ENWL!AP15, NPgN!AP15, NPgY!AP15, WMID!AP15, EMID!AP15, SWALES!AP15, SWEST!AP15, LPN!AP15,SPN!AP15,EPN!AP15,SPD!AP15,SPMW!AP15,SSEH!AP15,SSES!AP15) -> 0 | AQ15: =CHOOSE(m_identity,ENWL!AQ15, NPgN!AQ15, NPgY!AQ15, WMID!AQ15, EMID!AQ15, SWALES!AQ15, SWEST!AQ15, LPN!AQ15,SPN!AQ15,EPN!AQ15,SPD!AQ15,SPMW!AQ15,SSEH!AQ15,SSES!AQ15) -> 0
E16: Actual tree cutting | AJ16: =CHOOSE(m_identity,ENWL!AJ16, NPgN!AJ16, NPgY!AJ16, WMID!AJ16, EMID!AJ16, SWALES!AJ16, SWEST!AJ16, LPN!AJ16,SPN!AJ16,EPN!AJ16,SPD!AJ16,SPMW!AJ16,SSEH!AJ16,SSES!AJ16) -> 0 | AK16: =CHOOSE(m_identity,ENWL!AK16, NPgN!AK16, NPgY!AK16, WMID!AK16, EMID!AK16, SWALES!AK16, SWEST!AK16, LPN!AK16,SPN!AK16,EPN!AK16,SPD!AK16,SPMW!AK16,SSEH!AK16,SSES!AK16) -> 0 | AL16: =CHOOSE(m_identity,ENWL!AL16, NPgN!AL16, NPgY!AL16, WMID!AL16, EMID!AL16, SWALES!AL16, SWEST!AL16, LPN!AL16,SPN!AL16,EPN!AL16,SPD!AL16,SPMW!AL16,SSEH!AL16,SSES!AL16) -> 0 | AM16: =CHOOSE(m_identity,ENWL!AM16, NPgN!AM16, NPgY!AM16, WMID!AM16, EMID!AM16, SWALES!AM16, SWEST!AM16, LPN!AM16,SPN!AM16,EPN!AM16,SPD!AM16,SPMW!AM16,SSEH!AM16,SSES!AM16) -> 0 | AN16: =CHOOSE(m_identity,ENWL!AN16, NPgN!AN16, NPgY!AN16, WMID!AN16, EMID!AN16, SWALES!AN16, SWEST!AN16, LPN!AN16,SPN!AN16,EPN!AN16,SPD!AN16,SPMW!AN16,SSEH!AN16,SSES!AN16) -> 0 | AO16: =CHOOSE(m_identity,ENWL!AO16, NPgN!AO16, NPgY!AO16, WMID!AO16, EMID!AO16, SWALES!AO16, SWEST!AO16, LPN!AO16,SPN!AO16,EPN!AO16,SPD!AO16,SPMW!AO16,SSEH!AO16,SSES!AO16) -> 0 | AP16: =CHOOSE(m_identity,ENWL!AP16, NPgN!AP16, NPgY!AP16, WMID!AP16, EMID!AP16, SWALES!AP16, SWEST!AP16, LPN!AP16,SPN!AP16,EPN!AP16,SPD!AP16,SPMW!AP16,SSEH!AP16,SSES!AP16) -> 0 | AQ16: =CHOOSE(m_identity,ENWL!AQ16, NPgN!AQ16, NPgY!AQ16, WMID!AQ16, EMID!AQ16, SWALES!AQ16, SWEST!AQ16, LPN!AQ16,SPN!AQ16,EPN!AQ16,SPD!AQ16,SPMW!AQ16,SSEH!AQ16,SSES!AQ16) -> 0
E17: Actual 100% ‘revenue pool’ expenditure | F17: CRC3B | G17: £m 12/13 prices | H17: ATC | AJ17: =CHOOSE(m_identity,ENWL!AJ17, NPgN!AJ17, NPgY!AJ17, WMID!AJ17, EMID!AJ17, SWALES!AJ17, SWEST!AJ17, LPN!AJ17,SPN!AJ17,EPN!AJ17,SPD!AJ17,SPMW!AJ17,SSEH!AJ17,SSES!AJ17) -> 0 | AK17: =CHOOSE(m_identity,ENWL!AK17, NPgN!AK17, NPgY!AK17, WMID!AK17, EMID!AK17, SWALES!AK17, SWEST!AK17, LPN!AK17,SPN!AK17,EPN!AK17,SPD!AK17,SPMW!AK17,SSEH!AK17,SSES!AK17) -> 0 | AL17: =CHOOSE(m_identity,ENWL!AL17, NPgN!AL17, NPgY!AL17, WMID!AL17, EMID!AL17, SWALES!AL17, SWEST!AL17, LPN!AL17,SPN!AL17,EPN!AL17,SPD!AL17,SPMW!AL17,SSEH!AL17,SSES!AL17) -> 0 | AM17: =CHOOSE(m_identity,ENWL!AM17, NPgN!AM17, NPgY!AM17, WMID!AM17, EMID!AM17, SWALES!AM17, SWEST!AM17, LPN!AM17,SPN!AM17,EPN!AM17,SPD!AM17,SPMW!AM17,SSEH!AM17,SSES!AM17) -> 0 | AN17: =CHOOSE(m_identity,ENWL!AN17, NPgN!AN17, NPgY!AN17, WMID!AN17, EMID!AN17, SWALES!AN17, SWEST!AN17, LPN!AN17,SPN!AN17,EPN!AN17,SPD!AN17,SPMW!AN17,SSEH!AN17,SSES!AN17) -> 0 | AO17: =CHOOSE(m_identity,ENWL!AO17, NPgN!AO17, NPgY!AO17, WMID!AO17, EMID!AO17, SWALES!AO17, SWEST!AO17, LPN!AO17,SPN!AO17,EPN!AO17,SPD!AO17,SPMW!AO17,SSEH!AO17,SSES!AO17) -> 0 | AP17: =CHOOSE(m_identity,ENWL!AP17, NPgN!AP17, NPgY!AP17, WMID!AP17, EMID!AP17, SWALES!AP17, SWEST!AP17, LPN!AP17,SPN!AP17,EPN!AP17,SPD!AP17,SPMW!AP17,SSEH!AP17,SSES!AP17) -> 0 | AQ17: =CHOOSE(m_identity,ENWL!AQ17, NPgN!AQ17, NPgY!AQ17, WMID!AQ17, EMID!AQ17, SWALES!AQ17, SWEST!AQ17, LPN!AQ17,SPN!AQ17,EPN!AQ17,SPD!AQ17,SPMW!AQ17,SSEH!AQ17,SSES!AQ17) -> 0
E18: Actual controllable opex | F18: CRC3B | G18: £m 12/13 prices | H18: ACONO | AJ18: =CHOOSE(m_identity,ENWL!AJ18, NPgN!AJ18, NPgY!AJ18, WMID!AJ18, EMID!AJ18, SWALES!AJ18, SWEST!AJ18, LPN!AJ18,SPN!AJ18,EPN!AJ18,SPD!AJ18,SPMW!AJ18,SSEH!AJ18,SSES!AJ18) -> 0 | AK18: =CHOOSE(m_identity,ENWL!AK18, NPgN!AK18, NPgY!AK18, WMID!AK18, EMID!AK18, SWALES!AK18, SWEST!AK18, LPN!AK18,SPN!AK18,EPN!AK18,SPD!AK18,SPMW!AK18,SSEH!AK18,SSES!AK18) -> 0 | AL18: =CHOOSE(m_identity,ENWL!AL18, NPgN!AL18, NPgY!AL18, WMID!AL18, EMID!AL18, SWALES!AL18, SWEST!AL18, LPN!AL18,SPN!AL18,EPN!AL18,SPD!AL18,SPMW!AL18,SSEH!AL18,SSES!AL18) -> 0 | AM18: =CHOOSE(m_identity,ENWL!AM18, NPgN!AM18, NPgY!AM18, WMID!AM18, EMID!AM18, SWALES!AM18, SWEST!AM18, LPN!AM18,SPN!AM18,EPN!AM18,SPD!AM18,SPMW!AM18,SSEH!AM18,SSES!AM18) -> 0 | AN18: =CHOOSE(m_identity,ENWL!AN18, NPgN!AN18, NPgY!AN18, WMID!AN18, EMID!AN18, SWALES!AN18, SWEST!AN18, LPN!AN18,SPN!AN18,EPN!AN18,SPD!AN18,SPMW!AN18,SSEH!AN18,SSES!AN18) -> 0 | AO18: =CHOOSE(m_identity,ENWL!AO18, NPgN!AO18, NPgY!AO18, WMID!AO18, EMID!AO18, SWALES!AO18, SWEST!AO18, LPN!AO18,SPN!AO18,EPN!AO18,SPD!AO18,SPMW!AO18,SSEH!AO18,SSES!AO18) -> 0 | AP18: =CHOOSE(m_identity,ENWL!AP18, NPgN!AP18, NPgY!AP18, WMID!AP18, EMID!AP18, SWALES!AP18, SWEST!AP18, LPN!AP18,SPN!AP18,EPN!AP18,SPD!AP18,SPMW!AP18,SSEH!AP18,SSES!AP18) -> 0 | AQ18: =CHOOSE(m_identity,ENWL!AQ18, NPgN!AQ18, NPgY!AQ18, WMID!AQ18, EMID!AQ18, SWALES!AQ18, SWEST!AQ18, LPN!AQ18,SPN!AQ18,EPN!AQ18,SPD!AQ18,SPMW!AQ18,SSEH!AQ18,SSES!AQ18) -> 0
E19: Allowed Expenditure - Enhanced Physical Site Security | F19: CRC3F | G19: £m 12/13 prices | H19: UCEPD | AJ19: =CHOOSE(m_identity,ENWL!AJ19, NPgN!AJ19, NPgY!AJ19, WMID!AJ19, EMID!AJ19, SWALES!AJ19, SWEST!AJ19, LPN!AJ19,SPN!AJ19,EPN!AJ19,SPD!AJ19,SPMW!AJ19,SSEH!AJ19,SSES!AJ19) -> 2.5152615 | AK19: =CHOOSE(m_identity,ENWL!AK19, NPgN!AK19, NPgY!AK19, WMID!AK19, EMID!AK19, SWALES!AK19, SWEST!AK19, LPN!AK19,SPN!AK19,EPN!AK19,SPD!AK19,SPMW!AK19,SSEH!AK19,SSES!AK19) -> 0 | AL19: =CHOOSE(m_identity,ENWL!AL19, NPgN!AL19, NPgY!AL19, WMID!AL19, EMID!AL19, SWALES!AL19, SWEST!AL19, LPN!AL19,SPN!AL19,EPN!AL19,SPD!AL19,SPMW!AL19,SSEH!AL19,SSES!AL19) -> 0 | AM19: =CHOOSE(m_identity,ENWL!AM19, NPgN!AM19, NPgY!AM19, WMID!AM19, EMID!AM19, SWALES!AM19, SWEST!AM19, LPN!AM19,SPN!AM19,EPN!AM19,SPD!AM19,SPMW!AM19,SSEH!AM19,SSES!AM19) -> 2.5860497 | AN19: =CHOOSE(m_identity,ENWL!AN19, NPgN!AN19, NPgY!AN19, WMID!AN19, EMID!AN19, SWALES!AN19, SWEST!AN19, LPN!AN19,SPN!AN19,EPN!AN19,SPD!AN19,SPMW!AN19,SSEH!AN19,SSES!AN19) -> 3.1323097 | AO19: =CHOOSE(m_identity,ENWL!AO19, NPgN!AO19, NPgY!AO19, WMID!AO19, EMID!AO19, SWALES!AO19, SWEST!AO19, LPN!AO19,SPN!AO19,EPN!AO19,SPD!AO19,SPMW!AO19,SSEH!AO19,SSES!AO19) -> 1.0539114 | AP19: =CHOOSE(m_identity,ENWL!AP19, NPgN!AP19, NPgY!AP19, WMID!AP19, EMID!AP19, SWALES!AP19, SWEST!AP19, LPN!AP19,SPN!AP19,EPN!AP19,SPD!AP19,SPMW!AP19,SSEH!AP19,SSES!AP19) -> 0 | AQ19: =CHOOSE(m_identity,ENWL!AQ19, NPgN!AQ19, NPgY!AQ19, WMID!AQ19, EMID!AQ19, SWALES!AQ19, SWEST!AQ19, LPN!AQ19,SPN!AQ19,EPN!AQ19,SPD!AQ19,SPMW!AQ19,SSEH!AQ19,SSES!AQ19) -> 0
E20: Allowed Expenditure - High Value Projects | F20: CRC3F | G20: £m 12/13 prices | H20: UCHVP | AJ20: =CHOOSE(m_identity,ENWL!AJ20, NPgN!AJ20, NPgY!AJ20, WMID!AJ20, EMID!AJ20, SWALES!AJ20, SWEST!AJ20, LPN!AJ20,SPN!AJ20,EPN!AJ20,SPD!AJ20,SPMW!AJ20,SSEH!AJ20,SSES!AJ20) -> 5.201285 | AK20: =CHOOSE(m_identity,ENWL!AK20, NPgN!AK20, NPgY!AK20, WMID!AK20, EMID!AK20, SWALES!AK20, SWEST!AK20, LPN!AK20,SPN!AK20,EPN!AK20,SPD!AK20,SPMW!AK20,SSEH!AK20,SSES!AK20) -> 6.3715574 | AL20: =CHOOSE(m_identity,ENWL!AL20, NPgN!AL20, NPgY!AL20, WMID!AL20, EMID!AL20, SWALES!AL20, SWEST!AL20, LPN!AL20,SPN!AL20,EPN!AL20,SPD!AL20,SPMW!AL20,SSEH!AL20,SSES!AL20) -> 6.354772 | AM20: =CHOOSE(m_identity,ENWL!AM20, NPgN!AM20, NPgY!AM20, WMID!AM20, EMID!AM20, SWALES!AM20, SWEST!AM20, LPN!AM20,SPN!AM20,EPN!AM20,SPD!AM20,SPMW!AM20,SSEH!AM20,SSES!AM20) -> 5.9505841 | AN20: =CHOOSE(m_identity,ENWL!AN20, NPgN!AN20, NPgY!AN20, WMID!AN20, EMID!AN20, SWALES!AN20, SWEST!AN20, LPN!AN20,SPN!AN20,EPN!AN20,SPD!AN20,SPMW!AN20,SSEH!AN20,SSES!AN20) -> 4.9613311 | AO20: =CHOOSE(m_identity,ENWL!AO20, NPgN!AO20, NPgY!AO20, WMID!AO20, EMID!AO20, SWALES!AO20, SWEST!AO20, LPN!AO20,SPN!AO20,EPN!AO20,SPD!AO20,SPMW!AO20,SSEH!AO20,SSES!AO20) -> 2.9872918 | AP20: =CHOOSE(m_identity,ENWL!AP20, NPgN!AP20, NPgY!AP20, WMID!AP20, EMID!AP20, SWALES!AP20, SWEST!AP20, LPN!AP20,SPN!AP20,EPN!AP20,SPD!AP20,SPMW!AP20,SSEH!AP20,SSES!AP20) -> 0 | AQ20: =CHOOSE(m_identity,ENWL!AQ20, NPgN!AQ20, NPgY!AQ20, WMID!AQ20, EMID!AQ20, SWALES!AQ20, SWEST!AQ20, LPN!AQ20,SPN!AQ20,EPN!AQ20,SPD!AQ20,SPMW!AQ20,SSEH!AQ20,SSES!AQ20) -> 0
E21: Allowed Expenditure - Visual Amenity Allowed (TIM neutral) | F21: CRC3I | G21: £m 12/13 prices | H21: VAA | AJ21: =CHOOSE(m_identity,ENWL!AJ21, NPgN!AJ21, NPgY!AJ21, WMID!AJ21, EMID!AJ21, SWALES!AJ21, SWEST!AJ21, LPN!AJ21,SPN!AJ21,EPN!AJ21,SPD!AJ21,SPMW!AJ21,SSEH!AJ21,SSES!AJ21) -> 0 | AK21: =CHOOSE(m_identity,ENWL!AK21, NPgN!AK21, NPgY!AK21, WMID!AK21, EMID!AK21, SWALES!AK21, SWEST!AK21, LPN!AK21,SPN!AK21,EPN!AK21,SPD!AK21,SPMW!AK21,SSEH!AK21,SSES!AK21) -> 0 | AL21: =CHOOSE(m_identity,ENWL!AL21, NPgN!AL21, NPgY!AL21, WMID!AL21, EMID!AL21, SWALES!AL21, SWEST!AL21, LPN!AL21,SPN!AL21,EPN!AL21,SPD!AL21,SPMW!AL21,SSEH!AL21,SSES!AL21) -> 0 | AM21: =CHOOSE(m_identity,ENWL!AM21, NPgN!AM21, NPgY!AM21, WMID!AM21, EMID!AM21, SWALES!AM21, SWEST!AM21, LPN!AM21,SPN!AM21,EPN!AM21,SPD!AM21,SPMW!AM21,SSEH!AM21,SSES!AM21) -> 0 | AN21: =CHOOSE(m_identity,ENWL!AN21, NPgN!AN21, NPgY!AN21, WMID!AN21, EMID!AN21, SWALES!AN21, SWEST!AN21, LPN!AN21,SPN!AN21,EPN!AN21,SPD!AN21,SPMW!AN21,SSEH!AN21,SSES!AN21) -> 0 | AO21: =CHOOSE(m_identity,ENWL!AO21, NPgN!AO21, NPgY!AO21, WMID!AO21, EMID!AO21, SWALES!AO21, SWEST!AO21, LPN!AO21,SPN!AO21,EPN!AO21,SPD!AO21,SPMW!AO21,SSEH!AO21,SSES!AO21) -> 0 | AP21: =CHOOSE(m_identity,ENWL!AP21, NPgN!AP21, NPgY!AP21, WMID!AP21, EMID!AP21, SWALES!AP21, SWEST!AP21, LPN!AP21,SPN!AP21,EPN!AP21,SPD!AP21,SPMW!AP21,SSEH!AP21,SSES!AP21) -> 0 | AQ21: =CHOOSE(m_identity,ENWL!AQ21, NPgN!AQ21, NPgY!AQ21, WMID!AQ21, EMID!AQ21, SWALES!AQ21, SWEST!AQ21, LPN!AQ21,SPN!AQ21,EPN!AQ21,SPD!AQ21,SPMW!AQ21,SSEH!AQ21,SSES!AQ21) -> 0
E22: Allowed Expenditure - Worst Served Customers Allowed (TIM neutral) | F22: CRC3H | G22: £m 12/13 prices | H22: WSCC | AJ22: =CHOOSE(m_identity,ENWL!AJ22, NPgN!AJ22, NPgY!AJ22, WMID!AJ22, EMID!AJ22, SWALES!AJ22, SWEST!AJ22, LPN!AJ22,SPN!AJ22,EPN!AJ22,SPD!AJ22,SPMW!AJ22,SSEH!AJ22,SSES!AJ22) -> 0 | AK22: =CHOOSE(m_identity,ENWL!AK22, NPgN!AK22, NPgY!AK22, WMID!AK22, EMID!AK22, SWALES!AK22, SWEST!AK22, LPN!AK22,SPN!AK22,EPN!AK22,SPD!AK22,SPMW!AK22,SSEH!AK22,SSES!AK22) -> 0 | AL22: =CHOOSE(m_identity,ENWL!AL22, NPgN!AL22, NPgY!AL22, WMID!AL22, EMID!AL22, SWALES!AL22, SWEST!AL22, LPN!AL22,SPN!AL22,EPN!AL22,SPD!AL22,SPMW!AL22,SSEH!AL22,SSES!AL22) -> 0 | AM22: =CHOOSE(m_identity,ENWL!AM22, NPgN!AM22, NPgY!AM22, WMID!AM22, EMID!AM22, SWALES!AM22, SWEST!AM22, LPN!AM22,SPN!AM22,EPN!AM22,SPD!AM22,SPMW!AM22,SSEH!AM22,SSES!AM22) -> 0 | AN22: =CHOOSE(m_identity,ENWL!AN22, NPgN!AN22, NPgY!AN22, WMID!AN22, EMID!AN22, SWALES!AN22, SWEST!AN22, LPN!AN22,SPN!AN22,EPN!AN22,SPD!AN22,SPMW!AN22,SSEH!AN22,SSES!AN22) -> 0 | AO22: =CHOOSE(m_identity,ENWL!AO22, NPgN!AO22, NPgY!AO22, WMID!AO22, EMID!AO22, SWALES!AO22, SWEST!AO22, LPN!AO22,SPN!AO22,EPN!AO22,SPD!AO22,SPMW!AO22,SSEH!AO22,SSES!AO22) -> 0 | AP22: =CHOOSE(m_identity,ENWL!AP22, NPgN!AP22, NPgY!AP22, WMID!AP22, EMID!AP22, SWALES!AP22, SWEST!AP22, LPN!AP22,SPN!AP22,EPN!AP22,SPD!AP22,SPMW!AP22,SSEH!AP22,SSES!AP22) -> 0 | AQ22: =CHOOSE(m_identity,ENWL!AQ22, NPgN!AQ22, NPgY!AQ22, WMID!AQ22, EMID!AQ22, SWALES!AQ22, SWEST!AQ22, LPN!AQ22,SPN!AQ22,EPN!AQ22,SPD!AQ22,SPMW!AQ22,SSEH!AQ22,SSES!AQ22) -> 0
E23: Allowed Expenditure - Smart Meter Allowed Expenditure | F23: CRC3E | G23: £m 12/13 prices | H23: SAME | AJ23: =CHOOSE(m_identity,ENWL!AJ23, NPgN!AJ23, NPgY!AJ23, WMID!AJ23, EMID!AJ23, SWALES!AJ23, SWEST!AJ23, LPN!AJ23,SPN!AJ23,EPN!AJ23,SPD!AJ23,SPMW!AJ23,SSEH!AJ23,SSES!AJ23) -> 1.2141391 | AK23: =CHOOSE(m_identity,ENWL!AK23, NPgN!AK23, NPgY!AK23, WMID!AK23, EMID!AK23, SWALES!AK23, SWEST!AK23, LPN!AK23,SPN!AK23,EPN!AK23,SPD!AK23,SPMW!AK23,SSEH!AK23,SSES!AK23) -> 2.0573284 | AL23: =CHOOSE(m_identity,ENWL!AL23, NPgN!AL23, NPgY!AL23, WMID!AL23, EMID!AL23, SWALES!AL23, SWEST!AL23, LPN!AL23,SPN!AL23,EPN!AL23,SPD!AL23,SPMW!AL23,SSEH!AL23,SSES!AL23) -> 2.6669305 | AM23: =CHOOSE(m_identity,ENWL!AM23, NPgN!AM23, NPgY!AM23, WMID!AM23, EMID!AM23, SWALES!AM23, SWEST!AM23, LPN!AM23,SPN!AM23,EPN!AM23,SPD!AM23,SPMW!AM23,SSEH!AM23,SSES!AM23) -> 2.950572 | AN23: =CHOOSE(m_identity,ENWL!AN23, NPgN!AN23, NPgY!AN23, WMID!AN23, EMID!AN23, SWALES!AN23, SWEST!AN23, LPN!AN23,SPN!AN23,EPN!AN23,SPD!AN23,SPMW!AN23,SSEH!AN23,SSES!AN23) -> 2.9554379 | AO23: =CHOOSE(m_identity,ENWL!AO23, NPgN!AO23, NPgY!AO23, WMID!AO23, EMID!AO23, SWALES!AO23, SWEST!AO23, LPN!AO23,SPN!AO23,EPN!AO23,SPD!AO23,SPMW!AO23,SSEH!AO23,SSES!AO23) -> 2.1746193 | AP23: =CHOOSE(m_identity,ENWL!AP23, NPgN!AP23, NPgY!AP23, WMID!AP23, EMID!AP23, SWALES!AP23, SWEST!AP23, LPN!AP23,SPN!AP23,EPN!AP23,SPD!AP23,SPMW!AP23,SSEH!AP23,SSES!AP23) -> 0 | AQ23: =CHOOSE(m_identity,ENWL!AQ23, NPgN!AQ23, NPgY!AQ23, WMID!AQ23, EMID!AQ23, SWALES!AQ23, SWEST!AQ23, LPN!AQ23,SPN!AQ23,EPN!AQ23,SPD!AQ23,SPMW!AQ23,SSEH!AQ23,SSES!AQ23) -> 0
E24: Allowed Expenditure - Specified Street Works | F24: CRC3F | G24: £m 12/13 prices | H24: UCSSW | AJ24: =CHOOSE(m_identity,ENWL!AJ24, NPgN!AJ24, NPgY!AJ24, WMID!AJ24, EMID!AJ24, SWALES!AJ24, SWEST!AJ24, LPN!AJ24,SPN!AJ24,EPN!AJ24,SPD!AJ24,SPMW!AJ24,SSEH!AJ24,SSES!AJ24) -> 0 | AK24: =CHOOSE(m_identity,ENWL!AK24, NPgN!AK24, NPgY!AK24, WMID!AK24, EMID!AK24, SWALES!AK24, SWEST!AK24, LPN!AK24,SPN!AK24,EPN!AK24,SPD!AK24,SPMW!AK24,SSEH!AK24,SSES!AK24) -> 0 | AL24: =CHOOSE(m_identity,ENWL!AL24, NPgN!AL24, NPgY!AL24, WMID!AL24, EMID!AL24, SWALES!AL24, SWEST!AL24, LPN!AL24,SPN!AL24,EPN!AL24,SPD!AL24,SPMW!AL24,SSEH!AL24,SSES!AL24) -> 0 | AM24: =CHOOSE(m_identity,ENWL!AM24, NPgN!AM24, NPgY!AM24, WMID!AM24, EMID!AM24, SWALES!AM24, SWEST!AM24, LPN!AM24,SPN!AM24,EPN!AM24,SPD!AM24,SPMW!AM24,SSEH!AM24,SSES!AM24) -> 0 | AN24: =CHOOSE(m_identity,ENWL!AN24, NPgN!AN24, NPgY!AN24, WMID!AN24, EMID!AN24, SWALES!AN24, SWEST!AN24, LPN!AN24,SPN!AN24,EPN!AN24,SPD!AN24,SPMW!AN24,SSEH!AN24,SSES!AN24) -> 0 | AO24: =CHOOSE(m_identity,ENWL!AO24, NPgN!AO24, NPgY!AO24, WMID!AO24, EMID!AO24, SWALES!AO24, SWEST!AO24, LPN!AO24,SPN!AO24,EPN!AO24,SPD!AO24,SPMW!AO24,SSEH!AO24,SSES!AO24) -> 0 | AP24: =CHOOSE(m_identity,ENWL!AP24, NPgN!AP24, NPgY!AP24, WMID!AP24, EMID!AP24, SWALES!AP24, SWEST!AP24, LPN!AP24,SPN!AP24,EPN!AP24,SPD!AP24,SPMW!AP24,SSEH!AP24,SSES!AP24) -> 0 | AQ24: =CHOOSE(m_identity,ENWL!AQ24, NPgN!AQ24, NPgY!AQ24, WMID!AQ24, EMID!AQ24, SWALES!AQ24, SWEST!AQ24, LPN!AQ24,SPN!AQ24,EPN!AQ24,SPD!AQ24,SPMW!AQ24,SSEH!AQ24,SSES!AQ24) -> 0
E25: Allowed Expenditure - Load Related | F25: CRC3G | G25: £m 12/13 prices | H25: LRRC | AJ25: =CHOOSE(m_identity,ENWL!AJ25, NPgN!AJ25, NPgY!AJ25, WMID!AJ25, EMID!AJ25, SWALES!AJ25, SWEST!AJ25, LPN!AJ25,SPN!AJ25,EPN!AJ25,SPD!AJ25,SPMW!AJ25,SSEH!AJ25,SSES!AJ25) -> 27.004944 | AK25: =CHOOSE(m_identity,ENWL!AK25, NPgN!AK25, NPgY!AK25, WMID!AK25, EMID!AK25, SWALES!AK25, SWEST!AK25, LPN!AK25,SPN!AK25,EPN!AK25,SPD!AK25,SPMW!AK25,SSEH!AK25,SSES!AK25) -> 35.561534 | AL25: =CHOOSE(m_identity,ENWL!AL25, NPgN!AL25, NPgY!AL25, WMID!AL25, EMID!AL25, SWALES!AL25, SWEST!AL25, LPN!AL25,SPN!AL25,EPN!AL25,SPD!AL25,SPMW!AL25,SSEH!AL25,SSES!AL25) -> 36.979247 | AM25: =CHOOSE(m_identity,ENWL!AM25, NPgN!AM25, NPgY!AM25, WMID!AM25, EMID!AM25, SWALES!AM25, SWEST!AM25, LPN!AM25,SPN!AM25,EPN!AM25,SPD!AM25,SPMW!AM25,SSEH!AM25,SSES!AM25) -> 27.410153 | AN25: =CHOOSE(m_identity,ENWL!AN25, NPgN!AN25, NPgY!AN25, WMID!AN25, EMID!AN25, SWALES!AN25, SWEST!AN25, LPN!AN25,SPN!AN25,EPN!AN25,SPD!AN25,SPMW!AN25,SSEH!AN25,SSES!AN25) -> 22.557307 | AO25: =CHOOSE(m_identity,ENWL!AO25, NPgN!AO25, NPgY!AO25, WMID!AO25, EMID!AO25, SWALES!AO25, SWEST!AO25, LPN!AO25,SPN!AO25,EPN!AO25,SPD!AO25,SPMW!AO25,SSEH!AO25,SSES!AO25) -> 22.496903 | AP25: =CHOOSE(m_identity,ENWL!AP25, NPgN!AP25, NPgY!AP25, WMID!AP25, EMID!AP25, SWALES!AP25, SWEST!AP25, LPN!AP25,SPN!AP25,EPN!AP25,SPD!AP25,SPMW!AP25,SSEH!AP25,SSES!AP25) -> 29.880221 | AQ25: =CHOOSE(m_identity,ENWL!AQ25, NPgN!AQ25, NPgY!AQ25, WMID!AQ25, EMID!AQ25, SWALES!AQ25, SWEST!AQ25, LPN!AQ25,SPN!AQ25,EPN!AQ25,SPD!AQ25,SPMW!AQ25,SSEH!AQ25,SSES!AQ25) -> 28.042832
E26: Allowed Expenditure - Rail Electrification | G26: £m 12/13 prices | H26: RE | AJ26: =CHOOSE(m_identity,ENWL!AJ26, NPgN!AJ26, NPgY!AJ26, WMID!AJ26, EMID!AJ26, SWALES!AJ26, SWEST!AJ26, LPN!AJ26,SPN!AJ26,EPN!AJ26,SPD!AJ26,SPMW!AJ26,SSEH!AJ26,SSES!AJ26) -> 0 | AK26: =CHOOSE(m_identity,ENWL!AK26, NPgN!AK26, NPgY!AK26, WMID!AK26, EMID!AK26, SWALES!AK26, SWEST!AK26, LPN!AK26,SPN!AK26,EPN!AK26,SPD!AK26,SPMW!AK26,SSEH!AK26,SSES!AK26) -> 0 | AL26: =CHOOSE(m_identity,ENWL!AL26, NPgN!AL26, NPgY!AL26, WMID!AL26, EMID!AL26, SWALES!AL26, SWEST!AL26, LPN!AL26,SPN!AL26,EPN!AL26,SPD!AL26,SPMW!AL26,SSEH!AL26,SSES!AL26) -> 0 | AM26: =CHOOSE(m_identity,ENWL!AM26, NPgN!AM26, NPgY!AM26, WMID!AM26, EMID!AM26, SWALES!AM26, SWEST!AM26, LPN!AM26,SPN!AM26,EPN!AM26,SPD!AM26,SPMW!AM26,SSEH!AM26,SSES!AM26) -> 0 | AN26: =CHOOSE(m_identity,ENWL!AN26, NPgN!AN26, NPgY!AN26, WMID!AN26, EMID!AN26, SWALES!AN26, SWEST!AN26, LPN!AN26,SPN!AN26,EPN!AN26,SPD!AN26,SPMW!AN26,SSEH!AN26,SSES!AN26) -> 0 | AO26: =CHOOSE(m_identity,ENWL!AO26, NPgN!AO26, NPgY!AO26, WMID!AO26, EMID!AO26, SWALES!AO26, SWEST!AO26, LPN!AO26,SPN!AO26,EPN!AO26,SPD!AO26,SPMW!AO26,SSEH!AO26,SSES!AO26) -> 0 | AP26: =CHOOSE(m_identity,ENWL!AP26, NPgN!AP26, NPgY!AP26, WMID!AP26, EMID!AP26, SWALES!AP26, SWEST!AP26, LPN!AP26,SPN!AP26,EPN!AP26,SPD!AP26,SPMW!AP26,SSEH!AP26,SSES!AP26) -> 0 | AQ26: =CHOOSE(m_identity,ENWL!AQ26, NPgN!AQ26, NPgY!AQ26, WMID!AQ26, EMID!AQ26, SWALES!AQ26, SWEST!AQ26, LPN!AQ26,SPN!AQ26,EPN!AQ26,SPD!AQ26,SPMW!AQ26,SSEH!AQ26,SSES!AQ26) -> 0
E27: Spare 1 | F27: XX | G27: £m 12/13 prices | H27: YY | AJ27: =CHOOSE(m_identity,ENWL!AJ27, NPgN!AJ27, NPgY!AJ27, WMID!AJ27, EMID!AJ27, SWALES!AJ27, SWEST!AJ27, LPN!AJ27,SPN!AJ27,EPN!AJ27,SPD!AJ27,SPMW!AJ27,SSEH!AJ27,SSES!AJ27) -> 0 | AK27: =CHOOSE(m_identity,ENWL!AK27, NPgN!AK27, NPgY!AK27, WMID!AK27, EMID!AK27, SWALES!AK27, SWEST!AK27, LPN!AK27,SPN!AK27,EPN!AK27,SPD!AK27,SPMW!AK27,SSEH!AK27,SSES!AK27) -> 0 | AL27: =CHOOSE(m_identity,ENWL!AL27, NPgN!AL27, NPgY!AL27, WMID!AL27, EMID!AL27, SWALES!AL27, SWEST!AL27, LPN!AL27,SPN!AL27,EPN!AL27,SPD!AL27,SPMW!AL27,SSEH!AL27,SSES!AL27) -> 0 | AM27: =CHOOSE(m_identity,ENWL!AM27, NPgN!AM27, NPgY!AM27, WMID!AM27, EMID!AM27, SWALES!AM27, SWEST!AM27, LPN!AM27,SPN!AM27,EPN!AM27,SPD!AM27,SPMW!AM27,SSEH!AM27,SSES!AM27) -> 0 | AN27: =CHOOSE(m_identity,ENWL!AN27, NPgN!AN27, NPgY!AN27, WMID!AN27, EMID!AN27, SWALES!AN27, SWEST!AN27, LPN!AN27,SPN!AN27,EPN!AN27,SPD!AN27,SPMW!AN27,SSEH!AN27,SSES!AN27) -> 0 | AO27: =CHOOSE(m_identity,ENWL!AO27, NPgN!AO27, NPgY!AO27, WMID!AO27, EMID!AO27, SWALES!AO27, SWEST!AO27, LPN!AO27,SPN!AO27,EPN!AO27,SPD!AO27,SPMW!AO27,SSEH!AO27,SSES!AO27) -> 0 | AP27: =CHOOSE(m_identity,ENWL!AP27, NPgN!AP27, NPgY!AP27, WMID!AP27, EMID!AP27, SWALES!AP27, SWEST!AP27, LPN!AP27,SPN!AP27,EPN!AP27,SPD!AP27,SPMW!AP27,SSEH!AP27,SSES!AP27) -> 0 | AQ27: =CHOOSE(m_identity,ENWL!AQ27, NPgN!AQ27, NPgY!AQ27, WMID!AQ27, EMID!AQ27, SWALES!AQ27, SWEST!AQ27, LPN!AQ27,SPN!AQ27,EPN!AQ27,SPD!AQ27,SPMW!AQ27,SSEH!AQ27,SSES!AQ27) -> 0
E28: Spare 2 | F28: XX | G28: £m 12/13 prices | H28: YY | AJ28: =CHOOSE(m_identity,ENWL!AJ28, NPgN!AJ28, NPgY!AJ28, WMID!AJ28, EMID!AJ28, SWALES!AJ28, SWEST!AJ28, LPN!AJ28,SPN!AJ28,EPN!AJ28,SPD!AJ28,SPMW!AJ28,SSEH!AJ28,SSES!AJ28) -> 0 | AK28: =CHOOSE(m_identity,ENWL!AK28, NPgN!AK28, NPgY!AK28, WMID!AK28, EMID!AK28, SWALES!AK28, SWEST!AK28, LPN!AK28,SPN!AK28,EPN!AK28,SPD!AK28,SPMW!AK28,SSEH!AK28,SSES!AK28) -> 0 | AL28: =CHOOSE(m_identity,ENWL!AL28, NPgN!AL28, NPgY!AL28, WMID!AL28, EMID!AL28, SWALES!AL28, SWEST!AL28, LPN!AL28,SPN!AL28,EPN!AL28,SPD!AL28,SPMW!AL28,SSEH!AL28,SSES!AL28) -> 0 | AM28: =CHOOSE(m_identity,ENWL!AM28, NPgN!AM28, NPgY!AM28, WMID!AM28, EMID!AM28, SWALES!AM28, SWEST!AM28, LPN!AM28,SPN!AM28,EPN!AM28,SPD!AM28,SPMW!AM28,SSEH!AM28,SSES!AM28) -> 0 | AN28: =CHOOSE(m_identity,ENWL!AN28, NPgN!AN28, NPgY!AN28, WMID!AN28, EMID!AN28, SWALES!AN28, SWEST!AN28, LPN!AN28,SPN!AN28,EPN!AN28,SPD!AN28,SPMW!AN28,SSEH!AN28,SSES!AN28) -> 0 | AO28: =CHOOSE(m_identity,ENWL!AO28, NPgN!AO28, NPgY!AO28, WMID!AO28, EMID!AO28, SWALES!AO28, SWEST!AO28, LPN!AO28,SPN!AO28,EPN!AO28,SPD!AO28,SPMW!AO28,SSEH!AO28,SSES!AO28) -> 0 | AP28: =CHOOSE(m_identity,ENWL!AP28, NPgN!AP28, NPgY!AP28, WMID!AP28, EMID!AP28, SWALES!AP28, SWEST!AP28, LPN!AP28,SPN!AP28,EPN!AP28,SPD!AP28,SPMW!AP28,SSEH!AP28,SSES!AP28) -> 0 | AQ28: =CHOOSE(m_identity,ENWL!AQ28, NPgN!AQ28, NPgY!AQ28, WMID!AQ28, EMID!AQ28, SWALES!AQ28, SWEST!AQ28, LPN!AQ28,SPN!AQ28,EPN!AQ28,SPD!AQ28,SPMW!AQ28,SSEH!AQ28,SSES!AQ28) -> 0
E29: Spare 3 | F29: XX | G29: £m 12/13 prices | H29: YY | AJ29: =CHOOSE(m_identity,ENWL!AJ29, NPgN!AJ29, NPgY!AJ29, WMID!AJ29, EMID!AJ29, SWALES!AJ29, SWEST!AJ29, LPN!AJ29,SPN!AJ29,EPN!AJ29,SPD!AJ29,SPMW!AJ29,SSEH!AJ29,SSES!AJ29) -> 0 | AK29: =CHOOSE(m_identity,ENWL!AK29, NPgN!AK29, NPgY!AK29, WMID!AK29, EMID!AK29, SWALES!AK29, SWEST!AK29, LPN!AK29,SPN!AK29,EPN!AK29,SPD!AK29,SPMW!AK29,SSEH!AK29,SSES!AK29) -> 0 | AL29: =CHOOSE(m_identity,ENWL!AL29, NPgN!AL29, NPgY!AL29, WMID!AL29, EMID!AL29, SWALES!AL29, SWEST!AL29, LPN!AL29,SPN!AL29,EPN!AL29,SPD!AL29,SPMW!AL29,SSEH!AL29,SSES!AL29) -> 0 | AM29: =CHOOSE(m_identity,ENWL!AM29, NPgN!AM29, NPgY!AM29, WMID!AM29, EMID!AM29, SWALES!AM29, SWEST!AM29, LPN!AM29,SPN!AM29,EPN!AM29,SPD!AM29,SPMW!AM29,SSEH!AM29,SSES!AM29) -> 0 | AN29: =CHOOSE(m_identity,ENWL!AN29, NPgN!AN29, NPgY!AN29, WMID!AN29, EMID!AN29, SWALES!AN29, SWEST!AN29, LPN!AN29,SPN!AN29,EPN!AN29,SPD!AN29,SPMW!AN29,SSEH!AN29,SSES!AN29) -> 0 | AO29: =CHOOSE(m_identity,ENWL!AO29, NPgN!AO29, NPgY!AO29, WMID!AO29, EMID!AO29, SWALES!AO29, SWEST!AO29, LPN!AO29,SPN!AO29,EPN!AO29,SPD!AO29,SPMW!AO29,SSEH!AO29,SSES!AO29) -> 0 | AP29: =CHOOSE(m_identity,ENWL!AP29, NPgN!AP29, NPgY!AP29, WMID!AP29, EMID!AP29, SWALES!AP29, SWEST!AP29, LPN!AP29,SPN!AP29,EPN!AP29,SPD!AP29,SPMW!AP29,SSEH!AP29,SSES!AP29) -> 0 | AQ29: =CHOOSE(m_identity,ENWL!AQ29, NPgN!AQ29, NPgY!AQ29, WMID!AQ29, EMID!AQ29, SWALES!AQ29, SWEST!AQ29, LPN!AQ29,SPN!AQ29,EPN!AQ29,SPD!AQ29,SPMW!AQ29,SSEH!AQ29,SSES!AQ29) -> 0
E30: Allowed Expenditure - Innovation Roll-out | F30: CRC3D | G30: £m 12/13 prices | H30: IRM | AJ30: =CHOOSE(m_identity,ENWL!AJ30, NPgN!AJ30, NPgY!AJ30, WMID!AJ30, EMID!AJ30, SWALES!AJ30, SWEST!AJ30, LPN!AJ30,SPN!AJ30,EPN!AJ30,SPD!AJ30,SPMW!AJ30,SSEH!AJ30,SSES!AJ30) -> 0 | AK30: =CHOOSE(m_identity,ENWL!AK30, NPgN!AK30, NPgY!AK30, WMID!AK30, EMID!AK30, SWALES!AK30, SWEST!AK30, LPN!AK30,SPN!AK30,EPN!AK30,SPD!AK30,SPMW!AK30,SSEH!AK30,SSES!AK30) -> 0 | AL30: =CHOOSE(m_identity,ENWL!AL30, NPgN!AL30, NPgY!AL30, WMID!AL30, EMID!AL30, SWALES!AL30, SWEST!AL30, LPN!AL30,SPN!AL30,EPN!AL30,SPD!AL30,SPMW!AL30,SSEH!AL30,SSES!AL30) -> 0 | AM30: =CHOOSE(m_identity,ENWL!AM30, NPgN!AM30, NPgY!AM30, WMID!AM30, EMID!AM30, SWALES!AM30, SWEST!AM30, LPN!AM30,SPN!AM30,EPN!AM30,SPD!AM30,SPMW!AM30,SSEH!AM30,SSES!AM30) -> 0 | AN30: =CHOOSE(m_identity,ENWL!AN30, NPgN!AN30, NPgY!AN30, WMID!AN30, EMID!AN30, SWALES!AN30, SWEST!AN30, LPN!AN30,SPN!AN30,EPN!AN30,SPD!AN30,SPMW!AN30,SSEH!AN30,SSES!AN30) -> 0 | AO30: =CHOOSE(m_identity,ENWL!AO30, NPgN!AO30, NPgY!AO30, WMID!AO30, EMID!AO30, SWALES!AO30, SWEST!AO30, LPN!AO30,SPN!AO30,EPN!AO30,SPD!AO30,SPMW!AO30,SSEH!AO30,SSES!AO30) -> 0 | AP30: =CHOOSE(m_identity,ENWL!AP30, NPgN!AP30, NPgY!AP30, WMID!AP30, EMID!AP30, SWALES!AP30, SWEST!AP30, LPN!AP30,SPN!AP30,EPN!AP30,SPD!AP30,SPMW!AP30,SSEH!AP30,SSES!AP30) -> 0 | AQ30: =CHOOSE(m_identity,ENWL!AQ30, NPgN!AQ30, NPgY!AQ30, WMID!AQ30, EMID!AQ30, SWALES!AQ30, SWEST!AQ30, LPN!AQ30,SPN!AQ30,EPN!AQ30,SPD!AQ30,SPMW!AQ30,SSEH!AQ30,SSES!AQ30) -> 0
E31: Pension Scheme Established Deficit revenue allowances | F31: CRC3C | G31: £m 12/13 prices | H31: EDE | AJ31: =CHOOSE(m_identity,ENWL!AJ31, NPgN!AJ31, NPgY!AJ31, WMID!AJ31, EMID!AJ31, SWALES!AJ31, SWEST!AJ31, LPN!AJ31,SPN!AJ31,EPN!AJ31,SPD!AJ31,SPMW!AJ31,SSEH!AJ31,SSES!AJ31) -> 31.195491 | AK31: =CHOOSE(m_identity,ENWL!AK31, NPgN!AK31, NPgY!AK31, WMID!AK31, EMID!AK31, SWALES!AK31, SWEST!AK31, LPN!AK31,SPN!AK31,EPN!AK31,SPD!AK31,SPMW!AK31,SSEH!AK31,SSES!AK31) -> 31.195491 | AL31: =CHOOSE(m_identity,ENWL!AL31, NPgN!AL31, NPgY!AL31, WMID!AL31, EMID!AL31, SWALES!AL31, SWEST!AL31, LPN!AL31,SPN!AL31,EPN!AL31,SPD!AL31,SPMW!AL31,SSEH!AL31,SSES!AL31) -> 31.195491 | AM31: =CHOOSE(m_identity,ENWL!AM31, NPgN!AM31, NPgY!AM31, WMID!AM31, EMID!AM31, SWALES!AM31, SWEST!AM31, LPN!AM31,SPN!AM31,EPN!AM31,SPD!AM31,SPMW!AM31,SSEH!AM31,SSES!AM31) -> 31.195491 | AN31: =CHOOSE(m_identity,ENWL!AN31, NPgN!AN31, NPgY!AN31, WMID!AN31, EMID!AN31, SWALES!AN31, SWEST!AN31, LPN!AN31,SPN!AN31,EPN!AN31,SPD!AN31,SPMW!AN31,SSEH!AN31,SSES!AN31) -> 31.195491 | AO31: =CHOOSE(m_identity,ENWL!AO31, NPgN!AO31, NPgY!AO31, WMID!AO31, EMID!AO31, SWALES!AO31, SWEST!AO31, LPN!AO31,SPN!AO31,EPN!AO31,SPD!AO31,SPMW!AO31,SSEH!AO31,SSES!AO31) -> 31.195491 | AP31: =CHOOSE(m_identity,ENWL!AP31, NPgN!AP31, NPgY!AP31, WMID!AP31, EMID!AP31, SWALES!AP31, SWEST!AP31, LPN!AP31,SPN!AP31,EPN!AP31,SPD!AP31,SPMW!AP31,SSEH!AP31,SSES!AP31) -> 31.195491 | AQ31: =CHOOSE(m_identity,ENWL!AQ31, NPgN!AQ31, NPgY!AQ31, WMID!AQ31, EMID!AQ31, SWALES!AQ31, SWEST!AQ31, LPN!AQ31,SPN!AQ31,EPN!AQ31,SPD!AQ31,SPMW!AQ31,SSEH!AQ31,SSES!AQ31) -> 31.195491
E32: Other legacy adjustments' price control allowed revenue adjustment | F32: CRC3A | G32: £m 12/13 prices | H32: OLREV | AJ32: =CHOOSE(m_identity,ENWL!AJ32, NPgN!AJ32, NPgY!AJ32, WMID!AJ32, EMID!AJ32, SWALES!AJ32, SWEST!AJ32, LPN!AJ32,SPN!AJ32,EPN!AJ32,SPD!AJ32,SPMW!AJ32,SSEH!AJ32,SSES!AJ32) -> 0
E33: Other legacy adjustments' price control RAV additions adjustment | F33: CRC3A | G33: £m 12/13 prices | H33: OLRAV | AH33: =CHOOSE(m_identity,ENWL!AH33, NPgN!AH33, NPgY!AH33, WMID!AH33, EMID!AH33, SWALES!AH33, SWEST!AH33, LPN!AH33,SPN!AH33,EPN!AH33,SPD!AH33,SPMW!AH33,SSEH!AH33,SSES!AH33) -> 0 | AI33: =CHOOSE(m_identity,ENWL!AI33, NPgN!AI33, NPgY!AI33, WMID!AI33, EMID!AI33, SWALES!AI33, SWEST!AI33, LPN!AI33,SPN!AI33,EPN!AI33,SPD!AI33,SPMW!AI33,SSEH!AI33,SSES!AI33) -> 0
E34: RAV Rolling Incentive legacy adjustments' price control allowed revenue adjustment | F34: CRC3A | G34: £m 12/13 prices | H34: RIREV | AJ34: =CHOOSE(m_identity,ENWL!AJ34, NPgN!AJ34, NPgY!AJ34, WMID!AJ34, EMID!AJ34, SWALES!AJ34, SWEST!AJ34, LPN!AJ34,SPN!AJ34,EPN!AJ34,SPD!AJ34,SPMW!AJ34,SSEH!AJ34,SSES!AJ34) -> 0
E35: RAV Rolling Incentive legacy adjustments' price control RAV additions adjustment | F35: CRC3A | G35: £m 12/13 prices | H35: RIRAV | AH35: =CHOOSE(m_identity,ENWL!AH35, NPgN!AH35, NPgY!AH35, WMID!AH35, EMID!AH35, SWALES!AH35, SWEST!AH35, LPN!AH35,SPN!AH35,EPN!AH35,SPD!AH35,SPMW!AH35,SSEH!AH35,SSES!AH35) -> 0 | AI35: =CHOOSE(m_identity,ENWL!AI35, NPgN!AI35, NPgY!AI35, WMID!AI35, EMID!AI35, SWALES!AI35, SWEST!AI35, LPN!AI35,SPN!AI35,EPN!AI35,SPD!AI35,SPMW!AI35,SSEH!AI35,SSES!AI35) -> 0
E36: Tax liability revenue allowance adjustments - gearing / debt interest costs | F36: CRC3C | G36: £m nominal | H36: TGIE | AJ36: =CHOOSE(m_identity,ENWL!AJ36, NPgN!AJ36, NPgY!AJ36, WMID!AJ36, EMID!AJ36, SWALES!AJ36, SWEST!AJ36, LPN!AJ36,SPN!AJ36,EPN!AJ36,SPD!AJ36,SPMW!AJ36,SSEH!AJ36,SSES!AJ36) -> 0 | AK36: =CHOOSE(m_identity,ENWL!AK36, NPgN!AK36, NPgY!AK36, WMID!AK36, EMID!AK36, SWALES!AK36, SWEST!AK36, LPN!AK36,SPN!AK36,EPN!AK36,SPD!AK36,SPMW!AK36,SSEH!AK36,SSES!AK36) -> 0 | AL36: =CHOOSE(m_identity,ENWL!AL36, NPgN!AL36, NPgY!AL36, WMID!AL36, EMID!AL36, SWALES!AL36, SWEST!AL36, LPN!AL36,SPN!AL36,EPN!AL36,SPD!AL36,SPMW!AL36,SSEH!AL36,SSES!AL36) -> 0 | AM36: =CHOOSE(m_identity,ENWL!AM36, NPgN!AM36, NPgY!AM36, WMID!AM36, EMID!AM36, SWALES!AM36, SWEST!AM36, LPN!AM36,SPN!AM36,EPN!AM36,SPD!AM36,SPMW!AM36,SSEH!AM36,SSES!AM36) -> 0 | AN36: =CHOOSE(m_identity,ENWL!AN36, NPgN!AN36, NPgY!AN36, WMID!AN36, EMID!AN36, SWALES!AN36, SWEST!AN36, LPN!AN36,SPN!AN36,EPN!AN36,SPD!AN36,SPMW!AN36,SSEH!AN36,SSES!AN36) -> 0 | AO36: =CHOOSE(m_identity,ENWL!AO36, NPgN!AO36, NPgY!AO36, WMID!AO36, EMID!AO36, SWALES!AO36, SWEST!AO36, LPN!AO36,SPN!AO36,EPN!AO36,SPD!AO36,SPMW!AO36,SSEH!AO36,SSES!AO36) -> 0 | AP36: =CHOOSE(m_identity,ENWL!AP36, NPgN!AP36, NPgY!AP36, WMID!AP36, EMID!AP36, SWALES!AP36, SWEST!AP36, LPN!AP36,SPN!AP36,EPN!AP36,SPD!AP36,SPMW!AP36,SSEH!AP36,SSES!AP36) -> 0 | AQ36: =CHOOSE(m_identity,ENWL!AQ36, NPgN!AQ36, NPgY!AQ36, WMID!AQ36, EMID!AQ36, SWALES!AQ36, SWEST!AQ36, LPN!AQ36,SPN!AQ36,EPN!AQ36,SPD!AQ36,SPMW!AQ36,SSEH!AQ36,SSES!AQ36) -> 0
E37: Tax liability revenue allowance adjustments in respect of tax trigger events | F37: CRC3C | G37: £m 12/13 prices | H37: TTE | AJ37: =CHOOSE(m_identity,ENWL!AJ37, NPgN!AJ37, NPgY!AJ37, WMID!AJ37, EMID!AJ37, SWALES!AJ37, SWEST!AJ37, LPN!AJ37,SPN!AJ37,EPN!AJ37,SPD!AJ37,SPMW!AJ37,SSEH!AJ37,SSES!AJ37) -> 0 | AK37: =CHOOSE(m_identity,ENWL!AK37, NPgN!AK37, NPgY!AK37, WMID!AK37, EMID!AK37, SWALES!AK37, SWEST!AK37, LPN!AK37,SPN!AK37,EPN!AK37,SPD!AK37,SPMW!AK37,SSEH!AK37,SSES!AK37) -> 0 | AL37: =CHOOSE(m_identity,ENWL!AL37, NPgN!AL37, NPgY!AL37, WMID!AL37, EMID!AL37, SWALES!AL37, SWEST!AL37, LPN!AL37,SPN!AL37,EPN!AL37,SPD!AL37,SPMW!AL37,SSEH!AL37,SSES!AL37) -> 0 | AM37: =CHOOSE(m_identity,ENWL!AM37, NPgN!AM37, NPgY!AM37, WMID!AM37, EMID!AM37, SWALES!AM37, SWEST!AM37, LPN!AM37,SPN!AM37,EPN!AM37,SPD!AM37,SPMW!AM37,SSEH!AM37,SSES!AM37) -> 0 | AN37: =CHOOSE(m_identity,ENWL!AN37, NPgN!AN37, NPgY!AN37, WMID!AN37, EMID!AN37, SWALES!AN37, SWEST!AN37, LPN!AN37,SPN!AN37,EPN!AN37,SPD!AN37,SPMW!AN37,SSEH!AN37,SSES!AN37) -> 0 | AO37: =CHOOSE(m_identity,ENWL!AO37, NPgN!AO37, NPgY!AO37, WMID!AO37, EMID!AO37, SWALES!AO37, SWEST!AO37, LPN!AO37,SPN!AO37,EPN!AO37,SPD!AO37,SPMW!AO37,SSEH!AO37,SSES!AO37) -> 0 | AP37: =CHOOSE(m_identity,ENWL!AP37, NPgN!AP37, NPgY!AP37, WMID!AP37, EMID!AP37, SWALES!AP37, SWEST!AP37, LPN!AP37,SPN!AP37,EPN!AP37,SPD!AP37,SPMW!AP37,SSEH!AP37,SSES!AP37) -> 0 | AQ37: =CHOOSE(m_identity,ENWL!AQ37, NPgN!AQ37, NPgY!AQ37, WMID!AQ37, EMID!AQ37, SWALES!AQ37, SWEST!AQ37, LPN!AQ37,SPN!AQ37,EPN!AQ37,SPD!AQ37,SPMW!AQ37,SSEH!AQ37,SSES!AQ37) -> 0
E38: Legacy general tax pool adjustment | F38: CRC3A | G38: Nominal | H38: LTPG | AH38: =CHOOSE(m_identity,ENWL!AH38, NPgN!AH38, NPgY!AH38, WMID!AH38, EMID!AH38, SWALES!AH38, SWEST!AH38, LPN!AH38,SPN!AH38,EPN!AH38,SPD!AH38,SPMW!AH38,SSEH!AH38,SSES!AH38) -> 0 | AI38: =CHOOSE(m_identity,ENWL!AI38, NPgN!AI38, NPgY!AI38, WMID!AI38, EMID!AI38, SWALES!AI38, SWEST!AI38, LPN!AI38,SPN!AI38,EPN!AI38,SPD!AI38,SPMW!AI38,SSEH!AI38,SSES!AI38) -> 0
E39: Legacy special tax pool adjustment | F39: CRC3A | G39: Nominal | H39: LTPS | AH39: =CHOOSE(m_identity,ENWL!AH39, NPgN!AH39, NPgY!AH39, WMID!AH39, EMID!AH39, SWALES!AH39, SWEST!AH39, LPN!AH39,SPN!AH39,EPN!AH39,SPD!AH39,SPMW!AH39,SSEH!AH39,SSES!AH39) -> 0 | AI39: =CHOOSE(m_identity,ENWL!AI39, NPgN!AI39, NPgY!AI39, WMID!AI39, EMID!AI39, SWALES!AI39, SWEST!AI39, LPN!AI39,SPN!AI39,EPN!AI39,SPD!AI39,SPMW!AI39,SSEH!AI39,SSES!AI39) -> 0
E40: Deferred Revenue Expenditure pre-RIIO movement adjustment | F40: CRC3A | G40: Nominal | H40: LTPD | AH40: =CHOOSE(m_identity,ENWL!AH40, NPgN!AH40, NPgY!AH40, WMID!AH40, EMID!AH40, SWALES!AH40, SWEST!AH40, LPN!AH40,SPN!AH40,EPN!AH40,SPD!AH40,SPMW!AH40,SSEH!AH40,SSES!AH40) -> 0 | AI40: =CHOOSE(m_identity,ENWL!AI40, NPgN!AI40, NPgY!AI40, WMID!AI40, EMID!AI40, SWALES!AI40, SWEST!AI40, LPN!AI40,SPN!AI40,EPN!AI40,SPD!AI40,SPMW!AI40,SSEH!AI40,SSES!AI40) -> 0
E41: DRE: Gross capex adjustment | F41: CRC3A | G41: Nominal | H41: LTPC | AH41: =CHOOSE(m_identity,ENWL!AH41, NPgN!AH41, NPgY!AH41, WMID!AH41, EMID!AH41, SWALES!AH41, SWEST!AH41, LPN!AH41,SPN!AH41,EPN!AH41,SPD!AH41,SPMW!AH41,SSEH!AH41,SSES!AH41) -> 0 | AI41: =CHOOSE(m_identity,ENWL!AI41, NPgN!AI41, NPgY!AI41, WMID!AI41, EMID!AI41, SWALES!AI41, SWEST!AI41, LPN!AI41,SPN!AI41,EPN!AI41,SPD!AI41,SPMW!AI41,SSEH!AI41,SSES!AI41) -> 0
B43: Policy
C45: Cost of capital
E47: Cost of debt | G47: annual real % | AJ47: =AJ11 -> 0.0272 | AK47: =AK11 -> 0.0272 | AL47: =AL11 -> 0.0272 | AM47: =AM11 -> 0.0272 | AN47: =AN11 -> 0.0272 | AO47: =AO11 -> 0.0272 | AP47: =AP11 -> 0.0272 | AQ47: =AQ11 -> 0.0272
E48: Cost of equity | G48: annual real % | AJ48: =CHOOSE(m_identity,ENWL!AJ48, NPgN!AJ48, NPgY!AJ48, WMID!AJ48, EMID!AJ48, SWALES!AJ48, SWEST!AJ48, LPN!AJ48,SPN!AJ48,EPN!AJ48,SPD!AJ48,SPMW!AJ48,SSEH!AJ48,SSES!AJ48) -> 0.06 | AK48: =CHOOSE(m_identity,ENWL!AK48, NPgN!AK48, NPgY!AK48, WMID!AK48, EMID!AK48, SWALES!AK48, SWEST!AK48, LPN!AK48,SPN!AK48,EPN!AK48,SPD!AK48,SPMW!AK48,SSEH!AK48,SSES!AK48) -> 0.06 | AL48: =CHOOSE(m_identity,ENWL!AL48, NPgN!AL48, NPgY!AL48, WMID!AL48, EMID!AL48, SWALES!AL48, SWEST!AL48, LPN!AL48,SPN!AL48,EPN!AL48,SPD!AL48,SPMW!AL48,SSEH!AL48,SSES!AL48) -> 0.06 | AM48: =CHOOSE(m_identity,ENWL!AM48, NPgN!AM48, NPgY!AM48, WMID!AM48, EMID!AM48, SWALES!AM48, SWEST!AM48, LPN!AM48,SPN!AM48,EPN!AM48,SPD!AM48,SPMW!AM48,SSEH!AM48,SSES!AM48) -> 0.06 | AN48: =CHOOSE(m_identity,ENWL!AN48, NPgN!AN48, NPgY!AN48, WMID!AN48, EMID!AN48, SWALES!AN48, SWEST!AN48, LPN!AN48,SPN!AN48,EPN!AN48,SPD!AN48,SPMW!AN48,SSEH!AN48,SSES!AN48) -> 0.06 | AO48: =CHOOSE(m_identity,ENWL!AO48, NPgN!AO48, NPgY!AO48, WMID!AO48, EMID!AO48, SWALES!AO48, SWEST!AO48, LPN!AO48,SPN!AO48,EPN!AO48,SPD!AO48,SPMW!AO48,SSEH!AO48,SSES!AO48) -> 0.06 | AP48: =CHOOSE(m_identity,ENWL!AP48, NPgN!AP48, NPgY!AP48, WMID!AP48, EMID!AP48, SWALES!AP48, SWEST!AP48, LPN!AP48,SPN!AP48,EPN!AP48,SPD!AP48,SPMW!AP48,SSEH!AP48,SSES!AP48) -> 0.06 | AQ48: =CHOOSE(m_identity,ENWL!AQ48, NPgN!AQ48, NPgY!AQ48, WMID!AQ48, EMID!AQ48, SWALES!AQ48, SWEST!AQ48, LPN!AQ48,SPN!AQ48,EPN!AQ48,SPD!AQ48,SPMW!AQ48,SSEH!AQ48,SSES!AQ48) -> 0.06
E49: Notional gearing | G49: % | J49: > | AI49: =CHOOSE(m_identity,ENWL!AI49, NPgN!AI49, NPgY!AI49, WMID!AI49, EMID!AI49, SWALES!AI49, SWEST!AI49, LPN!AI49,SPN!AI49,EPN!AI49,SPD!AI49,SPMW!AI49,SSEH!AI49,SSES!AI49) -> 0.65 | AJ49: =CHOOSE(m_identity,ENWL!AJ49, NPgN!AJ49, NPgY!AJ49, WMID!AJ49, EMID!AJ49, SWALES!AJ49, SWEST!AJ49, LPN!AJ49,SPN!AJ49,EPN!AJ49,SPD!AJ49,SPMW!AJ49,SSEH!AJ49,SSES!AJ49) -> 0.65 | AK49: =CHOOSE(m_identity,ENWL!AK49, NPgN!AK49, NPgY!AK49, WMID!AK49, EMID!AK49, SWALES!AK49, SWEST!AK49, LPN!AK49,SPN!AK49,EPN!AK49,SPD!AK49,SPMW!AK49,SSEH!AK49,SSES!AK49) -> 0.65 | AL49: =CHOOSE(m_identity,ENWL!AL49, NPgN!AL49, NPgY!AL49, WMID!AL49, EMID!AL49, SWALES!AL49, SWEST!AL49, LPN!AL49,SPN!AL49,EPN!AL49,SPD!AL49,SPMW!AL49,SSEH!AL49,SSES!AL49) -> 0.65 | AM49: =CHOOSE(m_identity,ENWL!AM49, NPgN!AM49, NPgY!AM49, WMID!AM49, EMID!AM49, SWALES!AM49, SWEST!AM49, LPN!AM49,SPN!AM49,EPN!AM49,SPD!AM49,SPMW!AM49,SSEH!AM49,SSES!AM49) -> 0.65 | AN49: =CHOOSE(m_identity,ENWL!AN49, NPgN!AN49, NPgY!AN49, WMID!AN49, EMID!AN49, SWALES!AN49, SWEST!AN49, LPN!AN49,SPN!AN49,EPN!AN49,SPD!AN49,SPMW!AN49,SSEH!AN49,SSES!AN49) -> 0.65 | AO49: =CHOOSE(m_identity,ENWL!AO49, NPgN!AO49, NPgY!AO49, WMID!AO49, EMID!AO49, SWALES!AO49, SWEST!AO49, LPN!AO49,SPN!AO49,EPN!AO49,SPD!AO49,SPMW!AO49,SSEH!AO49,SSES!AO49) -> 0.65 | AP49: =CHOOSE(m_identity,ENWL!AP49, NPgN!AP49, NPgY!AP49, WMID!AP49, EMID!AP49, SWALES!AP49, SWEST!AP49, LPN!AP49,SPN!AP49,EPN!AP49,SPD!AP49,SPMW!AP49,SSEH!AP49,SSES!AP49) -> 0.65 | AQ49: =CHOOSE(m_identity,ENWL!AQ49, NPgN!AQ49, NPgY!AQ49, WMID!AQ49, EMID!AQ49, SWALES!AQ49, SWEST!AQ49, LPN!AQ49,SPN!AQ49,EPN!AQ49,SPD!AQ49,SPMW!AQ49,SSEH!AQ49,SSES!AQ49) -> 0.65
E51: Vanilla WACC | G51: annual real % | AJ51: =(AJ47 * AJ49) + (AJ48 * (1 - AJ49)) -> 0.03868 | AK51: =(AK47 * AK49) + (AK48 * (1 - AK49)) -> 0.03868 | AL51: =(AL47 * AL49) + (AL48 * (1 - AL49)) -> 0.03868 | AM51: =(AM47 * AM49) + (AM48 * (1 - AM49)) -> 0.03868 | AN51: =(AN47 * AN49) + (AN48 * (1 - AN49)) -> 0.03868 | AO51: =(AO47 * AO49) + (AO48 * (1 - AO49)) -> 0.03868 | AP51: =(AP47 * AP49) + (AP48 * (1 - AP49)) -> 0.03868 | AQ51: =(AQ47 * AQ49) + (AQ48 * (1 - AQ49)) -> 0.03868
C55: Indexation
E57: Forecast RPI (simple average year to March) | G57: index value | J57: > | AG57: =CHOOSE(m_identity,ENWL!AG57, NPgN!AG57, NPgY!AG57, WMID!AG57, EMID!AG57, SWALES!AG57, SWEST!AG57, LPN!AG57,SPN!AG57,EPN!AG57,SPD!AG57,SPMW!AG57,SSEH!AG57,SSES!AG57) -> 244.675 | AH57: =CHOOSE(m_identity,ENWL!AH57, NPgN!AH57, NPgY!AH57, WMID!AH57, EMID!AH57, SWALES!AH57, SWEST!AH57, LPN!AH57,SPN!AH57,EPN!AH57,SPD!AH57,SPMW!AH57,SSEH!AH57,SSES!AH57) -> 252.26 | AI57: =CHOOSE(m_identity,ENWL!AI57, NPgN!AI57, NPgY!AI57, WMID!AI57, EMID!AI57, SWALES!AI57, SWEST!AI57, LPN!AI57,SPN!AI57,EPN!AI57,SPD!AI57,SPMW!AI57,SSEH!AI57,SSES!AI57) -> 260.08 | AJ57: =CHOOSE(m_identity,ENWL!AJ57, NPgN!AJ57, NPgY!AJ57, WMID!AJ57, EMID!AJ57, SWALES!AJ57, SWEST!AJ57, LPN!AJ57,SPN!AJ57,EPN!AJ57,SPD!AJ57,SPMW!AJ57,SSEH!AJ57,SSES!AJ57) -> 268.142 | AK57: =CHOOSE(m_identity,ENWL!AK57, NPgN!AK57, NPgY!AK57, WMID!AK57, EMID!AK57, SWALES!AK57, SWEST!AK57, LPN!AK57,SPN!AK57,EPN!AK57,SPD!AK57,SPMW!AK57,SSEH!AK57,SSES!AK57) -> 276.454 | AL57: =CHOOSE(m_identity,ENWL!AL57, NPgN!AL57, NPgY!AL57, WMID!AL57, EMID!AL57, SWALES!AL57, SWEST!AL57, LPN!AL57,SPN!AL57,EPN!AL57,SPD!AL57,SPMW!AL57,SSEH!AL57,SSES!AL57) -> 285.024 | AM57: =CHOOSE(m_identity,ENWL!AM57, NPgN!AM57, NPgY!AM57, WMID!AM57, EMID!AM57, SWALES!AM57, SWEST!AM57, LPN!AM57,SPN!AM57,EPN!AM57,SPD!AM57,SPMW!AM57,SSEH!AM57,SSES!AM57) -> 293.86 | AN57: =CHOOSE(m_identity,ENWL!AN57, NPgN!AN57, NPgY!AN57, WMID!AN57, EMID!AN57, SWALES!AN57, SWEST!AN57, LPN!AN57,SPN!AN57,EPN!AN57,SPD!AN57,SPMW!AN57,SSEH!AN57,SSES!AN57) -> 302.97 | ... AQ57: =CHOOSE(m_identity,ENWL!AQ57, NPgN!AQ57, NPgY!AQ57, WMID!AQ57, EMID!AQ57, SWALES!AQ57, SWEST!AQ57, LPN!AQ57,SPN!AQ57,EPN!AQ57,SPD!AQ57,SPMW!AQ57,SSEH!AQ57,SSES!AQ57) -> 332.028
E58: RPI assumption for interest costs | G58: index value | J58: > | AG58: =CHOOSE(m_identity,ENWL!AG58, NPgN!AG58, NPgY!AG58, WMID!AG58, EMID!AG58, SWALES!AG58, SWEST!AG58, LPN!AG58,SPN!AG58,EPN!AG58,SPD!AG58,SPMW!AG58,SSEH!AG58,SSES!AG58) -> 244.675 | AH58: =CHOOSE(m_identity,ENWL!AH58, NPgN!AH58, NPgY!AH58, WMID!AH58, EMID!AH58, SWALES!AH58, SWEST!AH58, LPN!AH58,SPN!AH58,EPN!AH58,SPD!AH58,SPMW!AH58,SSEH!AH58,SSES!AH58) -> 252.26 | AI58: =CHOOSE(m_identity,ENWL!AI58, NPgN!AI58, NPgY!AI58, WMID!AI58, EMID!AI58, SWALES!AI58, SWEST!AI58, LPN!AI58,SPN!AI58,EPN!AI58,SPD!AI58,SPMW!AI58,SSEH!AI58,SSES!AI58) -> 260.08 | AJ58: =CHOOSE(m_identity,ENWL!AJ58, NPgN!AJ58, NPgY!AJ58, WMID!AJ58, EMID!AJ58, SWALES!AJ58, SWEST!AJ58, LPN!AJ58,SPN!AJ58,EPN!AJ58,SPD!AJ58,SPMW!AJ58,SSEH!AJ58,SSES!AJ58) -> 268.142 | AK58: =CHOOSE(m_identity,ENWL!AK58, NPgN!AK58, NPgY!AK58, WMID!AK58, EMID!AK58, SWALES!AK58, SWEST!AK58, LPN!AK58,SPN!AK58,EPN!AK58,SPD!AK58,SPMW!AK58,SSEH!AK58,SSES!AK58) -> 276.454 | AL58: =CHOOSE(m_identity,ENWL!AL58, NPgN!AL58, NPgY!AL58, WMID!AL58, EMID!AL58, SWALES!AL58, SWEST!AL58, LPN!AL58,SPN!AL58,EPN!AL58,SPD!AL58,SPMW!AL58,SSEH!AL58,SSES!AL58) -> 285.024 | AM58: =CHOOSE(m_identity,ENWL!AM58, NPgN!AM58, NPgY!AM58, WMID!AM58, EMID!AM58, SWALES!AM58, SWEST!AM58, LPN!AM58,SPN!AM58,EPN!AM58,SPD!AM58,SPMW!AM58,SSEH!AM58,SSES!AM58) -> 293.86 | AN58: =CHOOSE(m_identity,ENWL!AN58, NPgN!AN58, NPgY!AN58, WMID!AN58, EMID!AN58, SWALES!AN58, SWEST!AN58, LPN!AN58,SPN!AN58,EPN!AN58,SPD!AN58,SPMW!AN58,SSEH!AN58,SSES!AN58) -> 302.97 | ... AQ58: =CHOOSE(m_identity,ENWL!AQ58, NPgN!AQ58, NPgY!AQ58, WMID!AQ58, EMID!AQ58, SWALES!AQ58, SWEST!AQ58, LPN!AQ58,SPN!AQ58,EPN!AQ58,SPD!AQ58,SPMW!AQ58,SSEH!AQ58,SSES!AQ58) -> 332.028
C60: TIM and capitalisation
E62: Years from t until normal reporting of actual costs | G62: years | I62: =CHOOSE(m_identity,ENWL!I62, NPgN!I62, NPgY!I62, WMID!I62, EMID!I62, SWALES!I62, SWEST!I62, LPN!I62,SPN!I62,EPN!I62,SPD!I62,SPMW!I62,SSEH!I62,SSES!I62) -> 2
E64: Capitalised share of totex | G64: % | AJ64: =CHOOSE(m_identity,ENWL!AJ64, NPgN!AJ64, NPgY!AJ64, WMID!AJ64, EMID!AJ64, SWALES!AJ64, SWEST!AJ64, LPN!AJ64,SPN!AJ64,EPN!AJ64,SPD!AJ64,SPMW!AJ64,SSEH!AJ64,SSES!AJ64) -> 0.68 | AK64: =CHOOSE(m_identity,ENWL!AK64, NPgN!AK64, NPgY!AK64, WMID!AK64, EMID!AK64, SWALES!AK64, SWEST!AK64, LPN!AK64,SPN!AK64,EPN!AK64,SPD!AK64,SPMW!AK64,SSEH!AK64,SSES!AK64) -> 0.68 | AL64: =CHOOSE(m_identity,ENWL!AL64, NPgN!AL64, NPgY!AL64, WMID!AL64, EMID!AL64, SWALES!AL64, SWEST!AL64, LPN!AL64,SPN!AL64,EPN!AL64,SPD!AL64,SPMW!AL64,SSEH!AL64,SSES!AL64) -> 0.68 | AM64: =CHOOSE(m_identity,ENWL!AM64, NPgN!AM64, NPgY!AM64, WMID!AM64, EMID!AM64, SWALES!AM64, SWEST!AM64, LPN!AM64,SPN!AM64,EPN!AM64,SPD!AM64,SPMW!AM64,SSEH!AM64,SSES!AM64) -> 0.68 | AN64: =CHOOSE(m_identity,ENWL!AN64, NPgN!AN64, NPgY!AN64, WMID!AN64, EMID!AN64, SWALES!AN64, SWEST!AN64, LPN!AN64,SPN!AN64,EPN!AN64,SPD!AN64,SPMW!AN64,SSEH!AN64,SSES!AN64) -> 0.68 | AO64: =CHOOSE(m_identity,ENWL!AO64, NPgN!AO64, NPgY!AO64, WMID!AO64, EMID!AO64, SWALES!AO64, SWEST!AO64, LPN!AO64,SPN!AO64,EPN!AO64,SPD!AO64,SPMW!AO64,SSEH!AO64,SSES!AO64) -> 0.68 | AP64: =CHOOSE(m_identity,ENWL!AP64, NPgN!AP64, NPgY!AP64, WMID!AP64, EMID!AP64, SWALES!AP64, SWEST!AP64, LPN!AP64,SPN!AP64,EPN!AP64,SPD!AP64,SPMW!AP64,SSEH!AP64,SSES!AP64) -> 0.68 | AQ64: =CHOOSE(m_identity,ENWL!AQ64, NPgN!AQ64, NPgY!AQ64, WMID!AQ64, EMID!AQ64, SWALES!AQ64, SWEST!AQ64, LPN!AQ64,SPN!AQ64,EPN!AQ64,SPD!AQ64,SPMW!AQ64,SSEH!AQ64,SSES!AQ64) -> 0.68
E66: Additional income % | G66: % | I66: =CHOOSE(m_identity,ENWL!I66, NPgN!I66, NPgY!I66, WMID!I66, EMID!I66, SWALES!I66, SWEST!I66, LPN!I66,SPN!I66,EPN!I66,SPD!I66,SPMW!I66,SSEH!I66,SSES!I66) -> 0
E68: Incentive Strength | G68: % | I68: =CHOOSE(m_identity,ENWL!I68, NPgN!I68, NPgY!I68, WMID!I68, EMID!I68, SWALES!I68, SWEST!I68, LPN!I68,SPN!I68,EPN!I68,SPD!I68,SPMW!I68,SSEH!I68,SSES!I68) -> 0
E70: Weight of Ofgem's view on price control totex | G70: % | I70: =CHOOSE(m_identity,ENWL!I70, NPgN!I70, NPgY!I70, WMID!I70, EMID!I70, SWALES!I70, SWEST!I70, LPN!I70,SPN!I70,EPN!I70,SPD!I70,SPMW!I70,SSEH!I70,SSES!I70) -> 0.75
E71: Weight of operator's view on price control totex | G71: % | I71: =CHOOSE(m_identity,ENWL!I71, NPgN!I71, NPgY!I71, WMID!I71, EMID!I71, SWALES!I71, SWEST!I71, LPN!I71,SPN!I71,EPN!I71,SPD!I71,SPMW!I71,SSEH!I71,SSES!I71) -> 0.25
E73: Ofgem's view of licensee totex | G73: £m 12/13 prices | I73: =CHOOSE(m_identity,ENWL!I73, NPgN!I73, NPgY!I73, WMID!I73, EMID!I73, SWALES!I73, SWEST!I73, LPN!I73,SPN!I73,EPN!I73,SPD!I73,SPMW!I73,SSEH!I73,SSES!I73) -> 1867.8524
E74: Operator's view of licensee totex | G74: £m 12/13 prices | I74: =CHOOSE(m_identity,ENWL!I74, NPgN!I74, NPgY!I74, WMID!I74, EMID!I74, SWALES!I74, SWEST!I74, LPN!I74,SPN!I74,EPN!I74,SPD!I74,SPMW!I74,SSEH!I74,SSES!I74) -> 1867.8524
E76: Ofgem's view of group price control totex | G76: £m 12/13 prices | I76: =CHOOSE(m_identity,ENWL!I76, NPgN!I76, NPgY!I76, WMID!I76, EMID!I76, SWALES!I76, SWEST!I76, LPN!I76,SPN!I76,EPN!I76,SPD!I76,SPMW!I76,SSEH!I76,SSES!I76) -> 6608.1484
E77: Operator's view of group price control totex | G77: £m 12/13 prices | I77: =CHOOSE(m_identity,ENWL!I77, NPgN!I77, NPgY!I77, WMID!I77, EMID!I77, SWALES!I77, SWEST!I77, LPN!I77,SPN!I77,EPN!I77,SPD!I77,SPMW!I77,SSEH!I77,SSES!I77) -> 6608.1484
C79: Finance
E81: Minimum equity issuance threshold | G81: % | I81: =CHOOSE(m_identity,ENWL!I81, NPgN!I81, NPgY!I81, WMID!I81, EMID!I81, SWALES!I81, SWEST!I81, LPN!I81,SPN!I81,EPN!I81,SPD!I81,SPMW!I81,SSEH!I81,SSES!I81) -> 0.05
E82: Equity issuance costs | G82: % | I82: =CHOOSE(m_identity,ENWL!I82, NPgN!I82, NPgY!I82, WMID!I82, EMID!I82, SWALES!I82, SWEST!I82, LPN!I82,SPN!I82,EPN!I82,SPD!I82,SPMW!I82,SSEH!I82,SSES!I82) -> 0.05
E83: Assumed dividends as % of notional equity portion of RAV | G83: % | I83: =CHOOSE(m_identity,ENWL!I83, NPgN!I83, NPgY!I83, WMID!I83, EMID!I83, SWALES!I83, SWEST!I83, LPN!I83,SPN!I83,EPN!I83,SPD!I83,SPMW!I83,SSEH!I83,SSES!I83) -> 0.05
E85: Equity issuance gearing target | G85: % | AJ85: =CHOOSE(m_identity,ENWL!AJ85, NPgN!AJ85, NPgY!AJ85, WMID!AJ85, EMID!AJ85, SWALES!AJ85, SWEST!AJ85, LPN!AJ85,SPN!AJ85,EPN!AJ85,SPD!AJ85,SPMW!AJ85,SSEH!AJ85,SSES!AJ85) -> 0.65 | AK85: =CHOOSE(m_identity,ENWL!AK85, NPgN!AK85, NPgY!AK85, WMID!AK85, EMID!AK85, SWALES!AK85, SWEST!AK85, LPN!AK85,SPN!AK85,EPN!AK85,SPD!AK85,SPMW!AK85,SSEH!AK85,SSES!AK85) -> 0.65 | AL85: =CHOOSE(m_identity,ENWL!AL85, NPgN!AL85, NPgY!AL85, WMID!AL85, EMID!AL85, SWALES!AL85, SWEST!AL85, LPN!AL85,SPN!AL85,EPN!AL85,SPD!AL85,SPMW!AL85,SSEH!AL85,SSES!AL85) -> 0.65 | AM85: =CHOOSE(m_identity,ENWL!AM85, NPgN!AM85, NPgY!AM85, WMID!AM85, EMID!AM85, SWALES!AM85, SWEST!AM85, LPN!AM85,SPN!AM85,EPN!AM85,SPD!AM85,SPMW!AM85,SSEH!AM85,SSES!AM85) -> 0.65 | AN85: =CHOOSE(m_identity,ENWL!AN85, NPgN!AN85, NPgY!AN85, WMID!AN85, EMID!AN85, SWALES!AN85, SWEST!AN85, LPN!AN85,SPN!AN85,EPN!AN85,SPD!AN85,SPMW!AN85,SSEH!AN85,SSES!AN85) -> 0.65 | AO85: =CHOOSE(m_identity,ENWL!AO85, NPgN!AO85, NPgY!AO85, WMID!AO85, EMID!AO85, SWALES!AO85, SWEST!AO85, LPN!AO85,SPN!AO85,EPN!AO85,SPD!AO85,SPMW!AO85,SSEH!AO85,SSES!AO85) -> 0.65 | AP85: =CHOOSE(m_identity,ENWL!AP85, NPgN!AP85, NPgY!AP85, WMID!AP85, EMID!AP85, SWALES!AP85, SWEST!AP85, LPN!AP85,SPN!AP85,EPN!AP85,SPD!AP85,SPMW!AP85,SSEH!AP85,SSES!AP85) -> 0.65 | AQ85: =CHOOSE(m_identity,ENWL!AQ85, NPgN!AQ85, NPgY!AQ85, WMID!AQ85, EMID!AQ85, SWALES!AQ85, SWEST!AQ85, LPN!AQ85,SPN!AQ85,EPN!AQ85,SPD!AQ85,SPMW!AQ85,SSEH!AQ85,SSES!AQ85) -> 0.65
E87: Index-linked debt as a percentage of net debt | G87: % | AJ87: =CHOOSE(m_identity,ENWL!AJ87, NPgN!AJ87, NPgY!AJ87, WMID!AJ87, EMID!AJ87, SWALES!AJ87, SWEST!AJ87, LPN!AJ87,SPN!AJ87,EPN!AJ87,SPD!AJ87,SPMW!AJ87,SSEH!AJ87,SSES!AJ87) -> 0.25 | AK87: =CHOOSE(m_identity,ENWL!AK87, NPgN!AK87, NPgY!AK87, WMID!AK87, EMID!AK87, SWALES!AK87, SWEST!AK87, LPN!AK87,SPN!AK87,EPN!AK87,SPD!AK87,SPMW!AK87,SSEH!AK87,SSES!AK87) -> 0.25 | AL87: =CHOOSE(m_identity,ENWL!AL87, NPgN!AL87, NPgY!AL87, WMID!AL87, EMID!AL87, SWALES!AL87, SWEST!AL87, LPN!AL87,SPN!AL87,EPN!AL87,SPD!AL87,SPMW!AL87,SSEH!AL87,SSES!AL87) -> 0.25 | AM87: =CHOOSE(m_identity,ENWL!AM87, NPgN!AM87, NPgY!AM87, WMID!AM87, EMID!AM87, SWALES!AM87, SWEST!AM87, LPN!AM87,SPN!AM87,EPN!AM87,SPD!AM87,SPMW!AM87,SSEH!AM87,SSES!AM87) -> 0.25 | AN87: =CHOOSE(m_identity,ENWL!AN87, NPgN!AN87, NPgY!AN87, WMID!AN87, EMID!AN87, SWALES!AN87, SWEST!AN87, LPN!AN87,SPN!AN87,EPN!AN87,SPD!AN87,SPMW!AN87,SSEH!AN87,SSES!AN87) -> 0.25 | AO87: =CHOOSE(m_identity,ENWL!AO87, NPgN!AO87, NPgY!AO87, WMID!AO87, EMID!AO87, SWALES!AO87, SWEST!AO87, LPN!AO87,SPN!AO87,EPN!AO87,SPD!AO87,SPMW!AO87,SSEH!AO87,SSES!AO87) -> 0.25 | AP87: =CHOOSE(m_identity,ENWL!AP87, NPgN!AP87, NPgY!AP87, WMID!AP87, EMID!AP87, SWALES!AP87, SWEST!AP87, LPN!AP87,SPN!AP87,EPN!AP87,SPD!AP87,SPMW!AP87,SSEH!AP87,SSES!AP87) -> 0.25 | AQ87: =CHOOSE(m_identity,ENWL!AQ87, NPgN!AQ87, NPgY!AQ87, WMID!AQ87, EMID!AQ87, SWALES!AQ87, SWEST!AQ87, LPN!AQ87,SPN!AQ87,EPN!AQ87,SPD!AQ87,SPMW!AQ87,SSEH!AQ87,SSES!AQ87) -> 0.25
B89: Expenditure
C91: Totex
D93: Non-variant allowances
E95: Non-variant allowed load related capex | G95: £m 12/13 prices | AJ95: =CHOOSE(m_identity,ENWL!AJ95, NPgN!AJ95, NPgY!AJ95, WMID!AJ95, EMID!AJ95, SWALES!AJ95, SWEST!AJ95, LPN!AJ95,SPN!AJ95,EPN!AJ95,SPD!AJ95,SPMW!AJ95,SSEH!AJ95,SSES!AJ95) -> 0 | AK95: =CHOOSE(m_identity,ENWL!AK95, NPgN!AK95, NPgY!AK95, WMID!AK95, EMID!AK95, SWALES!AK95, SWEST!AK95, LPN!AK95,SPN!AK95,EPN!AK95,SPD!AK95,SPMW!AK95,SSEH!AK95,SSES!AK95) -> 0 | AL95: =CHOOSE(m_identity,ENWL!AL95, NPgN!AL95, NPgY!AL95, WMID!AL95, EMID!AL95, SWALES!AL95, SWEST!AL95, LPN!AL95,SPN!AL95,EPN!AL95,SPD!AL95,SPMW!AL95,SSEH!AL95,SSES!AL95) -> 0 | AM95: =CHOOSE(m_identity,ENWL!AM95, NPgN!AM95, NPgY!AM95, WMID!AM95, EMID!AM95, SWALES!AM95, SWEST!AM95, LPN!AM95,SPN!AM95,EPN!AM95,SPD!AM95,SPMW!AM95,SSEH!AM95,SSES!AM95) -> 0 | AN95: =CHOOSE(m_identity,ENWL!AN95, NPgN!AN95, NPgY!AN95, WMID!AN95, EMID!AN95, SWALES!AN95, SWEST!AN95, LPN!AN95,SPN!AN95,EPN!AN95,SPD!AN95,SPMW!AN95,SSEH!AN95,SSES!AN95) -> 0 | AO95: =CHOOSE(m_identity,ENWL!AO95, NPgN!AO95, NPgY!AO95, WMID!AO95, EMID!AO95, SWALES!AO95, SWEST!AO95, LPN!AO95,SPN!AO95,EPN!AO95,SPD!AO95,SPMW!AO95,SSEH!AO95,SSES!AO95) -> 0 | AP95: =CHOOSE(m_identity,ENWL!AP95, NPgN!AP95, NPgY!AP95, WMID!AP95, EMID!AP95, SWALES!AP95, SWEST!AP95, LPN!AP95,SPN!AP95,EPN!AP95,SPD!AP95,SPMW!AP95,SSEH!AP95,SSES!AP95) -> 0 | AQ95: =CHOOSE(m_identity,ENWL!AQ95, NPgN!AQ95, NPgY!AQ95, WMID!AQ95, EMID!AQ95, SWALES!AQ95, SWEST!AQ95, LPN!AQ95,SPN!AQ95,EPN!AQ95,SPD!AQ95,SPMW!AQ95,SSEH!AQ95,SSES!AQ95) -> 0
E96: Non-variant allowed non-load related capex - asset replacement | G96: £m 12/13 prices | AJ96: =CHOOSE(m_identity,ENWL!AJ96, NPgN!AJ96, NPgY!AJ96, WMID!AJ96, EMID!AJ96, SWALES!AJ96, SWEST!AJ96, LPN!AJ96,SPN!AJ96,EPN!AJ96,SPD!AJ96,SPMW!AJ96,SSEH!AJ96,SSES!AJ96) -> 58.241762 | AK96: =CHOOSE(m_identity,ENWL!AK96, NPgN!AK96, NPgY!AK96, WMID!AK96, EMID!AK96, SWALES!AK96, SWEST!AK96, LPN!AK96,SPN!AK96,EPN!AK96,SPD!AK96,SPMW!AK96,SSEH!AK96,SSES!AK96) -> 67.601516 | AL96: =CHOOSE(m_identity,ENWL!AL96, NPgN!AL96, NPgY!AL96, WMID!AL96, EMID!AL96, SWALES!AL96, SWEST!AL96, LPN!AL96,SPN!AL96,EPN!AL96,SPD!AL96,SPMW!AL96,SSEH!AL96,SSES!AL96) -> 63.685787 | AM96: =CHOOSE(m_identity,ENWL!AM96, NPgN!AM96, NPgY!AM96, WMID!AM96, EMID!AM96, SWALES!AM96, SWEST!AM96, LPN!AM96,SPN!AM96,EPN!AM96,SPD!AM96,SPMW!AM96,SSEH!AM96,SSES!AM96) -> 63.98897 | AN96: =CHOOSE(m_identity,ENWL!AN96, NPgN!AN96, NPgY!AN96, WMID!AN96, EMID!AN96, SWALES!AN96, SWEST!AN96, LPN!AN96,SPN!AN96,EPN!AN96,SPD!AN96,SPMW!AN96,SSEH!AN96,SSES!AN96) -> 62.861331 | AO96: =CHOOSE(m_identity,ENWL!AO96, NPgN!AO96, NPgY!AO96, WMID!AO96, EMID!AO96, SWALES!AO96, SWEST!AO96, LPN!AO96,SPN!AO96,EPN!AO96,SPD!AO96,SPMW!AO96,SSEH!AO96,SSES!AO96) -> 62.567137 | AP96: =CHOOSE(m_identity,ENWL!AP96, NPgN!AP96, NPgY!AP96, WMID!AP96, EMID!AP96, SWALES!AP96, SWEST!AP96, LPN!AP96,SPN!AP96,EPN!AP96,SPD!AP96,SPMW!AP96,SSEH!AP96,SSES!AP96) -> 58.862742 | AQ96: =CHOOSE(m_identity,ENWL!AQ96, NPgN!AQ96, NPgY!AQ96, WMID!AQ96, EMID!AQ96, SWALES!AQ96, SWEST!AQ96, LPN!AQ96,SPN!AQ96,EPN!AQ96,SPD!AQ96,SPMW!AQ96,SSEH!AQ96,SSES!AQ96) -> 57.066749
E97: Non-variant allowed non-load related capex - other | G97: £m 12/13 prices | AJ97: =CHOOSE(m_identity,ENWL!AJ97, NPgN!AJ97, NPgY!AJ97, WMID!AJ97, EMID!AJ97, SWALES!AJ97, SWEST!AJ97, LPN!AJ97,SPN!AJ97,EPN!AJ97,SPD!AJ97,SPMW!AJ97,SSEH!AJ97,SSES!AJ97) -> 13.991215 | AK97: =CHOOSE(m_identity,ENWL!AK97, NPgN!AK97, NPgY!AK97, WMID!AK97, EMID!AK97, SWALES!AK97, SWEST!AK97, LPN!AK97,SPN!AK97,EPN!AK97,SPD!AK97,SPMW!AK97,SSEH!AK97,SSES!AK97) -> 18.928463 | AL97: =CHOOSE(m_identity,ENWL!AL97, NPgN!AL97, NPgY!AL97, WMID!AL97, EMID!AL97, SWALES!AL97, SWEST!AL97, LPN!AL97,SPN!AL97,EPN!AL97,SPD!AL97,SPMW!AL97,SSEH!AL97,SSES!AL97) -> 16.482738 | AM97: =CHOOSE(m_identity,ENWL!AM97, NPgN!AM97, NPgY!AM97, WMID!AM97, EMID!AM97, SWALES!AM97, SWEST!AM97, LPN!AM97,SPN!AM97,EPN!AM97,SPD!AM97,SPMW!AM97,SSEH!AM97,SSES!AM97) -> 15.458044 | AN97: =CHOOSE(m_identity,ENWL!AN97, NPgN!AN97, NPgY!AN97, WMID!AN97, EMID!AN97, SWALES!AN97, SWEST!AN97, LPN!AN97,SPN!AN97,EPN!AN97,SPD!AN97,SPMW!AN97,SSEH!AN97,SSES!AN97) -> 15.767548 | AO97: =CHOOSE(m_identity,ENWL!AO97, NPgN!AO97, NPgY!AO97, WMID!AO97, EMID!AO97, SWALES!AO97, SWEST!AO97, LPN!AO97,SPN!AO97,EPN!AO97,SPD!AO97,SPMW!AO97,SSEH!AO97,SSES!AO97) -> 14.502009 | AP97: =CHOOSE(m_identity,ENWL!AP97, NPgN!AP97, NPgY!AP97, WMID!AP97, EMID!AP97, SWALES!AP97, SWEST!AP97, LPN!AP97,SPN!AP97,EPN!AP97,SPD!AP97,SPMW!AP97,SSEH!AP97,SSES!AP97) -> 16.73103 | AQ97: =CHOOSE(m_identity,ENWL!AQ97, NPgN!AQ97, NPgY!AQ97, WMID!AQ97, EMID!AQ97, SWALES!AQ97, SWEST!AQ97, LPN!AQ97,SPN!AQ97,EPN!AQ97,SPD!AQ97,SPMW!AQ97,SSEH!AQ97,SSES!AQ97) -> 15.271171
E98: Non-variant allowed faults | G98: £m 12/13 prices | AJ98: =CHOOSE(m_identity,ENWL!AJ98, NPgN!AJ98, NPgY!AJ98, WMID!AJ98, EMID!AJ98, SWALES!AJ98, SWEST!AJ98, LPN!AJ98,SPN!AJ98,EPN!AJ98,SPD!AJ98,SPMW!AJ98,SSEH!AJ98,SSES!AJ98) -> 23.00809 | AK98: =CHOOSE(m_identity,ENWL!AK98, NPgN!AK98, NPgY!AK98, WMID!AK98, EMID!AK98, SWALES!AK98, SWEST!AK98, LPN!AK98,SPN!AK98,EPN!AK98,SPD!AK98,SPMW!AK98,SSEH!AK98,SSES!AK98) -> 22.892742 | AL98: =CHOOSE(m_identity,ENWL!AL98, NPgN!AL98, NPgY!AL98, WMID!AL98, EMID!AL98, SWALES!AL98, SWEST!AL98, LPN!AL98,SPN!AL98,EPN!AL98,SPD!AL98,SPMW!AL98,SSEH!AL98,SSES!AL98) -> 22.858879 | AM98: =CHOOSE(m_identity,ENWL!AM98, NPgN!AM98, NPgY!AM98, WMID!AM98, EMID!AM98, SWALES!AM98, SWEST!AM98, LPN!AM98,SPN!AM98,EPN!AM98,SPD!AM98,SPMW!AM98,SSEH!AM98,SSES!AM98) -> 22.973145 | AN98: =CHOOSE(m_identity,ENWL!AN98, NPgN!AN98, NPgY!AN98, WMID!AN98, EMID!AN98, SWALES!AN98, SWEST!AN98, LPN!AN98,SPN!AN98,EPN!AN98,SPD!AN98,SPMW!AN98,SSEH!AN98,SSES!AN98) -> 23.120072 | AO98: =CHOOSE(m_identity,ENWL!AO98, NPgN!AO98, NPgY!AO98, WMID!AO98, EMID!AO98, SWALES!AO98, SWEST!AO98, LPN!AO98,SPN!AO98,EPN!AO98,SPD!AO98,SPMW!AO98,SSEH!AO98,SSES!AO98) -> 23.374384 | AP98: =CHOOSE(m_identity,ENWL!AP98, NPgN!AP98, NPgY!AP98, WMID!AP98, EMID!AP98, SWALES!AP98, SWEST!AP98, LPN!AP98,SPN!AP98,EPN!AP98,SPD!AP98,SPMW!AP98,SSEH!AP98,SSES!AP98) -> 23.980841 | AQ98: =CHOOSE(m_identity,ENWL!AQ98, NPgN!AQ98, NPgY!AQ98, WMID!AQ98, EMID!AQ98, SWALES!AQ98, SWEST!AQ98, LPN!AQ98,SPN!AQ98,EPN!AQ98,SPD!AQ98,SPMW!AQ98,SSEH!AQ98,SSES!AQ98) -> 24.498383
E99: Non-variant tree cutting | G99: £m 12/13 prices | AJ99: =CHOOSE(m_identity,ENWL!AJ99, NPgN!AJ99, NPgY!AJ99, WMID!AJ99, EMID!AJ99, SWALES!AJ99, SWEST!AJ99, LPN!AJ99,SPN!AJ99,EPN!AJ99,SPD!AJ99,SPMW!AJ99,SSEH!AJ99,SSES!AJ99) -> 8.2841719 | AK99: =CHOOSE(m_identity,ENWL!AK99, NPgN!AK99, NPgY!AK99, WMID!AK99, EMID!AK99, SWALES!AK99, SWEST!AK99, LPN!AK99,SPN!AK99,EPN!AK99,SPD!AK99,SPMW!AK99,SSEH!AK99,SSES!AK99) -> 8.3879647 | AL99: =CHOOSE(m_identity,ENWL!AL99, NPgN!AL99, NPgY!AL99, WMID!AL99, EMID!AL99, SWALES!AL99, SWEST!AL99, LPN!AL99,SPN!AL99,EPN!AL99,SPD!AL99,SPMW!AL99,SSEH!AL99,SSES!AL99) -> 8.4927247 | AM99: =CHOOSE(m_identity,ENWL!AM99, NPgN!AM99, NPgY!AM99, WMID!AM99, EMID!AM99, SWALES!AM99, SWEST!AM99, LPN!AM99,SPN!AM99,EPN!AM99,SPD!AM99,SPMW!AM99,SSEH!AM99,SSES!AM99) -> 8.5851383 | AN99: =CHOOSE(m_identity,ENWL!AN99, NPgN!AN99, NPgY!AN99, WMID!AN99, EMID!AN99, SWALES!AN99, SWEST!AN99, LPN!AN99,SPN!AN99,EPN!AN99,SPD!AN99,SPMW!AN99,SSEH!AN99,SSES!AN99) -> 8.7337511 | AO99: =CHOOSE(m_identity,ENWL!AO99, NPgN!AO99, NPgY!AO99, WMID!AO99, EMID!AO99, SWALES!AO99, SWEST!AO99, LPN!AO99,SPN!AO99,EPN!AO99,SPD!AO99,SPMW!AO99,SSEH!AO99,SSES!AO99) -> 8.7244213 | AP99: =CHOOSE(m_identity,ENWL!AP99, NPgN!AP99, NPgY!AP99, WMID!AP99, EMID!AP99, SWALES!AP99, SWEST!AP99, LPN!AP99,SPN!AP99,EPN!AP99,SPD!AP99,SPMW!AP99,SSEH!AP99,SSES!AP99) -> 8.7251645 | AQ99: =CHOOSE(m_identity,ENWL!AQ99, NPgN!AQ99, NPgY!AQ99, WMID!AQ99, EMID!AQ99, SWALES!AQ99, SWEST!AQ99, LPN!AQ99,SPN!AQ99,EPN!AQ99,SPD!AQ99,SPMW!AQ99,SSEH!AQ99,SSES!AQ99) -> 8.7084714
E100: Non-variant allowed 100% ‘revenue pool’ expenditure | G100: £m 12/13 prices | AJ100: =CHOOSE(m_identity,ENWL!AJ100, NPgN!AJ100, NPgY!AJ100, WMID!AJ100, EMID!AJ100, SWALES!AJ100, SWEST!AJ100, LPN!AJ100,SPN!AJ100,EPN!AJ100,SPD!AJ100,SPMW!AJ100,SSEH!AJ100,SSES!AJ100) -> 12.005048 | AK100: =CHOOSE(m_identity,ENWL!AK100, NPgN!AK100, NPgY!AK100, WMID!AK100, EMID!AK100, SWALES!AK100, SWEST!AK100, LPN!AK100,SPN!AK100,EPN!AK100,SPD!AK100,SPMW!AK100,SSEH!AK100,SSES!AK100) -> 11.86671 | AL100: =CHOOSE(m_identity,ENWL!AL100, NPgN!AL100, NPgY!AL100, WMID!AL100, EMID!AL100, SWALES!AL100, SWEST!AL100, LPN!AL100,SPN!AL100,EPN!AL100,SPD!AL100,SPMW!AL100,SSEH!AL100,SSES!AL100) -> 11.488819 | AM100: =CHOOSE(m_identity,ENWL!AM100, NPgN!AM100, NPgY!AM100, WMID!AM100, EMID!AM100, SWALES!AM100, SWEST!AM100, LPN!AM100,SPN!AM100,EPN!AM100,SPD!AM100,SPMW!AM100,SSEH!AM100,SSES!AM100) -> 11.133211 | AN100: =CHOOSE(m_identity,ENWL!AN100, NPgN!AN100, NPgY!AN100, WMID!AN100, EMID!AN100, SWALES!AN100, SWEST!AN100, LPN!AN100,SPN!AN100,EPN!AN100,SPD!AN100,SPMW!AN100,SSEH!AN100,SSES!AN100) -> 10.672035 | AO100: =CHOOSE(m_identity,ENWL!AO100, NPgN!AO100, NPgY!AO100, WMID!AO100, EMID!AO100, SWALES!AO100, SWEST!AO100, LPN!AO100,SPN!AO100,EPN!AO100,SPD!AO100,SPMW!AO100,SSEH!AO100,SSES!AO100) -> 10.187314 | AP100: =CHOOSE(m_identity,ENWL!AP100, NPgN!AP100, NPgY!AP100, WMID!AP100, EMID!AP100, SWALES!AP100, SWEST!AP100, LPN!AP100,SPN!AP100,EPN!AP100,SPD!AP100,SPMW!AP100,SSEH!AP100,SSES!AP100) -> 9.4352878 | AQ100: =CHOOSE(m_identity,ENWL!AQ100, NPgN!AQ100, NPgY!AQ100, WMID!AQ100, EMID!AQ100, SWALES!AQ100, SWEST!AQ100, LPN!AQ100,SPN!AQ100,EPN!AQ100,SPD!AQ100,SPMW!AQ100,SSEH!AQ100,SSES!AQ100) -> 8.8523194
E101: Non-variant allowed controllable opex | G101: £m 12/13 prices | AJ101: =CHOOSE(m_identity,ENWL!AJ101, NPgN!AJ101, NPgY!AJ101, WMID!AJ101, EMID!AJ101, SWALES!AJ101, SWEST!AJ101, LPN!AJ101,SPN!AJ101,EPN!AJ101,SPD!AJ101,SPMW!AJ101,SSEH!AJ101,SSES!AJ101) -> 79.755691 | AK101: =CHOOSE(m_identity,ENWL!AK101, NPgN!AK101, NPgY!AK101, WMID!AK101, EMID!AK101, SWALES!AK101, SWEST!AK101, LPN!AK101,SPN!AK101,EPN!AK101,SPD!AK101,SPMW!AK101,SSEH!AK101,SSES!AK101) -> 79.107225 | AL101: =CHOOSE(m_identity,ENWL!AL101, NPgN!AL101, NPgY!AL101, WMID!AL101, EMID!AL101, SWALES!AL101, SWEST!AL101, LPN!AL101,SPN!AL101,EPN!AL101,SPD!AL101,SPMW!AL101,SSEH!AL101,SSES!AL101) -> 77.504996 | AM101: =CHOOSE(m_identity,ENWL!AM101, NPgN!AM101, NPgY!AM101, WMID!AM101, EMID!AM101, SWALES!AM101, SWEST!AM101, LPN!AM101,SPN!AM101,EPN!AM101,SPD!AM101,SPMW!AM101,SSEH!AM101,SSES!AM101) -> 77.413193 | AN101: =CHOOSE(m_identity,ENWL!AN101, NPgN!AN101, NPgY!AN101, WMID!AN101, EMID!AN101, SWALES!AN101, SWEST!AN101, LPN!AN101,SPN!AN101,EPN!AN101,SPD!AN101,SPMW!AN101,SSEH!AN101,SSES!AN101) -> 76.439107 | AO101: =CHOOSE(m_identity,ENWL!AO101, NPgN!AO101, NPgY!AO101, WMID!AO101, EMID!AO101, SWALES!AO101, SWEST!AO101, LPN!AO101,SPN!AO101,EPN!AO101,SPD!AO101,SPMW!AO101,SSEH!AO101,SSES!AO101) -> 75.993394 | AP101: =CHOOSE(m_identity,ENWL!AP101, NPgN!AP101, NPgY!AP101, WMID!AP101, EMID!AP101, SWALES!AP101, SWEST!AP101, LPN!AP101,SPN!AP101,EPN!AP101,SPD!AP101,SPMW!AP101,SSEH!AP101,SSES!AP101) -> 77.089082 | AQ101: =CHOOSE(m_identity,ENWL!AQ101, NPgN!AQ101, NPgY!AQ101, WMID!AQ101, EMID!AQ101, SWALES!AQ101, SWEST!AQ101, LPN!AQ101,SPN!AQ101,EPN!AQ101,SPD!AQ101,SPMW!AQ101,SSEH!AQ101,SSES!AQ101) -> 76.485896
D103: Variant allowances
E105: =E19 -> Allowed Expenditure - Enhanced Physical Site Security | G105: £m 12/13 prices | AJ105: =AJ19 -> 2.5152615 | AK105: =AK19 -> 0 | AL105: =AL19 -> 0 | AM105: =AM19 -> 2.5860497 | AN105: =AN19 -> 3.1323097 | AO105: =AO19 -> 1.0539114 | AP105: =AP19 -> 0 | AQ105: =AQ19 -> 0
E106: Allocation to load related capex | G106: % | AJ106: =CHOOSE(m_identity,ENWL!AJ106, NPgN!AJ106, NPgY!AJ106, WMID!AJ106, EMID!AJ106, SWALES!AJ106, SWEST!AJ106, LPN!AJ106,SPN!AJ106,EPN!AJ106,SPD!AJ106,SPMW!AJ106,SSEH!AJ106,SSES!AJ106) -> 0 | AK106: =CHOOSE(m_identity,ENWL!AK106, NPgN!AK106, NPgY!AK106, WMID!AK106, EMID!AK106, SWALES!AK106, SWEST!AK106, LPN!AK106,SPN!AK106,EPN!AK106,SPD!AK106,SPMW!AK106,SSEH!AK106,SSES!AK106) -> 0 | AL106: =CHOOSE(m_identity,ENWL!AL106, NPgN!AL106, NPgY!AL106, WMID!AL106, EMID!AL106, SWALES!AL106, SWEST!AL106, LPN!AL106,SPN!AL106,EPN!AL106,SPD!AL106,SPMW!AL106,SSEH!AL106,SSES!AL106) -> 0 | AM106: =CHOOSE(m_identity,ENWL!AM106, NPgN!AM106, NPgY!AM106, WMID!AM106, EMID!AM106, SWALES!AM106, SWEST!AM106, LPN!AM106,SPN!AM106,EPN!AM106,SPD!AM106,SPMW!AM106,SSEH!AM106,SSES!AM106) -> 0 | AN106: =CHOOSE(m_identity,ENWL!AN106, NPgN!AN106, NPgY!AN106, WMID!AN106, EMID!AN106, SWALES!AN106, SWEST!AN106, LPN!AN106,SPN!AN106,EPN!AN106,SPD!AN106,SPMW!AN106,SSEH!AN106,SSES!AN106) -> 0 | AO106: =CHOOSE(m_identity,ENWL!AO106, NPgN!AO106, NPgY!AO106, WMID!AO106, EMID!AO106, SWALES!AO106, SWEST!AO106, LPN!AO106,SPN!AO106,EPN!AO106,SPD!AO106,SPMW!AO106,SSEH!AO106,SSES!AO106) -> 0 | AP106: =CHOOSE(m_identity,ENWL!AP106, NPgN!AP106, NPgY!AP106, WMID!AP106, EMID!AP106, SWALES!AP106, SWEST!AP106, LPN!AP106,SPN!AP106,EPN!AP106,SPD!AP106,SPMW!AP106,SSEH!AP106,SSES!AP106) -> 0 | AQ106: =CHOOSE(m_identity,ENWL!AQ106, NPgN!AQ106, NPgY!AQ106, WMID!AQ106, EMID!AQ106, SWALES!AQ106, SWEST!AQ106, LPN!AQ106,SPN!AQ106,EPN!AQ106,SPD!AQ106,SPMW!AQ106,SSEH!AQ106,SSES!AQ106) -> 0
E107: Allocation to non-load related capex - asset replacement | G107: % | AJ107: =CHOOSE(m_identity,ENWL!AJ107, NPgN!AJ107, NPgY!AJ107, WMID!AJ107, EMID!AJ107, SWALES!AJ107, SWEST!AJ107, LPN!AJ107,SPN!AJ107,EPN!AJ107,SPD!AJ107,SPMW!AJ107,SSEH!AJ107,SSES!AJ107) -> 1 | AK107: =CHOOSE(m_identity,ENWL!AK107, NPgN!AK107, NPgY!AK107, WMID!AK107, EMID!AK107, SWALES!AK107, SWEST!AK107, LPN!AK107,SPN!AK107,EPN!AK107,SPD!AK107,SPMW!AK107,SSEH!AK107,SSES!AK107) -> 0.90842335 | AL107: =CHOOSE(m_identity,ENWL!AL107, NPgN!AL107, NPgY!AL107, WMID!AL107, EMID!AL107, SWALES!AL107, SWEST!AL107, LPN!AL107,SPN!AL107,EPN!AL107,SPD!AL107,SPMW!AL107,SSEH!AL107,SSES!AL107) -> 0.90843013 | AM107: =CHOOSE(m_identity,ENWL!AM107, NPgN!AM107, NPgY!AM107, WMID!AM107, EMID!AM107, SWALES!AM107, SWEST!AM107, LPN!AM107,SPN!AM107,EPN!AM107,SPD!AM107,SPMW!AM107,SSEH!AM107,SSES!AM107) -> 1 | AN107: =CHOOSE(m_identity,ENWL!AN107, NPgN!AN107, NPgY!AN107, WMID!AN107, EMID!AN107, SWALES!AN107, SWEST!AN107, LPN!AN107,SPN!AN107,EPN!AN107,SPD!AN107,SPMW!AN107,SSEH!AN107,SSES!AN107) -> 1 | AO107: =CHOOSE(m_identity,ENWL!AO107, NPgN!AO107, NPgY!AO107, WMID!AO107, EMID!AO107, SWALES!AO107, SWEST!AO107, LPN!AO107,SPN!AO107,EPN!AO107,SPD!AO107,SPMW!AO107,SSEH!AO107,SSES!AO107) -> 1 | AP107: =CHOOSE(m_identity,ENWL!AP107, NPgN!AP107, NPgY!AP107, WMID!AP107, EMID!AP107, SWALES!AP107, SWEST!AP107, LPN!AP107,SPN!AP107,EPN!AP107,SPD!AP107,SPMW!AP107,SSEH!AP107,SSES!AP107) -> 0.92210845 | AQ107: =CHOOSE(m_identity,ENWL!AQ107, NPgN!AQ107, NPgY!AQ107, WMID!AQ107, EMID!AQ107, SWALES!AQ107, SWEST!AQ107, LPN!AQ107,SPN!AQ107,EPN!AQ107,SPD!AQ107,SPMW!AQ107,SSEH!AQ107,SSES!AQ107) -> 0.92607364
E108: Allocation to non-load related capex - other | G108: % | AJ108: =CHOOSE(m_identity,ENWL!AJ108, NPgN!AJ108, NPgY!AJ108, WMID!AJ108, EMID!AJ108, SWALES!AJ108, SWEST!AJ108, LPN!AJ108,SPN!AJ108,EPN!AJ108,SPD!AJ108,SPMW!AJ108,SSEH!AJ108,SSES!AJ108) -> 0 | AK108: =CHOOSE(m_identity,ENWL!AK108, NPgN!AK108, NPgY!AK108, WMID!AK108, EMID!AK108, SWALES!AK108, SWEST!AK108, LPN!AK108,SPN!AK108,EPN!AK108,SPD!AK108,SPMW!AK108,SSEH!AK108,SSES!AK108) -> 0 | AL108: =CHOOSE(m_identity,ENWL!AL108, NPgN!AL108, NPgY!AL108, WMID!AL108, EMID!AL108, SWALES!AL108, SWEST!AL108, LPN!AL108,SPN!AL108,EPN!AL108,SPD!AL108,SPMW!AL108,SSEH!AL108,SSES!AL108) -> 0 | AM108: =CHOOSE(m_identity,ENWL!AM108, NPgN!AM108, NPgY!AM108, WMID!AM108, EMID!AM108, SWALES!AM108, SWEST!AM108, LPN!AM108,SPN!AM108,EPN!AM108,SPD!AM108,SPMW!AM108,SSEH!AM108,SSES!AM108) -> 0 | AN108: =CHOOSE(m_identity,ENWL!AN108, NPgN!AN108, NPgY!AN108, WMID!AN108, EMID!AN108, SWALES!AN108, SWEST!AN108, LPN!AN108,SPN!AN108,EPN!AN108,SPD!AN108,SPMW!AN108,SSEH!AN108,SSES!AN108) -> 0 | AO108: =CHOOSE(m_identity,ENWL!AO108, NPgN!AO108, NPgY!AO108, WMID!AO108, EMID!AO108, SWALES!AO108, SWEST!AO108, LPN!AO108,SPN!AO108,EPN!AO108,SPD!AO108,SPMW!AO108,SSEH!AO108,SSES!AO108) -> 0 | AP108: =CHOOSE(m_identity,ENWL!AP108, NPgN!AP108, NPgY!AP108, WMID!AP108, EMID!AP108, SWALES!AP108, SWEST!AP108, LPN!AP108,SPN!AP108,EPN!AP108,SPD!AP108,SPMW!AP108,SSEH!AP108,SSES!AP108) -> 0 | AQ108: =CHOOSE(m_identity,ENWL!AQ108, NPgN!AQ108, NPgY!AQ108, WMID!AQ108, EMID!AQ108, SWALES!AQ108, SWEST!AQ108, LPN!AQ108,SPN!AQ108,EPN!AQ108,SPD!AQ108,SPMW!AQ108,SSEH!AQ108,SSES!AQ108) -> 0
E109: Allocation to faults | G109: % | AJ109: =CHOOSE(m_identity,ENWL!AJ109, NPgN!AJ109, NPgY!AJ109, WMID!AJ109, EMID!AJ109, SWALES!AJ109, SWEST!AJ109, LPN!AJ109,SPN!AJ109,EPN!AJ109,SPD!AJ109,SPMW!AJ109,SSEH!AJ109,SSES!AJ109) -> 0 | AK109: =CHOOSE(m_identity,ENWL!AK109, NPgN!AK109, NPgY!AK109, WMID!AK109, EMID!AK109, SWALES!AK109, SWEST!AK109, LPN!AK109,SPN!AK109,EPN!AK109,SPD!AK109,SPMW!AK109,SSEH!AK109,SSES!AK109) -> 0 | AL109: =CHOOSE(m_identity,ENWL!AL109, NPgN!AL109, NPgY!AL109, WMID!AL109, EMID!AL109, SWALES!AL109, SWEST!AL109, LPN!AL109,SPN!AL109,EPN!AL109,SPD!AL109,SPMW!AL109,SSEH!AL109,SSES!AL109) -> 0 | AM109: =CHOOSE(m_identity,ENWL!AM109, NPgN!AM109, NPgY!AM109, WMID!AM109, EMID!AM109, SWALES!AM109, SWEST!AM109, LPN!AM109,SPN!AM109,EPN!AM109,SPD!AM109,SPMW!AM109,SSEH!AM109,SSES!AM109) -> 0 | AN109: =CHOOSE(m_identity,ENWL!AN109, NPgN!AN109, NPgY!AN109, WMID!AN109, EMID!AN109, SWALES!AN109, SWEST!AN109, LPN!AN109,SPN!AN109,EPN!AN109,SPD!AN109,SPMW!AN109,SSEH!AN109,SSES!AN109) -> 0 | AO109: =CHOOSE(m_identity,ENWL!AO109, NPgN!AO109, NPgY!AO109, WMID!AO109, EMID!AO109, SWALES!AO109, SWEST!AO109, LPN!AO109,SPN!AO109,EPN!AO109,SPD!AO109,SPMW!AO109,SSEH!AO109,SSES!AO109) -> 0 | AP109: =CHOOSE(m_identity,ENWL!AP109, NPgN!AP109, NPgY!AP109, WMID!AP109, EMID!AP109, SWALES!AP109, SWEST!AP109, LPN!AP109,SPN!AP109,EPN!AP109,SPD!AP109,SPMW!AP109,SSEH!AP109,SSES!AP109) -> 0 | AQ109: =CHOOSE(m_identity,ENWL!AQ109, NPgN!AQ109, NPgY!AQ109, WMID!AQ109, EMID!AQ109, SWALES!AQ109, SWEST!AQ109, LPN!AQ109,SPN!AQ109,EPN!AQ109,SPD!AQ109,SPMW!AQ109,SSEH!AQ109,SSES!AQ109) -> 0
E110: Allocation to tree cutting | G110: % | AJ110: =CHOOSE(m_identity,ENWL!AJ110, NPgN!AJ110, NPgY!AJ110, WMID!AJ110, EMID!AJ110, SWALES!AJ110, SWEST!AJ110, LPN!AJ110,SPN!AJ110,EPN!AJ110,SPD!AJ110,SPMW!AJ110,SSEH!AJ110,SSES!AJ110) -> 0 | AK110: =CHOOSE(m_identity,ENWL!AK110, NPgN!AK110, NPgY!AK110, WMID!AK110, EMID!AK110, SWALES!AK110, SWEST!AK110, LPN!AK110,SPN!AK110,EPN!AK110,SPD!AK110,SPMW!AK110,SSEH!AK110,SSES!AK110) -> 0 | AL110: =CHOOSE(m_identity,ENWL!AL110, NPgN!AL110, NPgY!AL110, WMID!AL110, EMID!AL110, SWALES!AL110, SWEST!AL110, LPN!AL110,SPN!AL110,EPN!AL110,SPD!AL110,SPMW!AL110,SSEH!AL110,SSES!AL110) -> 0 | AM110: =CHOOSE(m_identity,ENWL!AM110, NPgN!AM110, NPgY!AM110, WMID!AM110, EMID!AM110, SWALES!AM110, SWEST!AM110, LPN!AM110,SPN!AM110,EPN!AM110,SPD!AM110,SPMW!AM110,SSEH!AM110,SSES!AM110) -> 0 | AN110: =CHOOSE(m_identity,ENWL!AN110, NPgN!AN110, NPgY!AN110, WMID!AN110, EMID!AN110, SWALES!AN110, SWEST!AN110, LPN!AN110,SPN!AN110,EPN!AN110,SPD!AN110,SPMW!AN110,SSEH!AN110,SSES!AN110) -> 0 | AO110: =CHOOSE(m_identity,ENWL!AO110, NPgN!AO110, NPgY!AO110, WMID!AO110, EMID!AO110, SWALES!AO110, SWEST!AO110, LPN!AO110,SPN!AO110,EPN!AO110,SPD!AO110,SPMW!AO110,SSEH!AO110,SSES!AO110) -> 0 | AP110: =CHOOSE(m_identity,ENWL!AP110, NPgN!AP110, NPgY!AP110, WMID!AP110, EMID!AP110, SWALES!AP110, SWEST!AP110, LPN!AP110,SPN!AP110,EPN!AP110,SPD!AP110,SPMW!AP110,SSEH!AP110,SSES!AP110) -> 0 | AQ110: =CHOOSE(m_identity,ENWL!AQ110, NPgN!AQ110, NPgY!AQ110, WMID!AQ110, EMID!AQ110, SWALES!AQ110, SWEST!AQ110, LPN!AQ110,SPN!AQ110,EPN!AQ110,SPD!AQ110,SPMW!AQ110,SSEH!AQ110,SSES!AQ110) -> 0
E111: Allocation to 100% ‘revenue pool’ expenditure | G111: % | AJ111: =CHOOSE(m_identity,ENWL!AJ111, NPgN!AJ111, NPgY!AJ111, WMID!AJ111, EMID!AJ111, SWALES!AJ111, SWEST!AJ111, LPN!AJ111,SPN!AJ111,EPN!AJ111,SPD!AJ111,SPMW!AJ111,SSEH!AJ111,SSES!AJ111) -> 0 | AK111: =CHOOSE(m_identity,ENWL!AK111, NPgN!AK111, NPgY!AK111, WMID!AK111, EMID!AK111, SWALES!AK111, SWEST!AK111, LPN!AK111,SPN!AK111,EPN!AK111,SPD!AK111,SPMW!AK111,SSEH!AK111,SSES!AK111) -> 0.091576649 | AL111: =CHOOSE(m_identity,ENWL!AL111, NPgN!AL111, NPgY!AL111, WMID!AL111, EMID!AL111, SWALES!AL111, SWEST!AL111, LPN!AL111,SPN!AL111,EPN!AL111,SPD!AL111,SPMW!AL111,SSEH!AL111,SSES!AL111) -> 0.091569873 | AM111: =CHOOSE(m_identity,ENWL!AM111, NPgN!AM111, NPgY!AM111, WMID!AM111, EMID!AM111, SWALES!AM111, SWEST!AM111, LPN!AM111,SPN!AM111,EPN!AM111,SPD!AM111,SPMW!AM111,SSEH!AM111,SSES!AM111) -> 0 | AN111: =CHOOSE(m_identity,ENWL!AN111, NPgN!AN111, NPgY!AN111, WMID!AN111, EMID!AN111, SWALES!AN111, SWEST!AN111, LPN!AN111,SPN!AN111,EPN!AN111,SPD!AN111,SPMW!AN111,SSEH!AN111,SSES!AN111) -> 0 | AO111: =CHOOSE(m_identity,ENWL!AO111, NPgN!AO111, NPgY!AO111, WMID!AO111, EMID!AO111, SWALES!AO111, SWEST!AO111, LPN!AO111,SPN!AO111,EPN!AO111,SPD!AO111,SPMW!AO111,SSEH!AO111,SSES!AO111) -> 0 | AP111: =CHOOSE(m_identity,ENWL!AP111, NPgN!AP111, NPgY!AP111, WMID!AP111, EMID!AP111, SWALES!AP111, SWEST!AP111, LPN!AP111,SPN!AP111,EPN!AP111,SPD!AP111,SPMW!AP111,SSEH!AP111,SSES!AP111) -> 0.077891553 | AQ111: =CHOOSE(m_identity,ENWL!AQ111, NPgN!AQ111, NPgY!AQ111, WMID!AQ111, EMID!AQ111, SWALES!AQ111, SWEST!AQ111, LPN!AQ111,SPN!AQ111,EPN!AQ111,SPD!AQ111,SPMW!AQ111,SSEH!AQ111,SSES!AQ111) -> 0.073926364
E112: Allocation to controllable opex | G112: % | AJ112: =CHOOSE(m_identity,ENWL!AJ112, NPgN!AJ112, NPgY!AJ112, WMID!AJ112, EMID!AJ112, SWALES!AJ112, SWEST!AJ112, LPN!AJ112,SPN!AJ112,EPN!AJ112,SPD!AJ112,SPMW!AJ112,SSEH!AJ112,SSES!AJ112) -> 0 | AK112: =CHOOSE(m_identity,ENWL!AK112, NPgN!AK112, NPgY!AK112, WMID!AK112, EMID!AK112, SWALES!AK112, SWEST!AK112, LPN!AK112,SPN!AK112,EPN!AK112,SPD!AK112,SPMW!AK112,SSEH!AK112,SSES!AK112) -> 0 | AL112: =CHOOSE(m_identity,ENWL!AL112, NPgN!AL112, NPgY!AL112, WMID!AL112, EMID!AL112, SWALES!AL112, SWEST!AL112, LPN!AL112,SPN!AL112,EPN!AL112,SPD!AL112,SPMW!AL112,SSEH!AL112,SSES!AL112) -> 0 | AM112: =CHOOSE(m_identity,ENWL!AM112, NPgN!AM112, NPgY!AM112, WMID!AM112, EMID!AM112, SWALES!AM112, SWEST!AM112, LPN!AM112,SPN!AM112,EPN!AM112,SPD!AM112,SPMW!AM112,SSEH!AM112,SSES!AM112) -> 0 | AN112: =CHOOSE(m_identity,ENWL!AN112, NPgN!AN112, NPgY!AN112, WMID!AN112, EMID!AN112, SWALES!AN112, SWEST!AN112, LPN!AN112,SPN!AN112,EPN!AN112,SPD!AN112,SPMW!AN112,SSEH!AN112,SSES!AN112) -> 0 | AO112: =CHOOSE(m_identity,ENWL!AO112, NPgN!AO112, NPgY!AO112, WMID!AO112, EMID!AO112, SWALES!AO112, SWEST!AO112, LPN!AO112,SPN!AO112,EPN!AO112,SPD!AO112,SPMW!AO112,SSEH!AO112,SSES!AO112) -> 0 | AP112: =CHOOSE(m_identity,ENWL!AP112, NPgN!AP112, NPgY!AP112, WMID!AP112, EMID!AP112, SWALES!AP112, SWEST!AP112, LPN!AP112,SPN!AP112,EPN!AP112,SPD!AP112,SPMW!AP112,SSEH!AP112,SSES!AP112) -> 0 | AQ112: =CHOOSE(m_identity,ENWL!AQ112, NPgN!AQ112, NPgY!AQ112, WMID!AQ112, EMID!AQ112, SWALES!AQ112, SWEST!AQ112, LPN!AQ112,SPN!AQ112,EPN!AQ112,SPD!AQ112,SPMW!AQ112,SSEH!AQ112,SSES!AQ112) -> 0
E114: =E20 -> Allowed Expenditure - High Value Projects | G114: £m 12/13 prices | AJ114: =AJ20 -> 5.201285 | AK114: =AK20 -> 6.3715574 | AL114: =AL20 -> 6.354772 | AM114: =AM20 -> 5.9505841 | AN114: =AN20 -> 4.9613311 | AO114: =AO20 -> 2.9872918 | AP114: =AP20 -> 0 | AQ114: =AQ20 -> 0
E115: Allocation to load related capex | G115: % | AJ115: =CHOOSE(m_identity,ENWL!AJ115, NPgN!AJ115, NPgY!AJ115, WMID!AJ115, EMID!AJ115, SWALES!AJ115, SWEST!AJ115, LPN!AJ115,SPN!AJ115,EPN!AJ115,SPD!AJ115,SPMW!AJ115,SSEH!AJ115,SSES!AJ115) -> 0 | AK115: =CHOOSE(m_identity,ENWL!AK115, NPgN!AK115, NPgY!AK115, WMID!AK115, EMID!AK115, SWALES!AK115, SWEST!AK115, LPN!AK115,SPN!AK115,EPN!AK115,SPD!AK115,SPMW!AK115,SSEH!AK115,SSES!AK115) -> 0 | AL115: =CHOOSE(m_identity,ENWL!AL115, NPgN!AL115, NPgY!AL115, WMID!AL115, EMID!AL115, SWALES!AL115, SWEST!AL115, LPN!AL115,SPN!AL115,EPN!AL115,SPD!AL115,SPMW!AL115,SSEH!AL115,SSES!AL115) -> 0 | AM115: =CHOOSE(m_identity,ENWL!AM115, NPgN!AM115, NPgY!AM115, WMID!AM115, EMID!AM115, SWALES!AM115, SWEST!AM115, LPN!AM115,SPN!AM115,EPN!AM115,SPD!AM115,SPMW!AM115,SSEH!AM115,SSES!AM115) -> 0 | AN115: =CHOOSE(m_identity,ENWL!AN115, NPgN!AN115, NPgY!AN115, WMID!AN115, EMID!AN115, SWALES!AN115, SWEST!AN115, LPN!AN115,SPN!AN115,EPN!AN115,SPD!AN115,SPMW!AN115,SSEH!AN115,SSES!AN115) -> 0 | AO115: =CHOOSE(m_identity,ENWL!AO115, NPgN!AO115, NPgY!AO115, WMID!AO115, EMID!AO115, SWALES!AO115, SWEST!AO115, LPN!AO115,SPN!AO115,EPN!AO115,SPD!AO115,SPMW!AO115,SSEH!AO115,SSES!AO115) -> 0 | AP115: =CHOOSE(m_identity,ENWL!AP115, NPgN!AP115, NPgY!AP115, WMID!AP115, EMID!AP115, SWALES!AP115, SWEST!AP115, LPN!AP115,SPN!AP115,EPN!AP115,SPD!AP115,SPMW!AP115,SSEH!AP115,SSES!AP115) -> 0 | AQ115: =CHOOSE(m_identity,ENWL!AQ115, NPgN!AQ115, NPgY!AQ115, WMID!AQ115, EMID!AQ115, SWALES!AQ115, SWEST!AQ115, LPN!AQ115,SPN!AQ115,EPN!AQ115,SPD!AQ115,SPMW!AQ115,SSEH!AQ115,SSES!AQ115) -> 0
E116: Allocation to non-load related capex - asset replacement | G116: % | AJ116: =CHOOSE(m_identity,ENWL!AJ116, NPgN!AJ116, NPgY!AJ116, WMID!AJ116, EMID!AJ116, SWALES!AJ116, SWEST!AJ116, LPN!AJ116,SPN!AJ116,EPN!AJ116,SPD!AJ116,SPMW!AJ116,SSEH!AJ116,SSES!AJ116) -> 0.99283539 | AK116: =CHOOSE(m_identity,ENWL!AK116, NPgN!AK116, NPgY!AK116, WMID!AK116, EMID!AK116, SWALES!AK116, SWEST!AK116, LPN!AK116,SPN!AK116,EPN!AK116,SPD!AK116,SPMW!AK116,SSEH!AK116,SSES!AK116) -> 0.99283539 | AL116: =CHOOSE(m_identity,ENWL!AL116, NPgN!AL116, NPgY!AL116, WMID!AL116, EMID!AL116, SWALES!AL116, SWEST!AL116, LPN!AL116,SPN!AL116,EPN!AL116,SPD!AL116,SPMW!AL116,SSEH!AL116,SSES!AL116) -> 0.99283539 | AM116: =CHOOSE(m_identity,ENWL!AM116, NPgN!AM116, NPgY!AM116, WMID!AM116, EMID!AM116, SWALES!AM116, SWEST!AM116, LPN!AM116,SPN!AM116,EPN!AM116,SPD!AM116,SPMW!AM116,SSEH!AM116,SSES!AM116) -> 0.99283539 | AN116: =CHOOSE(m_identity,ENWL!AN116, NPgN!AN116, NPgY!AN116, WMID!AN116, EMID!AN116, SWALES!AN116, SWEST!AN116, LPN!AN116,SPN!AN116,EPN!AN116,SPD!AN116,SPMW!AN116,SSEH!AN116,SSES!AN116) -> 0.99283539 | AO116: =CHOOSE(m_identity,ENWL!AO116, NPgN!AO116, NPgY!AO116, WMID!AO116, EMID!AO116, SWALES!AO116, SWEST!AO116, LPN!AO116,SPN!AO116,EPN!AO116,SPD!AO116,SPMW!AO116,SSEH!AO116,SSES!AO116) -> 0.99283539 | AP116: =CHOOSE(m_identity,ENWL!AP116, NPgN!AP116, NPgY!AP116, WMID!AP116, EMID!AP116, SWALES!AP116, SWEST!AP116, LPN!AP116,SPN!AP116,EPN!AP116,SPD!AP116,SPMW!AP116,SSEH!AP116,SSES!AP116) -> 0 | AQ116: =CHOOSE(m_identity,ENWL!AQ116, NPgN!AQ116, NPgY!AQ116, WMID!AQ116, EMID!AQ116, SWALES!AQ116, SWEST!AQ116, LPN!AQ116,SPN!AQ116,EPN!AQ116,SPD!AQ116,SPMW!AQ116,SSEH!AQ116,SSES!AQ116) -> 0
E117: Allocation to non-load related capex - other | G117: % | AJ117: =CHOOSE(m_identity,ENWL!AJ117, NPgN!AJ117, NPgY!AJ117, WMID!AJ117, EMID!AJ117, SWALES!AJ117, SWEST!AJ117, LPN!AJ117,SPN!AJ117,EPN!AJ117,SPD!AJ117,SPMW!AJ117,SSEH!AJ117,SSES!AJ117) -> 0 | AK117: =CHOOSE(m_identity,ENWL!AK117, NPgN!AK117, NPgY!AK117, WMID!AK117, EMID!AK117, SWALES!AK117, SWEST!AK117, LPN!AK117,SPN!AK117,EPN!AK117,SPD!AK117,SPMW!AK117,SSEH!AK117,SSES!AK117) -> 0 | AL117: =CHOOSE(m_identity,ENWL!AL117, NPgN!AL117, NPgY!AL117, WMID!AL117, EMID!AL117, SWALES!AL117, SWEST!AL117, LPN!AL117,SPN!AL117,EPN!AL117,SPD!AL117,SPMW!AL117,SSEH!AL117,SSES!AL117) -> 0 | AM117: =CHOOSE(m_identity,ENWL!AM117, NPgN!AM117, NPgY!AM117, WMID!AM117, EMID!AM117, SWALES!AM117, SWEST!AM117, LPN!AM117,SPN!AM117,EPN!AM117,SPD!AM117,SPMW!AM117,SSEH!AM117,SSES!AM117) -> 0 | AN117: =CHOOSE(m_identity,ENWL!AN117, NPgN!AN117, NPgY!AN117, WMID!AN117, EMID!AN117, SWALES!AN117, SWEST!AN117, LPN!AN117,SPN!AN117,EPN!AN117,SPD!AN117,SPMW!AN117,SSEH!AN117,SSES!AN117) -> 0 | AO117: =CHOOSE(m_identity,ENWL!AO117, NPgN!AO117, NPgY!AO117, WMID!AO117, EMID!AO117, SWALES!AO117, SWEST!AO117, LPN!AO117,SPN!AO117,EPN!AO117,SPD!AO117,SPMW!AO117,SSEH!AO117,SSES!AO117) -> 0 | AP117: =CHOOSE(m_identity,ENWL!AP117, NPgN!AP117, NPgY!AP117, WMID!AP117, EMID!AP117, SWALES!AP117, SWEST!AP117, LPN!AP117,SPN!AP117,EPN!AP117,SPD!AP117,SPMW!AP117,SSEH!AP117,SSES!AP117) -> 0 | AQ117: =CHOOSE(m_identity,ENWL!AQ117, NPgN!AQ117, NPgY!AQ117, WMID!AQ117, EMID!AQ117, SWALES!AQ117, SWEST!AQ117, LPN!AQ117,SPN!AQ117,EPN!AQ117,SPD!AQ117,SPMW!AQ117,SSEH!AQ117,SSES!AQ117) -> 0
E118: Allocation to faults | G118: % | AJ118: =CHOOSE(m_identity,ENWL!AJ118, NPgN!AJ118, NPgY!AJ118, WMID!AJ118, EMID!AJ118, SWALES!AJ118, SWEST!AJ118, LPN!AJ118,SPN!AJ118,EPN!AJ118,SPD!AJ118,SPMW!AJ118,SSEH!AJ118,SSES!AJ118) -> 0 | AK118: =CHOOSE(m_identity,ENWL!AK118, NPgN!AK118, NPgY!AK118, WMID!AK118, EMID!AK118, SWALES!AK118, SWEST!AK118, LPN!AK118,SPN!AK118,EPN!AK118,SPD!AK118,SPMW!AK118,SSEH!AK118,SSES!AK118) -> 0 | AL118: =CHOOSE(m_identity,ENWL!AL118, NPgN!AL118, NPgY!AL118, WMID!AL118, EMID!AL118, SWALES!AL118, SWEST!AL118, LPN!AL118,SPN!AL118,EPN!AL118,SPD!AL118,SPMW!AL118,SSEH!AL118,SSES!AL118) -> 0 | AM118: =CHOOSE(m_identity,ENWL!AM118, NPgN!AM118, NPgY!AM118, WMID!AM118, EMID!AM118, SWALES!AM118, SWEST!AM118, LPN!AM118,SPN!AM118,EPN!AM118,SPD!AM118,SPMW!AM118,SSEH!AM118,SSES!AM118) -> 0 | AN118: =CHOOSE(m_identity,ENWL!AN118, NPgN!AN118, NPgY!AN118, WMID!AN118, EMID!AN118, SWALES!AN118, SWEST!AN118, LPN!AN118,SPN!AN118,EPN!AN118,SPD!AN118,SPMW!AN118,SSEH!AN118,SSES!AN118) -> 0 | AO118: =CHOOSE(m_identity,ENWL!AO118, NPgN!AO118, NPgY!AO118, WMID!AO118, EMID!AO118, SWALES!AO118, SWEST!AO118, LPN!AO118,SPN!AO118,EPN!AO118,SPD!AO118,SPMW!AO118,SSEH!AO118,SSES!AO118) -> 0 | AP118: =CHOOSE(m_identity,ENWL!AP118, NPgN!AP118, NPgY!AP118, WMID!AP118, EMID!AP118, SWALES!AP118, SWEST!AP118, LPN!AP118,SPN!AP118,EPN!AP118,SPD!AP118,SPMW!AP118,SSEH!AP118,SSES!AP118) -> 0 | AQ118: =CHOOSE(m_identity,ENWL!AQ118, NPgN!AQ118, NPgY!AQ118, WMID!AQ118, EMID!AQ118, SWALES!AQ118, SWEST!AQ118, LPN!AQ118,SPN!AQ118,EPN!AQ118,SPD!AQ118,SPMW!AQ118,SSEH!AQ118,SSES!AQ118) -> 0
E119: Allocation to tree cutting | G119: % | AJ119: =CHOOSE(m_identity,ENWL!AJ119, NPgN!AJ119, NPgY!AJ119, WMID!AJ119, EMID!AJ119, SWALES!AJ119, SWEST!AJ119, LPN!AJ119,SPN!AJ119,EPN!AJ119,SPD!AJ119,SPMW!AJ119,SSEH!AJ119,SSES!AJ119) -> 0 | AK119: =CHOOSE(m_identity,ENWL!AK119, NPgN!AK119, NPgY!AK119, WMID!AK119, EMID!AK119, SWALES!AK119, SWEST!AK119, LPN!AK119,SPN!AK119,EPN!AK119,SPD!AK119,SPMW!AK119,SSEH!AK119,SSES!AK119) -> 0 | AL119: =CHOOSE(m_identity,ENWL!AL119, NPgN!AL119, NPgY!AL119, WMID!AL119, EMID!AL119, SWALES!AL119, SWEST!AL119, LPN!AL119,SPN!AL119,EPN!AL119,SPD!AL119,SPMW!AL119,SSEH!AL119,SSES!AL119) -> 0 | AM119: =CHOOSE(m_identity,ENWL!AM119, NPgN!AM119, NPgY!AM119, WMID!AM119, EMID!AM119, SWALES!AM119, SWEST!AM119, LPN!AM119,SPN!AM119,EPN!AM119,SPD!AM119,SPMW!AM119,SSEH!AM119,SSES!AM119) -> 0 | AN119: =CHOOSE(m_identity,ENWL!AN119, NPgN!AN119, NPgY!AN119, WMID!AN119, EMID!AN119, SWALES!AN119, SWEST!AN119, LPN!AN119,SPN!AN119,EPN!AN119,SPD!AN119,SPMW!AN119,SSEH!AN119,SSES!AN119) -> 0 | AO119: =CHOOSE(m_identity,ENWL!AO119, NPgN!AO119, NPgY!AO119, WMID!AO119, EMID!AO119, SWALES!AO119, SWEST!AO119, LPN!AO119,SPN!AO119,EPN!AO119,SPD!AO119,SPMW!AO119,SSEH!AO119,SSES!AO119) -> 0 | AP119: =CHOOSE(m_identity,ENWL!AP119, NPgN!AP119, NPgY!AP119, WMID!AP119, EMID!AP119, SWALES!AP119, SWEST!AP119, LPN!AP119,SPN!AP119,EPN!AP119,SPD!AP119,SPMW!AP119,SSEH!AP119,SSES!AP119) -> 0 | AQ119: =CHOOSE(m_identity,ENWL!AQ119, NPgN!AQ119, NPgY!AQ119, WMID!AQ119, EMID!AQ119, SWALES!AQ119, SWEST!AQ119, LPN!AQ119,SPN!AQ119,EPN!AQ119,SPD!AQ119,SPMW!AQ119,SSEH!AQ119,SSES!AQ119) -> 0
E120: Allocation to 100% ‘revenue pool’ expenditure | G120: % | AJ120: =CHOOSE(m_identity,ENWL!AJ120, NPgN!AJ120, NPgY!AJ120, WMID!AJ120, EMID!AJ120, SWALES!AJ120, SWEST!AJ120, LPN!AJ120,SPN!AJ120,EPN!AJ120,SPD!AJ120,SPMW!AJ120,SSEH!AJ120,SSES!AJ120) -> 0.0071646117 | AK120: =CHOOSE(m_identity,ENWL!AK120, NPgN!AK120, NPgY!AK120, WMID!AK120, EMID!AK120, SWALES!AK120, SWEST!AK120, LPN!AK120,SPN!AK120,EPN!AK120,SPD!AK120,SPMW!AK120,SSEH!AK120,SSES!AK120) -> 0.0071646117 | AL120: =CHOOSE(m_identity,ENWL!AL120, NPgN!AL120, NPgY!AL120, WMID!AL120, EMID!AL120, SWALES!AL120, SWEST!AL120, LPN!AL120,SPN!AL120,EPN!AL120,SPD!AL120,SPMW!AL120,SSEH!AL120,SSES!AL120) -> 0.0071646117 | AM120: =CHOOSE(m_identity,ENWL!AM120, NPgN!AM120, NPgY!AM120, WMID!AM120, EMID!AM120, SWALES!AM120, SWEST!AM120, LPN!AM120,SPN!AM120,EPN!AM120,SPD!AM120,SPMW!AM120,SSEH!AM120,SSES!AM120) -> 0.0071646117 | AN120: =CHOOSE(m_identity,ENWL!AN120, NPgN!AN120, NPgY!AN120, WMID!AN120, EMID!AN120, SWALES!AN120, SWEST!AN120, LPN!AN120,SPN!AN120,EPN!AN120,SPD!AN120,SPMW!AN120,SSEH!AN120,SSES!AN120) -> 0.0071646117 | AO120: =CHOOSE(m_identity,ENWL!AO120, NPgN!AO120, NPgY!AO120, WMID!AO120, EMID!AO120, SWALES!AO120, SWEST!AO120, LPN!AO120,SPN!AO120,EPN!AO120,SPD!AO120,SPMW!AO120,SSEH!AO120,SSES!AO120) -> 0.0071646117 | AP120: =CHOOSE(m_identity,ENWL!AP120, NPgN!AP120, NPgY!AP120, WMID!AP120, EMID!AP120, SWALES!AP120, SWEST!AP120, LPN!AP120,SPN!AP120,EPN!AP120,SPD!AP120,SPMW!AP120,SSEH!AP120,SSES!AP120) -> 0 | AQ120: =CHOOSE(m_identity,ENWL!AQ120, NPgN!AQ120, NPgY!AQ120, WMID!AQ120, EMID!AQ120, SWALES!AQ120, SWEST!AQ120, LPN!AQ120,SPN!AQ120,EPN!AQ120,SPD!AQ120,SPMW!AQ120,SSEH!AQ120,SSES!AQ120) -> 0
E121: Allocation to controllable opex | G121: % | AJ121: =CHOOSE(m_identity,ENWL!AJ121, NPgN!AJ121, NPgY!AJ121, WMID!AJ121, EMID!AJ121, SWALES!AJ121, SWEST!AJ121, LPN!AJ121,SPN!AJ121,EPN!AJ121,SPD!AJ121,SPMW!AJ121,SSEH!AJ121,SSES!AJ121) -> 0 | AK121: =CHOOSE(m_identity,ENWL!AK121, NPgN!AK121, NPgY!AK121, WMID!AK121, EMID!AK121, SWALES!AK121, SWEST!AK121, LPN!AK121,SPN!AK121,EPN!AK121,SPD!AK121,SPMW!AK121,SSEH!AK121,SSES!AK121) -> 0 | AL121: =CHOOSE(m_identity,ENWL!AL121, NPgN!AL121, NPgY!AL121, WMID!AL121, EMID!AL121, SWALES!AL121, SWEST!AL121, LPN!AL121,SPN!AL121,EPN!AL121,SPD!AL121,SPMW!AL121,SSEH!AL121,SSES!AL121) -> 0 | AM121: =CHOOSE(m_identity,ENWL!AM121, NPgN!AM121, NPgY!AM121, WMID!AM121, EMID!AM121, SWALES!AM121, SWEST!AM121, LPN!AM121,SPN!AM121,EPN!AM121,SPD!AM121,SPMW!AM121,SSEH!AM121,SSES!AM121) -> 0 | AN121: =CHOOSE(m_identity,ENWL!AN121, NPgN!AN121, NPgY!AN121, WMID!AN121, EMID!AN121, SWALES!AN121, SWEST!AN121, LPN!AN121,SPN!AN121,EPN!AN121,SPD!AN121,SPMW!AN121,SSEH!AN121,SSES!AN121) -> 0 | AO121: =CHOOSE(m_identity,ENWL!AO121, NPgN!AO121, NPgY!AO121, WMID!AO121, EMID!AO121, SWALES!AO121, SWEST!AO121, LPN!AO121,SPN!AO121,EPN!AO121,SPD!AO121,SPMW!AO121,SSEH!AO121,SSES!AO121) -> 0 | AP121: =CHOOSE(m_identity,ENWL!AP121, NPgN!AP121, NPgY!AP121, WMID!AP121, EMID!AP121, SWALES!AP121, SWEST!AP121, LPN!AP121,SPN!AP121,EPN!AP121,SPD!AP121,SPMW!AP121,SSEH!AP121,SSES!AP121) -> 0 | AQ121: =CHOOSE(m_identity,ENWL!AQ121, NPgN!AQ121, NPgY!AQ121, WMID!AQ121, EMID!AQ121, SWALES!AQ121, SWEST!AQ121, LPN!AQ121,SPN!AQ121,EPN!AQ121,SPD!AQ121,SPMW!AQ121,SSEH!AQ121,SSES!AQ121) -> 0
E123: =E21 -> Allowed Expenditure - Visual Amenity Allowed (TIM neutral) | G123: £m 12/13 prices | AJ123: =AJ21 -> 0 | AK123: =AK21 -> 0 | AL123: =AL21 -> 0 | AM123: =AM21 -> 0 | AN123: =AN21 -> 0 | AO123: =AO21 -> 0 | AP123: =AP21 -> 0 | AQ123: =AQ21 -> 0
E124: Allocation to load related capex | G124: % | AJ124: =CHOOSE(m_identity,ENWL!AJ124, NPgN!AJ124, NPgY!AJ124, WMID!AJ124, EMID!AJ124, SWALES!AJ124, SWEST!AJ124, LPN!AJ124,SPN!AJ124,EPN!AJ124,SPD!AJ124,SPMW!AJ124,SSEH!AJ124,SSES!AJ124) -> 0 | AK124: =CHOOSE(m_identity,ENWL!AK124, NPgN!AK124, NPgY!AK124, WMID!AK124, EMID!AK124, SWALES!AK124, SWEST!AK124, LPN!AK124,SPN!AK124,EPN!AK124,SPD!AK124,SPMW!AK124,SSEH!AK124,SSES!AK124) -> 0 | AL124: =CHOOSE(m_identity,ENWL!AL124, NPgN!AL124, NPgY!AL124, WMID!AL124, EMID!AL124, SWALES!AL124, SWEST!AL124, LPN!AL124,SPN!AL124,EPN!AL124,SPD!AL124,SPMW!AL124,SSEH!AL124,SSES!AL124) -> 0 | AM124: =CHOOSE(m_identity,ENWL!AM124, NPgN!AM124, NPgY!AM124, WMID!AM124, EMID!AM124, SWALES!AM124, SWEST!AM124, LPN!AM124,SPN!AM124,EPN!AM124,SPD!AM124,SPMW!AM124,SSEH!AM124,SSES!AM124) -> 0 | AN124: =CHOOSE(m_identity,ENWL!AN124, NPgN!AN124, NPgY!AN124, WMID!AN124, EMID!AN124, SWALES!AN124, SWEST!AN124, LPN!AN124,SPN!AN124,EPN!AN124,SPD!AN124,SPMW!AN124,SSEH!AN124,SSES!AN124) -> 0 | AO124: =CHOOSE(m_identity,ENWL!AO124, NPgN!AO124, NPgY!AO124, WMID!AO124, EMID!AO124, SWALES!AO124, SWEST!AO124, LPN!AO124,SPN!AO124,EPN!AO124,SPD!AO124,SPMW!AO124,SSEH!AO124,SSES!AO124) -> 0 | AP124: =CHOOSE(m_identity,ENWL!AP124, NPgN!AP124, NPgY!AP124, WMID!AP124, EMID!AP124, SWALES!AP124, SWEST!AP124, LPN!AP124,SPN!AP124,EPN!AP124,SPD!AP124,SPMW!AP124,SSEH!AP124,SSES!AP124) -> 0 | AQ124: =CHOOSE(m_identity,ENWL!AQ124, NPgN!AQ124, NPgY!AQ124, WMID!AQ124, EMID!AQ124, SWALES!AQ124, SWEST!AQ124, LPN!AQ124,SPN!AQ124,EPN!AQ124,SPD!AQ124,SPMW!AQ124,SSEH!AQ124,SSES!AQ124) -> 0
E125: Allocation to non-load related capex - asset replacement | G125: % | AJ125: =CHOOSE(m_identity,ENWL!AJ125, NPgN!AJ125, NPgY!AJ125, WMID!AJ125, EMID!AJ125, SWALES!AJ125, SWEST!AJ125, LPN!AJ125,SPN!AJ125,EPN!AJ125,SPD!AJ125,SPMW!AJ125,SSEH!AJ125,SSES!AJ125) -> 0 | AK125: =CHOOSE(m_identity,ENWL!AK125, NPgN!AK125, NPgY!AK125, WMID!AK125, EMID!AK125, SWALES!AK125, SWEST!AK125, LPN!AK125,SPN!AK125,EPN!AK125,SPD!AK125,SPMW!AK125,SSEH!AK125,SSES!AK125) -> 0 | AL125: =CHOOSE(m_identity,ENWL!AL125, NPgN!AL125, NPgY!AL125, WMID!AL125, EMID!AL125, SWALES!AL125, SWEST!AL125, LPN!AL125,SPN!AL125,EPN!AL125,SPD!AL125,SPMW!AL125,SSEH!AL125,SSES!AL125) -> 0 | AM125: =CHOOSE(m_identity,ENWL!AM125, NPgN!AM125, NPgY!AM125, WMID!AM125, EMID!AM125, SWALES!AM125, SWEST!AM125, LPN!AM125,SPN!AM125,EPN!AM125,SPD!AM125,SPMW!AM125,SSEH!AM125,SSES!AM125) -> 0 | AN125: =CHOOSE(m_identity,ENWL!AN125, NPgN!AN125, NPgY!AN125, WMID!AN125, EMID!AN125, SWALES!AN125, SWEST!AN125, LPN!AN125,SPN!AN125,EPN!AN125,SPD!AN125,SPMW!AN125,SSEH!AN125,SSES!AN125) -> 0 | AO125: =CHOOSE(m_identity,ENWL!AO125, NPgN!AO125, NPgY!AO125, WMID!AO125, EMID!AO125, SWALES!AO125, SWEST!AO125, LPN!AO125,SPN!AO125,EPN!AO125,SPD!AO125,SPMW!AO125,SSEH!AO125,SSES!AO125) -> 0 | AP125: =CHOOSE(m_identity,ENWL!AP125, NPgN!AP125, NPgY!AP125, WMID!AP125, EMID!AP125, SWALES!AP125, SWEST!AP125, LPN!AP125,SPN!AP125,EPN!AP125,SPD!AP125,SPMW!AP125,SSEH!AP125,SSES!AP125) -> 0 | AQ125: =CHOOSE(m_identity,ENWL!AQ125, NPgN!AQ125, NPgY!AQ125, WMID!AQ125, EMID!AQ125, SWALES!AQ125, SWEST!AQ125, LPN!AQ125,SPN!AQ125,EPN!AQ125,SPD!AQ125,SPMW!AQ125,SSEH!AQ125,SSES!AQ125) -> 0
E126: Allocation to non-load related capex - other | G126: % | AJ126: =CHOOSE(m_identity,ENWL!AJ126, NPgN!AJ126, NPgY!AJ126, WMID!AJ126, EMID!AJ126, SWALES!AJ126, SWEST!AJ126, LPN!AJ126,SPN!AJ126,EPN!AJ126,SPD!AJ126,SPMW!AJ126,SSEH!AJ126,SSES!AJ126) -> 1 | AK126: =CHOOSE(m_identity,ENWL!AK126, NPgN!AK126, NPgY!AK126, WMID!AK126, EMID!AK126, SWALES!AK126, SWEST!AK126, LPN!AK126,SPN!AK126,EPN!AK126,SPD!AK126,SPMW!AK126,SSEH!AK126,SSES!AK126) -> 1 | AL126: =CHOOSE(m_identity,ENWL!AL126, NPgN!AL126, NPgY!AL126, WMID!AL126, EMID!AL126, SWALES!AL126, SWEST!AL126, LPN!AL126,SPN!AL126,EPN!AL126,SPD!AL126,SPMW!AL126,SSEH!AL126,SSES!AL126) -> 1 | AM126: =CHOOSE(m_identity,ENWL!AM126, NPgN!AM126, NPgY!AM126, WMID!AM126, EMID!AM126, SWALES!AM126, SWEST!AM126, LPN!AM126,SPN!AM126,EPN!AM126,SPD!AM126,SPMW!AM126,SSEH!AM126,SSES!AM126) -> 1 | AN126: =CHOOSE(m_identity,ENWL!AN126, NPgN!AN126, NPgY!AN126, WMID!AN126, EMID!AN126, SWALES!AN126, SWEST!AN126, LPN!AN126,SPN!AN126,EPN!AN126,SPD!AN126,SPMW!AN126,SSEH!AN126,SSES!AN126) -> 1 | AO126: =CHOOSE(m_identity,ENWL!AO126, NPgN!AO126, NPgY!AO126, WMID!AO126, EMID!AO126, SWALES!AO126, SWEST!AO126, LPN!AO126,SPN!AO126,EPN!AO126,SPD!AO126,SPMW!AO126,SSEH!AO126,SSES!AO126) -> 1 | AP126: =CHOOSE(m_identity,ENWL!AP126, NPgN!AP126, NPgY!AP126, WMID!AP126, EMID!AP126, SWALES!AP126, SWEST!AP126, LPN!AP126,SPN!AP126,EPN!AP126,SPD!AP126,SPMW!AP126,SSEH!AP126,SSES!AP126) -> 1 | AQ126: =CHOOSE(m_identity,ENWL!AQ126, NPgN!AQ126, NPgY!AQ126, WMID!AQ126, EMID!AQ126, SWALES!AQ126, SWEST!AQ126, LPN!AQ126,SPN!AQ126,EPN!AQ126,SPD!AQ126,SPMW!AQ126,SSEH!AQ126,SSES!AQ126) -> 1
E127: Allocation to faults | G127: % | AJ127: =CHOOSE(m_identity,ENWL!AJ127, NPgN!AJ127, NPgY!AJ127, WMID!AJ127, EMID!AJ127, SWALES!AJ127, SWEST!AJ127, LPN!AJ127,SPN!AJ127,EPN!AJ127,SPD!AJ127,SPMW!AJ127,SSEH!AJ127,SSES!AJ127) -> 0 | AK127: =CHOOSE(m_identity,ENWL!AK127, NPgN!AK127, NPgY!AK127, WMID!AK127, EMID!AK127, SWALES!AK127, SWEST!AK127, LPN!AK127,SPN!AK127,EPN!AK127,SPD!AK127,SPMW!AK127,SSEH!AK127,SSES!AK127) -> 0 | AL127: =CHOOSE(m_identity,ENWL!AL127, NPgN!AL127, NPgY!AL127, WMID!AL127, EMID!AL127, SWALES!AL127, SWEST!AL127, LPN!AL127,SPN!AL127,EPN!AL127,SPD!AL127,SPMW!AL127,SSEH!AL127,SSES!AL127) -> 0 | AM127: =CHOOSE(m_identity,ENWL!AM127, NPgN!AM127, NPgY!AM127, WMID!AM127, EMID!AM127, SWALES!AM127, SWEST!AM127, LPN!AM127,SPN!AM127,EPN!AM127,SPD!AM127,SPMW!AM127,SSEH!AM127,SSES!AM127) -> 0 | AN127: =CHOOSE(m_identity,ENWL!AN127, NPgN!AN127, NPgY!AN127, WMID!AN127, EMID!AN127, SWALES!AN127, SWEST!AN127, LPN!AN127,SPN!AN127,EPN!AN127,SPD!AN127,SPMW!AN127,SSEH!AN127,SSES!AN127) -> 0 | AO127: =CHOOSE(m_identity,ENWL!AO127, NPgN!AO127, NPgY!AO127, WMID!AO127, EMID!AO127, SWALES!AO127, SWEST!AO127, LPN!AO127,SPN!AO127,EPN!AO127,SPD!AO127,SPMW!AO127,SSEH!AO127,SSES!AO127) -> 0 | AP127: =CHOOSE(m_identity,ENWL!AP127, NPgN!AP127, NPgY!AP127, WMID!AP127, EMID!AP127, SWALES!AP127, SWEST!AP127, LPN!AP127,SPN!AP127,EPN!AP127,SPD!AP127,SPMW!AP127,SSEH!AP127,SSES!AP127) -> 0 | AQ127: =CHOOSE(m_identity,ENWL!AQ127, NPgN!AQ127, NPgY!AQ127, WMID!AQ127, EMID!AQ127, SWALES!AQ127, SWEST!AQ127, LPN!AQ127,SPN!AQ127,EPN!AQ127,SPD!AQ127,SPMW!AQ127,SSEH!AQ127,SSES!AQ127) -> 0
E128: Allocation to tree cutting | G128: % | AJ128: =CHOOSE(m_identity,ENWL!AJ128, NPgN!AJ128, NPgY!AJ128, WMID!AJ128, EMID!AJ128, SWALES!AJ128, SWEST!AJ128, LPN!AJ128,SPN!AJ128,EPN!AJ128,SPD!AJ128,SPMW!AJ128,SSEH!AJ128,SSES!AJ128) -> 0 | AK128: =CHOOSE(m_identity,ENWL!AK128, NPgN!AK128, NPgY!AK128, WMID!AK128, EMID!AK128, SWALES!AK128, SWEST!AK128, LPN!AK128,SPN!AK128,EPN!AK128,SPD!AK128,SPMW!AK128,SSEH!AK128,SSES!AK128) -> 0 | AL128: =CHOOSE(m_identity,ENWL!AL128, NPgN!AL128, NPgY!AL128, WMID!AL128, EMID!AL128, SWALES!AL128, SWEST!AL128, LPN!AL128,SPN!AL128,EPN!AL128,SPD!AL128,SPMW!AL128,SSEH!AL128,SSES!AL128) -> 0 | AM128: =CHOOSE(m_identity,ENWL!AM128, NPgN!AM128, NPgY!AM128, WMID!AM128, EMID!AM128, SWALES!AM128, SWEST!AM128, LPN!AM128,SPN!AM128,EPN!AM128,SPD!AM128,SPMW!AM128,SSEH!AM128,SSES!AM128) -> 0 | AN128: =CHOOSE(m_identity,ENWL!AN128, NPgN!AN128, NPgY!AN128, WMID!AN128, EMID!AN128, SWALES!AN128, SWEST!AN128, LPN!AN128,SPN!AN128,EPN!AN128,SPD!AN128,SPMW!AN128,SSEH!AN128,SSES!AN128) -> 0 | AO128: =CHOOSE(m_identity,ENWL!AO128, NPgN!AO128, NPgY!AO128, WMID!AO128, EMID!AO128, SWALES!AO128, SWEST!AO128, LPN!AO128,SPN!AO128,EPN!AO128,SPD!AO128,SPMW!AO128,SSEH!AO128,SSES!AO128) -> 0 | AP128: =CHOOSE(m_identity,ENWL!AP128, NPgN!AP128, NPgY!AP128, WMID!AP128, EMID!AP128, SWALES!AP128, SWEST!AP128, LPN!AP128,SPN!AP128,EPN!AP128,SPD!AP128,SPMW!AP128,SSEH!AP128,SSES!AP128) -> 0 | AQ128: =CHOOSE(m_identity,ENWL!AQ128, NPgN!AQ128, NPgY!AQ128, WMID!AQ128, EMID!AQ128, SWALES!AQ128, SWEST!AQ128, LPN!AQ128,SPN!AQ128,EPN!AQ128,SPD!AQ128,SPMW!AQ128,SSEH!AQ128,SSES!AQ128) -> 0
E129: Allocation to 100% ‘revenue pool’ expenditure | G129: % | AJ129: =CHOOSE(m_identity,ENWL!AJ129, NPgN!AJ129, NPgY!AJ129, WMID!AJ129, EMID!AJ129, SWALES!AJ129, SWEST!AJ129, LPN!AJ129,SPN!AJ129,EPN!AJ129,SPD!AJ129,SPMW!AJ129,SSEH!AJ129,SSES!AJ129) -> 0 | AK129: =CHOOSE(m_identity,ENWL!AK129, NPgN!AK129, NPgY!AK129, WMID!AK129, EMID!AK129, SWALES!AK129, SWEST!AK129, LPN!AK129,SPN!AK129,EPN!AK129,SPD!AK129,SPMW!AK129,SSEH!AK129,SSES!AK129) -> 0 | AL129: =CHOOSE(m_identity,ENWL!AL129, NPgN!AL129, NPgY!AL129, WMID!AL129, EMID!AL129, SWALES!AL129, SWEST!AL129, LPN!AL129,SPN!AL129,EPN!AL129,SPD!AL129,SPMW!AL129,SSEH!AL129,SSES!AL129) -> 0 | AM129: =CHOOSE(m_identity,ENWL!AM129, NPgN!AM129, NPgY!AM129, WMID!AM129, EMID!AM129, SWALES!AM129, SWEST!AM129, LPN!AM129,SPN!AM129,EPN!AM129,SPD!AM129,SPMW!AM129,SSEH!AM129,SSES!AM129) -> 0 | AN129: =CHOOSE(m_identity,ENWL!AN129, NPgN!AN129, NPgY!AN129, WMID!AN129, EMID!AN129, SWALES!AN129, SWEST!AN129, LPN!AN129,SPN!AN129,EPN!AN129,SPD!AN129,SPMW!AN129,SSEH!AN129,SSES!AN129) -> 0 | AO129: =CHOOSE(m_identity,ENWL!AO129, NPgN!AO129, NPgY!AO129, WMID!AO129, EMID!AO129, SWALES!AO129, SWEST!AO129, LPN!AO129,SPN!AO129,EPN!AO129,SPD!AO129,SPMW!AO129,SSEH!AO129,SSES!AO129) -> 0 | AP129: =CHOOSE(m_identity,ENWL!AP129, NPgN!AP129, NPgY!AP129, WMID!AP129, EMID!AP129, SWALES!AP129, SWEST!AP129, LPN!AP129,SPN!AP129,EPN!AP129,SPD!AP129,SPMW!AP129,SSEH!AP129,SSES!AP129) -> 0 | AQ129: =CHOOSE(m_identity,ENWL!AQ129, NPgN!AQ129, NPgY!AQ129, WMID!AQ129, EMID!AQ129, SWALES!AQ129, SWEST!AQ129, LPN!AQ129,SPN!AQ129,EPN!AQ129,SPD!AQ129,SPMW!AQ129,SSEH!AQ129,SSES!AQ129) -> 0
E130: Allocation to controllable opex | G130: % | AJ130: =CHOOSE(m_identity,ENWL!AJ130, NPgN!AJ130, NPgY!AJ130, WMID!AJ130, EMID!AJ130, SWALES!AJ130, SWEST!AJ130, LPN!AJ130,SPN!AJ130,EPN!AJ130,SPD!AJ130,SPMW!AJ130,SSEH!AJ130,SSES!AJ130) -> 0 | AK130: =CHOOSE(m_identity,ENWL!AK130, NPgN!AK130, NPgY!AK130, WMID!AK130, EMID!AK130, SWALES!AK130, SWEST!AK130, LPN!AK130,SPN!AK130,EPN!AK130,SPD!AK130,SPMW!AK130,SSEH!AK130,SSES!AK130) -> 0 | AL130: =CHOOSE(m_identity,ENWL!AL130, NPgN!AL130, NPgY!AL130, WMID!AL130, EMID!AL130, SWALES!AL130, SWEST!AL130, LPN!AL130,SPN!AL130,EPN!AL130,SPD!AL130,SPMW!AL130,SSEH!AL130,SSES!AL130) -> 0 | AM130: =CHOOSE(m_identity,ENWL!AM130, NPgN!AM130, NPgY!AM130, WMID!AM130, EMID!AM130, SWALES!AM130, SWEST!AM130, LPN!AM130,SPN!AM130,EPN!AM130,SPD!AM130,SPMW!AM130,SSEH!AM130,SSES!AM130) -> 0 | AN130: =CHOOSE(m_identity,ENWL!AN130, NPgN!AN130, NPgY!AN130, WMID!AN130, EMID!AN130, SWALES!AN130, SWEST!AN130, LPN!AN130,SPN!AN130,EPN!AN130,SPD!AN130,SPMW!AN130,SSEH!AN130,SSES!AN130) -> 0 | AO130: =CHOOSE(m_identity,ENWL!AO130, NPgN!AO130, NPgY!AO130, WMID!AO130, EMID!AO130, SWALES!AO130, SWEST!AO130, LPN!AO130,SPN!AO130,EPN!AO130,SPD!AO130,SPMW!AO130,SSEH!AO130,SSES!AO130) -> 0 | AP130: =CHOOSE(m_identity,ENWL!AP130, NPgN!AP130, NPgY!AP130, WMID!AP130, EMID!AP130, SWALES!AP130, SWEST!AP130, LPN!AP130,SPN!AP130,EPN!AP130,SPD!AP130,SPMW!AP130,SSEH!AP130,SSES!AP130) -> 0 | AQ130: =CHOOSE(m_identity,ENWL!AQ130, NPgN!AQ130, NPgY!AQ130, WMID!AQ130, EMID!AQ130, SWALES!AQ130, SWEST!AQ130, LPN!AQ130,SPN!AQ130,EPN!AQ130,SPD!AQ130,SPMW!AQ130,SSEH!AQ130,SSES!AQ130) -> 0
E132: =E22 -> Allowed Expenditure - Worst Served Customers Allowed (TIM neutral) | G132: £m 12/13 prices | AJ132: =AJ22 -> 0 | AK132: =AK22 -> 0 | AL132: =AL22 -> 0 | AM132: =AM22 -> 0 | AN132: =AN22 -> 0 | AO132: =AO22 -> 0 | AP132: =AP22 -> 0 | AQ132: =AQ22 -> 0
E133: Allocation to load related capex | G133: % | AJ133: =CHOOSE(m_identity,ENWL!AJ133, NPgN!AJ133, NPgY!AJ133, WMID!AJ133, EMID!AJ133, SWALES!AJ133, SWEST!AJ133, LPN!AJ133,SPN!AJ133,EPN!AJ133,SPD!AJ133,SPMW!AJ133,SSEH!AJ133,SSES!AJ133) -> 0 | AK133: =CHOOSE(m_identity,ENWL!AK133, NPgN!AK133, NPgY!AK133, WMID!AK133, EMID!AK133, SWALES!AK133, SWEST!AK133, LPN!AK133,SPN!AK133,EPN!AK133,SPD!AK133,SPMW!AK133,SSEH!AK133,SSES!AK133) -> 0 | AL133: =CHOOSE(m_identity,ENWL!AL133, NPgN!AL133, NPgY!AL133, WMID!AL133, EMID!AL133, SWALES!AL133, SWEST!AL133, LPN!AL133,SPN!AL133,EPN!AL133,SPD!AL133,SPMW!AL133,SSEH!AL133,SSES!AL133) -> 0 | AM133: =CHOOSE(m_identity,ENWL!AM133, NPgN!AM133, NPgY!AM133, WMID!AM133, EMID!AM133, SWALES!AM133, SWEST!AM133, LPN!AM133,SPN!AM133,EPN!AM133,SPD!AM133,SPMW!AM133,SSEH!AM133,SSES!AM133) -> 0 | AN133: =CHOOSE(m_identity,ENWL!AN133, NPgN!AN133, NPgY!AN133, WMID!AN133, EMID!AN133, SWALES!AN133, SWEST!AN133, LPN!AN133,SPN!AN133,EPN!AN133,SPD!AN133,SPMW!AN133,SSEH!AN133,SSES!AN133) -> 0 | AO133: =CHOOSE(m_identity,ENWL!AO133, NPgN!AO133, NPgY!AO133, WMID!AO133, EMID!AO133, SWALES!AO133, SWEST!AO133, LPN!AO133,SPN!AO133,EPN!AO133,SPD!AO133,SPMW!AO133,SSEH!AO133,SSES!AO133) -> 0 | AP133: =CHOOSE(m_identity,ENWL!AP133, NPgN!AP133, NPgY!AP133, WMID!AP133, EMID!AP133, SWALES!AP133, SWEST!AP133, LPN!AP133,SPN!AP133,EPN!AP133,SPD!AP133,SPMW!AP133,SSEH!AP133,SSES!AP133) -> 0 | AQ133: =CHOOSE(m_identity,ENWL!AQ133, NPgN!AQ133, NPgY!AQ133, WMID!AQ133, EMID!AQ133, SWALES!AQ133, SWEST!AQ133, LPN!AQ133,SPN!AQ133,EPN!AQ133,SPD!AQ133,SPMW!AQ133,SSEH!AQ133,SSES!AQ133) -> 0
E134: Allocation to non-load related capex - asset replacement | G134: % | AJ134: =CHOOSE(m_identity,ENWL!AJ134, NPgN!AJ134, NPgY!AJ134, WMID!AJ134, EMID!AJ134, SWALES!AJ134, SWEST!AJ134, LPN!AJ134,SPN!AJ134,EPN!AJ134,SPD!AJ134,SPMW!AJ134,SSEH!AJ134,SSES!AJ134) -> 0 | AK134: =CHOOSE(m_identity,ENWL!AK134, NPgN!AK134, NPgY!AK134, WMID!AK134, EMID!AK134, SWALES!AK134, SWEST!AK134, LPN!AK134,SPN!AK134,EPN!AK134,SPD!AK134,SPMW!AK134,SSEH!AK134,SSES!AK134) -> 0 | AL134: =CHOOSE(m_identity,ENWL!AL134, NPgN!AL134, NPgY!AL134, WMID!AL134, EMID!AL134, SWALES!AL134, SWEST!AL134, LPN!AL134,SPN!AL134,EPN!AL134,SPD!AL134,SPMW!AL134,SSEH!AL134,SSES!AL134) -> 0 | AM134: =CHOOSE(m_identity,ENWL!AM134, NPgN!AM134, NPgY!AM134, WMID!AM134, EMID!AM134, SWALES!AM134, SWEST!AM134, LPN!AM134,SPN!AM134,EPN!AM134,SPD!AM134,SPMW!AM134,SSEH!AM134,SSES!AM134) -> 0 | AN134: =CHOOSE(m_identity,ENWL!AN134, NPgN!AN134, NPgY!AN134, WMID!AN134, EMID!AN134, SWALES!AN134, SWEST!AN134, LPN!AN134,SPN!AN134,EPN!AN134,SPD!AN134,SPMW!AN134,SSEH!AN134,SSES!AN134) -> 0 | AO134: =CHOOSE(m_identity,ENWL!AO134, NPgN!AO134, NPgY!AO134, WMID!AO134, EMID!AO134, SWALES!AO134, SWEST!AO134, LPN!AO134,SPN!AO134,EPN!AO134,SPD!AO134,SPMW!AO134,SSEH!AO134,SSES!AO134) -> 0 | AP134: =CHOOSE(m_identity,ENWL!AP134, NPgN!AP134, NPgY!AP134, WMID!AP134, EMID!AP134, SWALES!AP134, SWEST!AP134, LPN!AP134,SPN!AP134,EPN!AP134,SPD!AP134,SPMW!AP134,SSEH!AP134,SSES!AP134) -> 0 | AQ134: =CHOOSE(m_identity,ENWL!AQ134, NPgN!AQ134, NPgY!AQ134, WMID!AQ134, EMID!AQ134, SWALES!AQ134, SWEST!AQ134, LPN!AQ134,SPN!AQ134,EPN!AQ134,SPD!AQ134,SPMW!AQ134,SSEH!AQ134,SSES!AQ134) -> 0
...

Sheet Totex
A1: Totex
B2: =UserInterface!G24 -> SPN | AJ2: Done
E6: Parameter | G6: Units | I6: Constant | AJ6: Annual values
E7: PCFM year ending | I7: =UserInterface!$G$17 -> 42460 | K7: 33328 | L7: 33694 | M7: 34059 | N7: 34424 | O7: 34789 | P7: 35155 | Q7: 35520 | R7: 35885 | S7: 36250 | T7: 36616 | U7: 36981 | V7: 37346 | W7: 37711 | X7: 38077 | Y7: 38442 | Z7: 38807 | AA7: 39172 | AB7: 39538 | AC7: 39903 | AD7: 40268 | AE7: 40633 | AF7: 40999 | AG7: 41364 | AH7: 41729 | AI7: 42094 | AJ7: 42460 | AK7: 42825 | AL7: 43190 | AM7: 43555 | AN7: 43921 | AO7: 44286 | AP7: 44651 | AQ7: 45016
B9: Totex
C11: Allowed totex aggregated by sub-category
C12: Note: Totex is the sum of a number of cost categories, with all totex allowances falling under one (or more) of them. They have significance in the model as each sub-category can have its own set of tax pool allocation rules.
D14: Non-variant allowances
D15: Note: These values are set at final proposals and are not updated during the price control
E17: Non-variant allowed load related capex | G17: £m 12/13 prices | AJ17: =Input!AJ95 -> 0 | AK17: =Input!AK95 -> 0 | AL17: =Input!AL95 -> 0 | AM17: =Input!AM95 -> 0 | AN17: =Input!AN95 -> 0 | AO17: =Input!AO95 -> 0 | AP17: =Input!AP95 -> 0 | AQ17: =Input!AQ95 -> 0
E18: Non-variant allowed non-load related capex - asset replacement | G18: £m 12/13 prices | AJ18: =Input!AJ96 -> 58.241762 | AK18: =Input!AK96 -> 67.601516 | AL18: =Input!AL96 -> 63.685787 | AM18: =Input!AM96 -> 63.98897 | AN18: =Input!AN96 -> 62.861331 | AO18: =Input!AO96 -> 62.567137 | AP18: =Input!AP96 -> 58.862742 | AQ18: =Input!AQ96 -> 57.066749
E19: Non-variant allowed non-load related capex - other | G19: £m 12/13 prices | AJ19: =Input!AJ97 -> 13.991215 | AK19: =Input!AK97 -> 18.928463 | AL19: =Input!AL97 -> 16.482738 | AM19: =Input!AM97 -> 15.458044 | AN19: =Input!AN97 -> 15.767548 | AO19: =Input!AO97 -> 14.502009 | AP19: =Input!AP97 -> 16.73103 | AQ19: =Input!AQ97 -> 15.271171
E20: Non-variant allowed faults | G20: £m 12/13 prices | AJ20: =Input!AJ98 -> 23.00809 | AK20: =Input!AK98 -> 22.892742 | AL20: =Input!AL98 -> 22.858879 | AM20: =Input!AM98 -> 22.973145 | AN20: =Input!AN98 -> 23.120072 | AO20: =Input!AO98 -> 23.374384 | AP20: =Input!AP98 -> 23.980841 | AQ20: =Input!AQ98 -> 24.498383
E21: Non-variant tree cutting | AJ21: =Input!AJ99 -> 8.2841719 | AK21: =Input!AK99 -> 8.3879647 | AL21: =Input!AL99 -> 8.4927247 | AM21: =Input!AM99 -> 8.5851383 | AN21: =Input!AN99 -> 8.7337511 | AO21: =Input!AO99 -> 8.7244213 | AP21: =Input!AP99 -> 8.7251645 | AQ21: =Input!AQ99 -> 8.7084714
E22: Non-variant allowed 100% ‘revenue pool’ expenditure | G22: £m 12/13 prices | AJ22: =Input!AJ100 -> 12.005048 | AK22: =Input!AK100 -> 11.86671 | AL22: =Input!AL100 -> 11.488819 | AM22: =Input!AM100 -> 11.133211 | AN22: =Input!AN100 -> 10.672035 | AO22: =Input!AO100 -> 10.187314 | AP22: =Input!AP100 -> 9.4352878 | AQ22: =Input!AQ100 -> 8.8523194
E23: Non-variant allowed controllable opex | G23: £m 12/13 prices | AJ23: =Input!AJ101 -> 79.755691 | AK23: =Input!AK101 -> 79.107225 | AL23: =Input!AL101 -> 77.504996 | AM23: =Input!AM101 -> 77.413193 | AN23: =Input!AN101 -> 76.439107 | AO23: =Input!AO101 -> 75.993394 | AP23: =Input!AP101 -> 77.089082 | AQ23: =Input!AQ101 -> 76.485896
D25: Variant
D26: Note: Licence conditions may allow for non-baseline allowances to be granted. These are added to the baseline to generate the allowed sub-categories and thereby the overall allowed totex.
E28: Variant allowed load related capex | G28: =Input!G213 -> £m 12/13 prices | AJ28: =Input!AJ213 -> 26.73999 | AK28: =Input!AK213 -> 35.23978 | AL28: =Input!AL213 -> 36.659762 | AM28: =Input!AM213 -> 27.169157 | AN28: =Input!AN213 -> 22.355939 | AO28: =Input!AO213 -> 22.29538 | AP28: =Input!AP213 -> 29.617569 | AQ28: =Input!AQ213 -> 27.794894
E29: Variant allowed non-load related capex - asset replacement | G29: =Input!G214 -> £m 12/13 prices | AJ29: =Input!AJ214 -> 7.6792813 | AK29: =Input!AK214 -> 6.3259077 | AL29: =Input!AL214 -> 6.3092425 | AM29: =Input!AM214 -> 8.4940002 | AN29: =Input!AN214 -> 8.0580947 | AO29: =Input!AO214 -> 4.0198004 | AP29: =Input!AP214 -> 0 | AQ29: =Input!AQ214 -> 0
E30: Variant allowed non-load related capex - other | G30: =Input!G215 -> £m 12/13 prices | AJ30: =Input!AJ215 -> 0 | AK30: =Input!AK215 -> 0 | AL30: =Input!AL215 -> 0 | AM30: =Input!AM215 -> 0 | AN30: =Input!AN215 -> 0 | AO30: =Input!AO215 -> 0 | AP30: =Input!AP215 -> 0 | AQ30: =Input!AQ215 -> 0
E31: Variant allowed faults | G31: =Input!G216 -> £m 12/13 prices | AJ31: =Input!AJ216 -> 0 | AK31: =Input!AK216 -> 0 | AL31: =Input!AL216 -> 0 | AM31: =Input!AM216 -> 0 | AN31: =Input!AN216 -> 0 | AO31: =Input!AO216 -> 0 | AP31: =Input!AP216 -> 0 | AQ31: =Input!AQ216 -> 0
E32: Variant allowed tree cutting | AJ32: =Input!AJ217 -> 0 | AK32: =Input!AK217 -> 0 | AL32: =Input!AL217 -> 0 | AM32: =Input!AM217 -> 0 | AN32: =Input!AN217 -> 0 | AO32: =Input!AO217 -> 0 | AP32: =Input!AP217 -> 0 | AQ32: =Input!AQ217 -> 0
E33: Variant allowed 100% ‘revenue pool’ expenditure | G33: =Input!G218 -> £m 12/13 prices | AJ33: =Input!AJ218 -> 0.44620226 | AK33: =Input!AK218 -> 0.60934803 | AL33: =Input!AL218 -> 0.67830812 | AM33: =Input!AM218 -> 0.62920219 | AN33: =Input!AN218 -> 0.58290214 | AO33: =Input!AO218 -> 0.47771847 | AP33: =Input!AP218 -> 0.26265162 | AQ33: =Input!AQ218 -> 0.2479381
E34: Variant allowed controllable opex | G34: =Input!G219 -> £m 12/13 prices | AJ34: =Input!AJ219 -> 1.070156 | AK34: =Input!AK219 -> 1.8153844 | AL34: =Input!AL219 -> 2.3536369 | AM34: =Input!AM219 -> 2.6049991 | AN34: =Input!AN219 -> 2.60945 | AO34: =Input!AO219 -> 1.9198264 | AP34: =Input!AP219 -> 0 | AQ34: =Input!AQ219 -> 0
D36: Allowance
D37: Note: "Allowed totex" is exported to be used in the TIM calculation. The allowed totex sub-categories are used below to create forecast actuals for the tax calculation and the TIM calculation when actuals are not yet available.
E39: Allowed load related capex | G39: £m 12/13 prices | AJ39: =AJ17 + AJ28 -> 26.73999 | AK39: =AK17 + AK28 -> 35.23978 | AL39: =AL17 + AL28 -> 36.659762 | AM39: =AM17 + AM28 -> 27.169157 | AN39: =AN17 + AN28 -> 22.355939 | AO39: =AO17 + AO28 -> 22.29538 | AP39: =AP17 + AP28 -> 29.617569 | AQ39: =AQ17 + AQ28 -> 27.794894
E40: Allowed non-load related capex - asset replacement | G40: £m 12/13 prices | AJ40: =AJ18 + AJ29 -> 65.921043 | AK40: =AK18 + AK29 -> 73.927424 | AL40: =AL18 + AL29 -> 69.995029 | AM40: =AM18 + AM29 -> 72.48297 | AN40: =AN18 + AN29 -> 70.919426 | AO40: =AO18 + AO29 -> 66.586937 | AP40: =AP18 + AP29 -> 58.862742 | AQ40: =AQ18 + AQ29 -> 57.066749
E41: Allowed non-load related capex - other | G41: £m 12/13 prices | AJ41: =AJ19 + AJ30 -> 13.991215 | AK41: =AK19 + AK30 -> 18.928463 | AL41: =AL19 + AL30 -> 16.482738 | AM41: =AM19 + AM30 -> 15.458044 | AN41: =AN19 + AN30 -> 15.767548 | AO41: =AO19 + AO30 -> 14.502009 | AP41: =AP19 + AP30 -> 16.73103 | AQ41: =AQ19 + AQ30 -> 15.271171
E42: Allowed faults | G42: £m 12/13 prices | AJ42: =AJ20 + AJ31 -> 23.00809 | AK42: =AK20 + AK31 -> 22.892742 | AL42: =AL20 + AL31 -> 22.858879 | AM42: =AM20 + AM31 -> 22.973145 | AN42: =AN20 + AN31 -> 23.120072 | AO42: =AO20 + AO31 -> 23.374384 | AP42: =AP20 + AP31 -> 23.980841 | AQ42: =AQ20 + AQ31 -> 24.498383
E43: Allowed tree cutting | AJ43: =AJ21 + AJ32 -> 8.2841719 | AK43: =AK21 + AK32 -> 8.3879647 | AL43: =AL21 + AL32 -> 8.4927247 | AM43: =AM21 + AM32 -> 8.5851383 | AN43: =AN21 + AN32 -> 8.7337511 | AO43: =AO21 + AO32 -> 8.7244213 | AP43: =AP21 + AP32 -> 8.7251645 | AQ43: =AQ21 + AQ32 -> 8.7084714
E44: Allowed 100% ‘revenue pool’ expenditure | G44: £m 12/13 prices | AJ44: =AJ22 + AJ33 -> 12.45125 | AK44: =AK22 + AK33 -> 12.476058 | AL44: =AL22 + AL33 -> 12.167127 | AM44: =AM22 + AM33 -> 11.762414 | AN44: =AN22 + AN33 -> 11.254937 | AO44: =AO22 + AO33 -> 10.665032 | AP44: =AP22 + AP33 -> 9.6979394 | AQ44: =AQ22 + AQ33 -> 9.1002575
E45: Allowed controllable opex | G45: £m 12/13 prices | AJ45: =AJ23 + AJ34 -> 80.825846 | AK45: =AK23 + AK34 -> 80.922609 | AL45: =AL23 + AL34 -> 79.858633 | AM45: =AM23 + AM34 -> 80.018192 | AN45: =AN23 + AN34 -> 79.048557 | AO45: =AO23 + AO34 -> 77.91322 | AP45: =AP23 + AP34 -> 77.089082 | AQ45: =AQ23 + AQ34 -> 76.485896
E46: Allowed totex | G46: £m 12/13 prices | AJ46: =SUM(AJ39:AJ45) -> 231.22161 | AK46: =SUM(AK39:AK45) -> 252.77504 | AL46: =SUM(AL39:AL45) -> 246.51489 | AM46: =SUM(AM39:AM45) -> 238.44906 | AN46: =SUM(AN39:AN45) -> 231.20023 | AO46: =SUM(AO39:AO45) -> 224.06138 | AP46: =SUM(AP39:AP45) -> 224.70437 | AQ46: =SUM(AQ39:AQ45) -> 218.92582
C48: Actual totex
D50: Source of actuals
D51: Note: The model assumes that there is a time lag from year t until actual expenditure data becomes available for the model. After the lag, actual expenditure inputs are used. Up to that point the model generates a forecast actual expenditure.
D52: When required in the model, forecasts assume that actuals are equal to their corresponding allowance.
D53: In a year where actual totex is assumed to be available, values must be inputted to the model as it will not generate a forecast and the empty input cell will be read as an actual spend of zero.
E55: Years from t until normal reporting of actual costs | G55: years | I55: =Input!I62 -> 2
E56: Input actuals used | G56: text | AJ56: =YEAR($I$7) >= YEAR(AJ$7) + $I55 -> FALSE | AK56: =YEAR($I$7) >= YEAR(AK$7) + $I55 -> FALSE | AL56: =YEAR($I$7) >= YEAR(AL$7) + $I55 -> FALSE | AM56: =YEAR($I$7) >= YEAR(AM$7) + $I55 -> FALSE | AN56: =YEAR($I$7) >= YEAR(AN$7) + $I55 -> FALSE | AO56: =YEAR($I$7) >= YEAR(AO$7) + $I55 -> FALSE | AP56: =YEAR($I$7) >= YEAR(AP$7) + $I55 -> FALSE | AQ56: =YEAR($I$7) >= YEAR(AQ$7) + $I55 -> FALSE
E57: Forecast actuals generated from allowances | G57: text | AJ57: =YEAR($I$7) < YEAR(AJ$7) + $I55 -> TRUE | AK57: =YEAR($I$7) < YEAR(AK$7) + $I55 -> TRUE | AL57: =YEAR($I$7) < YEAR(AL$7) + $I55 -> TRUE | AM57: =YEAR($I$7) < YEAR(AM$7) + $I55 -> TRUE | AN57: =YEAR($I$7) < YEAR(AN$7) + $I55 -> TRUE | AO57: =YEAR($I$7) < YEAR(AO$7) + $I55 -> TRUE | AP57: =YEAR($I$7) < YEAR(AP$7) + $I55 -> TRUE | AQ57: =YEAR($I$7) < YEAR(AQ$7) + $I55 -> TRUE
D59: Actual totex from cost reporting processes and final proposals
E61: Actual load related capex | G61: £m 12/13 prices | AJ61: =IF(AJ$56, Input!AJ223, 0) -> 0 | AK61: =IF(AK$56, Input!AK223, 0) -> 0 | AL61: =IF(AL$56, Input!AL223, 0) -> 0 | AM61: =IF(AM$56, Input!AM223, 0) -> 0 | AN61: =IF(AN$56, Input!AN223, 0) -> 0 | AO61: =IF(AO$56, Input!AO223, 0) -> 0 | AP61: =IF(AP$56, Input!AP223, 0) -> 0 | AQ61: =IF(AQ$56, Input!AQ223, 0) -> 0
E62: Actual non-load related capex - asset replacement | G62: £m 12/13 prices | AJ62: =IF(AJ$56, Input!AJ224, 0) -> 0 | AK62: =IF(AK$56, Input!AK224, 0) -> 0 | AL62: =IF(AL$56, Input!AL224, 0) -> 0 | AM62: =IF(AM$56, Input!AM224, 0) -> 0 | AN62: =IF(AN$56, Input!AN224, 0) -> 0 | AO62: =IF(AO$56, Input!AO224, 0) -> 0 | AP62: =IF(AP$56, Input!AP224, 0) -> 0 | AQ62: =IF(AQ$56, Input!AQ224, 0) -> 0
E63: Actual non-load related capex - other | G63: £m 12/13 prices | AJ63: =IF(AJ$56, Input!AJ225, 0) -> 0 | AK63: =IF(AK$56, Input!AK225, 0) -> 0 | AL63: =IF(AL$56, Input!AL225, 0) -> 0 | AM63: =IF(AM$56, Input!AM225, 0) -> 0 | AN63: =IF(AN$56, Input!AN225, 0) -> 0 | AO63: =IF(AO$56, Input!AO225, 0) -> 0 | AP63: =IF(AP$56, Input!AP225, 0) -> 0 | AQ63: =IF(AQ$56, Input!AQ225, 0) -> 0
E64: Actual faults | G64: £m 12/13 prices | AJ64: =IF(AJ$56, Input!AJ226, 0) -> 0 | AK64: =IF(AK$56, Input!AK226, 0) -> 0 | AL64: =IF(AL$56, Input!AL226, 0) -> 0 | AM64: =IF(AM$56, Input!AM226, 0) -> 0 | AN64: =IF(AN$56, Input!AN226, 0) -> 0 | AO64: =IF(AO$56, Input!AO226, 0) -> 0 | AP64: =IF(AP$56, Input!AP226, 0) -> 0 | AQ64: =IF(AQ$56, Input!AQ226, 0) -> 0
E65: Actual tree cutting | AJ65: =IF(AJ$56, Input!AJ227, 0) -> 0 | AK65: =IF(AK$56, Input!AK227, 0) -> 0 | AL65: =IF(AL$56, Input!AL227, 0) -> 0 | AM65: =IF(AM$56, Input!AM227, 0) -> 0 | AN65: =IF(AN$56, Input!AN227, 0) -> 0 | AO65: =IF(AO$56, Input!AO227, 0) -> 0 | AP65: =IF(AP$56, Input!AP227, 0) -> 0 | AQ65: =IF(AQ$56, Input!AQ227, 0) -> 0
E66: Actual 100% ‘revenue pool’ expenditure | G66: £m 12/13 prices | AJ66: =IF(AJ$56, Input!AJ228, 0) -> 0 | AK66: =IF(AK$56, Input!AK228, 0) -> 0 | AL66: =IF(AL$56, Input!AL228, 0) -> 0 | AM66: =IF(AM$56, Input!AM228, 0) -> 0 | AN66: =IF(AN$56, Input!AN228, 0) -> 0 | AO66: =IF(AO$56, Input!AO228, 0) -> 0 | AP66: =IF(AP$56, Input!AP228, 0) -> 0 | AQ66: =IF(AQ$56, Input!AQ228, 0) -> 0
E67: Actual controllable opex | G67: £m 12/13 prices | AJ67: =IF(AJ$56, Input!AJ229, 0) -> 0 | AK67: =IF(AK$56, Input!AK229, 0) -> 0 | AL67: =IF(AL$56, Input!AL229, 0) -> 0 | AM67: =IF(AM$56, Input!AM229, 0) -> 0 | AN67: =IF(AN$56, Input!AN229, 0) -> 0 | AO67: =IF(AO$56, Input!AO229, 0) -> 0 | AP67: =IF(AP$56, Input!AP229, 0) -> 0 | AQ67: =IF(AQ$56, Input!AQ229, 0) -> 0
D70: Forecast totex from new allowances
E72: Forecast actual load related capex | G72: £m 12/13 prices | AJ72: =IF(AJ$57, AJ39, 0) -> 26.73999 | AK72: =IF(AK$57, AK39, 0) -> 35.23978 | AL72: =IF(AL$57, AL39, 0) -> 36.659762 | AM72: =IF(AM$57, AM39, 0) -> 27.169157 | AN72: =IF(AN$57, AN39, 0) -> 22.355939 | AO72: =IF(AO$57, AO39, 0) -> 22.29538 | AP72: =IF(AP$57, AP39, 0) -> 29.617569 | AQ72: =IF(AQ$57, AQ39, 0) -> 27.794894
E73: Forecast actual non-load related capex - asset replacement | G73: £m 12/13 prices | AJ73: =IF(AJ$57, AJ40, 0) -> 65.921043 | AK73: =IF(AK$57, AK40, 0) -> 73.927424 | AL73: =IF(AL$57, AL40, 0) -> 69.995029 | AM73: =IF(AM$57, AM40, 0) -> 72.48297 | AN73: =IF(AN$57, AN40, 0) -> 70.919426 | AO73: =IF(AO$57, AO40, 0) -> 66.586937 | AP73: =IF(AP$57, AP40, 0) -> 58.862742 | AQ73: =IF(AQ$57, AQ40, 0) -> 57.066749
E74: Forecast actual non-load related capex - other | G74: £m 12/13 prices | AJ74: =IF(AJ$57, AJ41, 0) -> 13.991215 | AK74: =IF(AK$57, AK41, 0) -> 18.928463 | AL74: =IF(AL$57, AL41, 0) -> 16.482738 | AM74: =IF(AM$57, AM41, 0) -> 15.458044 | AN74: =IF(AN$57, AN41, 0) -> 15.767548 | AO74: =IF(AO$57, AO41, 0) -> 14.502009 | AP74: =IF(AP$57, AP41, 0) -> 16.73103 | AQ74: =IF(AQ$57, AQ41, 0) -> 15.271171
E75: Forecast actual faults | G75: £m 12/13 prices | AJ75: =IF(AJ$57, AJ42, 0) -> 23.00809 | AK75: =IF(AK$57, AK42, 0) -> 22.892742 | AL75: =IF(AL$57, AL42, 0) -> 22.858879 | AM75: =IF(AM$57, AM42, 0) -> 22.973145 | AN75: =IF(AN$57, AN42, 0) -> 23.120072 | AO75: =IF(AO$57, AO42, 0) -> 23.374384 | AP75: =IF(AP$57, AP42, 0) -> 23.980841 | AQ75: =IF(AQ$57, AQ42, 0) -> 24.498383
E76: Forecast actual tree cutting | AJ76: =IF(AJ$57, AJ43, 0) -> 8.2841719 | AK76: =IF(AK$57, AK43, 0) -> 8.3879647 | AL76: =IF(AL$57, AL43, 0) -> 8.4927247 | AM76: =IF(AM$57, AM43, 0) -> 8.5851383 | AN76: =IF(AN$57, AN43, 0) -> 8.7337511 | AO76: =IF(AO$57, AO43, 0) -> 8.7244213 | AP76: =IF(AP$57, AP43, 0) -> 8.7251645 | AQ76: =IF(AQ$57, AQ43, 0) -> 8.7084714
E77: Forecast actual 100% ‘revenue pool’ expenditure | G77: £m 12/13 prices | AJ77: =IF(AJ$57, AJ44, 0) -> 12.45125 | AK77: =IF(AK$57, AK44, 0) -> 12.476058 | AL77: =IF(AL$57, AL44, 0) -> 12.167127 | AM77: =IF(AM$57, AM44, 0) -> 11.762414 | AN77: =IF(AN$57, AN44, 0) -> 11.254937 | AO77: =IF(AO$57, AO44, 0) -> 10.665032 | AP77: =IF(AP$57, AP44, 0) -> 9.6979394 | AQ77: =IF(AQ$57, AQ44, 0) -> 9.1002575
E78: Forecast actual controllable opex | G78: £m 12/13 prices | AJ78: =IF(AJ$57, AJ45, 0) -> 80.825846 | AK78: =IF(AK$57, AK45, 0) -> 80.922609 | AL78: =IF(AL$57, AL45, 0) -> 79.858633 | AM78: =IF(AM$57, AM45, 0) -> 80.018192 | AN78: =IF(AN$57, AN45, 0) -> 79.048557 | AO78: =IF(AO$57, AO45, 0) -> 77.91322 | AP78: =IF(AP$57, AP45, 0) -> 77.089082 | AQ78: =IF(AQ$57, AQ45, 0) -> 76.485896
D80: Totex applied
D81: Note: Actuals are exported both to identify performance against the allowance and to generate writing down allowances used in the tax calculation.
E83: Actual load related capex | G83: £m 12/13 prices | AJ83: =AJ61 + AJ72 -> 26.73999 | AK83: =AK61 + AK72 -> 35.23978 | AL83: =AL61 + AL72 -> 36.659762 | AM83: =AM61 + AM72 -> 27.169157 | AN83: =AN61 + AN72 -> 22.355939 | AO83: =AO61 + AO72 -> 22.29538 | AP83: =AP61 + AP72 -> 29.617569 | AQ83: =AQ61 + AQ72 -> 27.794894
E84: Actual non-load related capex - asset replacement | G84: £m 12/13 prices | AJ84: =AJ62 + AJ73 -> 65.921043 | AK84: =AK62 + AK73 -> 73.927424 | AL84: =AL62 + AL73 -> 69.995029 | AM84: =AM62 + AM73 -> 72.48297 | AN84: =AN62 + AN73 -> 70.919426 | AO84: =AO62 + AO73 -> 66.586937 | AP84: =AP62 + AP73 -> 58.862742 | AQ84: =AQ62 + AQ73 -> 57.066749
E85: Actual non-load related capex - other | G85: £m 12/13 prices | AJ85: =AJ63 + AJ74 -> 13.991215 | AK85: =AK63 + AK74 -> 18.928463 | AL85: =AL63 + AL74 -> 16.482738 | AM85: =AM63 + AM74 -> 15.458044 | AN85: =AN63 + AN74 -> 15.767548 | AO85: =AO63 + AO74 -> 14.502009 | AP85: =AP63 + AP74 -> 16.73103 | AQ85: =AQ63 + AQ74 -> 15.271171
E86: Actual faults | G86: £m 12/13 prices | AJ86: =AJ64 + AJ75 -> 23.00809 | AK86: =AK64 + AK75 -> 22.892742 | AL86: =AL64 + AL75 -> 22.858879 | AM86: =AM64 + AM75 -> 22.973145 | AN86: =AN64 + AN75 -> 23.120072 | AO86: =AO64 + AO75 -> 23.374384 | AP86: =AP64 + AP75 -> 23.980841 | AQ86: =AQ64 + AQ75 -> 24.498383
E87: Actual tree cutting | AJ87: =AJ65 + AJ76 -> 8.2841719 | AK87: =AK65 + AK76 -> 8.3879647 | AL87: =AL65 + AL76 -> 8.4927247 | AM87: =AM65 + AM76 -> 8.5851383 | AN87: =AN65 + AN76 -> 8.7337511 | AO87: =AO65 + AO76 -> 8.7244213 | AP87: =AP65 + AP76 -> 8.7251645 | AQ87: =AQ65 + AQ76 -> 8.7084714
E88: Actual 100% ‘revenue pool’ expenditure | G88: £m 12/13 prices | AJ88: =AJ66 + AJ77 -> 12.45125 | AK88: =AK66 + AK77 -> 12.476058 | AL88: =AL66 + AL77 -> 12.167127 | AM88: =AM66 + AM77 -> 11.762414 | AN88: =AN66 + AN77 -> 11.254937 | AO88: =AO66 + AO77 -> 10.665032 | AP88: =AP66 + AP77 -> 9.6979394 | AQ88: =AQ66 + AQ77 -> 9.1002575
E89: Actual controllable opex | G89: £m 12/13 prices | AJ89: =AJ67 + AJ78 -> 80.825846 | AK89: =AK67 + AK78 -> 80.922609 | AL89: =AL67 + AL78 -> 79.858633 | AM89: =AM67 + AM78 -> 80.018192 | AN89: =AN67 + AN78 -> 79.048557 | AO89: =AO67 + AO78 -> 77.91322 | AP89: =AP67 + AP78 -> 77.089082 | AQ89: =AQ67 + AQ78 -> 76.485896
E90: Actual totex | G90: £m 12/13 prices | AJ90: =SUM(AJ83:AJ89) -> 231.22161 | AK90: =SUM(AK83:AK89) -> 252.77504 | AL90: =SUM(AL83:AL89) -> 246.51489 | AM90: =SUM(AM83:AM89) -> 238.44906 | AN90: =SUM(AN83:AN89) -> 231.20023 | AO90: =SUM(AO83:AO89) -> 224.06138 | AP90: =SUM(AP83:AP89) -> 224.70437 | AQ90: =SUM(AQ83:AQ89) -> 218.92582
B92: End of sheet
AJ94: =(Totex!AJ90 - Totex!AJ89 - Totex!AJ85) -> 136.40455

Sheet TIM
A1: Totex Incentive Mechanism (TIM)
B2: =UserInterface!G24 -> SPN | AJ2: Done
E6: Parameter | G6: Units | I6: Constant | AJ6: Annual values
E7: PCFM year ending | I7: =UserInterface!$G$17 -> 42460 | K7: 33328 | L7: 33694 | M7: 34059 | N7: 34424 | O7: 34789 | P7: 35155 | Q7: 35520 | R7: 35885 | S7: 36250 | T7: 36616 | U7: 36981 | V7: 37346 | W7: 37711 | X7: 38077 | Y7: 38442 | Z7: 38807 | AA7: 39172 | AB7: 39538 | AC7: 39903 | AD7: 40268 | AE7: 40633 | AF7: 40999 | AG7: 41364 | AH7: 41729 | AI7: 42094 | AJ7: 42460 | AK7: 42825 | AL7: 43190 | AM7: 43555 | AN7: 43921 | AO7: 44286 | AP7: 44651 | AQ7: 45016
B9: Efficiency incentive
C11: Incentive strength
E13: Incentive strength | G13: % | I13: =Input!I68 -> 0
C15: Additional income
E17: Ofgem view | G17: % | I17: =Input!I70 -> 0.75
E18: Operator view | G18: % | I18: =Input!I71 -> 0.25
E20: Ofgem view of group price control totex | G20: £m 12/13 prices | I20: =Input!I76 -> 6608.1484
E22: Additional income % | G22: % | I22: =Input!I66 -> 0
E24: Additional income at group level | G24: £m 12/13 prices | I24: =I20*I22 -> 0
E26: Forecast licensee totex | G26: £m 12/13 prices | I26: =Input!I73*Input!$I$70+Input!I74*Input!$I$71 -> 1867.8524
E27: Forecast group totex | G27: £m 12/13 prices | I27: =Input!I76*I17 + Input!I77*I18 -> 6608.1484
E28: Percentage of group totex at licensee level | G28: % | I28: =I26 / I27 -> 0.28265897
B30: Efficiency incentive
C32: Post-TIM overspend (underspend)
C33: Note: Totex overspend (underspend) is identified and subject to the "efficiency incentive rate."
D35: Totex
E37: Actual totex | G37: £m 12/13 prices | AJ37: =Totex!AJ90 -> 231.22161 | AK37: =Totex!AK90 -> 252.77504 | AL37: =Totex!AL90 -> 246.51489 | AM37: =Totex!AM90 -> 238.44906 | AN37: =Totex!AN90 -> 231.20023 | AO37: =Totex!AO90 -> 224.06138 | AP37: =Totex!AP90 -> 224.70437 | AQ37: =Totex!AQ90 -> 218.92582
E38: Less allowed totex | G38: £m 12/13 prices | AJ38: =-Totex!AJ46 -> -231.22161 | AK38: =-Totex!AK46 -> -252.77504 | AL38: =-Totex!AL46 -> -246.51489 | AM38: =-Totex!AM46 -> -238.44906 | AN38: =-Totex!AN46 -> -231.20023 | AO38: =-Totex!AO46 -> -224.06138 | AP38: =-Totex!AP46 -> -224.70437 | AQ38: =-Totex!AQ46 -> -218.92582
E39: Pre-TIM totex overspend (underspend) | G39: £m 12/13 prices | AJ39: =SUM(AJ37:AJ38) -> 0 | AK39: =SUM(AK37:AK38) -> 0 | AL39: =SUM(AL37:AL38) -> 0 | AM39: =SUM(AM37:AM38) -> 0 | AN39: =SUM(AN37:AN38) -> 0 | AO39: =SUM(AO37:AO38) -> 0 | AP39: =SUM(AP37:AP38) -> 0 | AQ39: =SUM(AQ37:AQ38) -> 0
E41: Funding Adjustment Rate (often referred to as 'sharing factor') | G41: % | AJ41: =(1 - $I$13) -> 1 | AK41: =(1 - $I$13) -> 1 | AL41: =(1 - $I$13) -> 1 | AM41: =(1 - $I$13) -> 1 | AN41: =(1 - $I$13) -> 1 | AO41: =(1 - $I$13) -> 1 | AP41: =(1 - $I$13) -> 1 | AQ41: =(1 - $I$13) -> 1
E43: Post-TIM totex overspend (underspend) | G43: £m 12/13 prices | AJ43: =AJ$41 * AJ39 -> 0 | AK43: =AK$41 * AK39 -> 0 | AL43: =AL$41 * AL39 -> 0 | AM43: =AM$41 * AM39 -> 0 | AN43: =AN$41 * AN39 -> 0 | AO43: =AO$41 * AO39 -> 0 | AP43: =AP$41 * AP39 -> 0 | AQ43: =AQ$41 * AQ39 -> 0
C45: Post-TIM totex
C46: Note: "Post-TIM overspend (underspend)" is added to the allowed totex value to give the Post-TIM totex allowance to be split into fast and slow money.
D48: Totex excluding 'non-load related capex - other'
E50: Allowed totex | G50: £m 12/13 prices | AJ50: =-AJ38 -> 231.22161 | AK50: =-AK38 -> 252.77504 | AL50: =-AL38 -> 246.51489 | AM50: =-AM38 -> 238.44906 | AN50: =-AN38 -> 231.20023 | AO50: =-AO38 -> 224.06138 | AP50: =-AP38 -> 224.70437 | AQ50: =-AQ38 -> 218.92582
E51: Post-TIM totex overspend (underspend) | G51: £m 12/13 prices | AJ51: =AJ43 -> 0 | AK51: =AK43 -> 0 | AL51: =AL43 -> 0 | AM51: =AM43 -> 0 | AN51: =AN43 -> 0 | AO51: =AO43 -> 0 | AP51: =AP43 -> 0 | AQ51: =AQ43 -> 0
E52: Post-TIM totex | G52: £m 12/13 prices | AJ52: =SUM(AJ50:AJ51) -> 231.22161 | AK52: =SUM(AK50:AK51) -> 252.77504 | AL52: =SUM(AL50:AL51) -> 246.51489 | AM52: =SUM(AM50:AM51) -> 238.44906 | AN52: =SUM(AN50:AN51) -> 231.20023 | AO52: =SUM(AO50:AO51) -> 224.06138 | AP52: =SUM(AP50:AP51) -> 224.70437 | AQ52: =SUM(AQ50:AQ51) -> 218.92582
B54: Capitalisation
B55: Note: Post-TIM totex are allocated into "fast" and "slow" elements based on a pre-set percentage split:
B56: - "fast money " is exported to the "Revenue" sheet where it is included as an element of "recalculated base revenue;" and
B57: - "slow money " is exported to the "Depn" sheet where it is added to RAV. Slow money is recovered over the life of the RAV through regulatory depreciation and return allowances.
C59: Separate capitalisation
D61: Totex excluding 'non-load related capex - other'
E63: Post-TIM totex | G63: £m 12/13 prices | AJ63: =AJ52 -> 231.22161 | AK63: =AK52 -> 252.77504 | AL63: =AL52 -> 246.51489 | AM63: =AM52 -> 238.44906 | AN63: =AN52 -> 231.20023 | AO63: =AO52 -> 224.06138 | AP63: =AP52 -> 224.70437 | AQ63: =AQ52 -> 218.92582
E64: Capitalised share of totex | G64: % | AJ64: =Input!AJ64 -> 0.68 | AK64: =Input!AK64 -> 0.68 | AL64: =Input!AL64 -> 0.68 | AM64: =Input!AM64 -> 0.68 | AN64: =Input!AN64 -> 0.68 | AO64: =Input!AO64 -> 0.68 | AP64: =Input!AP64 -> 0.68 | AQ64: =Input!AQ64 -> 0.68
E65: Totex fast pot expenditure | G65: £m 12/13 prices | AJ65: =AJ63-AJ66 -> 73.990914 | AK65: =AK63-AK66 -> 80.888013 | AL65: =AL63-AL66 -> 78.884766 | AM65: =AM63-AM66 -> 76.303699 | AN65: =AN63-AN66 -> 73.984073 | AO65: =AO63-AO66 -> 71.699643 | AP65: =AP63-AP66 -> 71.905398 | AQ65: =AQ63-AQ66 -> 70.056262
E66: Totex slow pot expenditure | G66: £m 12/13 prices | AJ66: =AJ63 * AJ64 -> 157.23069 | AK66: =AK63 * AK64 -> 171.88703 | AL66: =AL63 * AL64 -> 167.63013 | AM66: =AM63 * AM64 -> 162.14536 | AN66: =AN63 * AN64 -> 157.21616 | AO66: =AO63 * AO64 -> 152.36174 | AP66: =AP63 * AP64 -> 152.79897 | AQ66: =AQ63 * AQ64 -> 148.86956
C68: Totex
E70: Fast pot expenditure | G70: £m 12/13 prices | AJ70: =AJ65 -> 73.990914 | AK70: =AK65 -> 80.888013 | AL70: =AL65 -> 78.884766 | AM70: =AM65 -> 76.303699 | AN70: =AN65 -> 73.984073 | AO70: =AO65 -> 71.699643 | AP70: =AP65 -> 71.905398 | AQ70: =AQ65 -> 70.056262
E72: Slow pot expenditure | G72: £m 12/13 prices | AJ72: =AJ66 -> 157.23069 | AK72: =AK66 -> 171.88703 | AL72: =AL66 -> 167.63013 | AM72: =AM66 -> 162.14536 | AN72: =AN66 -> 157.21616 | AO72: =AO66 -> 152.36174 | AP72: =AP66 -> 152.79897 | AQ72: =AQ66 -> 148.86956
B74: Additional income
B75: Note: The additional income lump sum is recovered across the price control and is matched to the profile of allowed totex set at final proposals.
E77: Additional income | G77: £m 12/13 prices | I77: =I24*I28 -> 0
E79: Original allowed totex (set at final proposals) | G79: £m 12/13 prices | AJ79: =Input!AJ464 -> 231.22161 | AK79: =Input!AK464 -> 252.77504 | AL79: =Input!AL464 -> 246.51489 | AM79: =Input!AM464 -> 238.44906 | AN79: =Input!AN464 -> 231.20023 | AO79: =Input!AO464 -> 224.06138 | AP79: =Input!AP464 -> 224.70437 | AQ79: =Input!AQ464 -> 218.92582
E80: Total allowed totex in price control (set at final proposals) | G80: £m 12/13 prices | I80: =SUM($AJ79:$AQ79) -> 1867.8524
E82: Share of additional income allowed in year | G82: % | AJ82: =AJ79 / $I80 -> 0.12379008 | AK82: =AK79 / $I80 -> 0.13532924 | AL82: =AL79 / $I80 -> 0.13197772 | AM82: =AM79 / $I80 -> 0.12765948 | AN82: =AN79 / $I80 -> 0.12377864 | AO82: =AO79 / $I80 -> 0.11995669 | AP82: =AP79 / $I80 -> 0.12030092 | AQ82: =AQ79 / $I80 -> 0.11720724
E84: Additional income | G84: £m 12/13 prices | AJ84: =($I77 * AJ82) -> 0 | AK84: =($I77 * AK82) -> 0 | AL84: =($I77 * AL82) -> 0 | AM84: =($I77 * AM82) -> 0 | AN84: =($I77 * AN82) -> 0 | AO84: =($I77 * AO82) -> 0 | AP84: =($I77 * AP82) -> 0 | AQ84: =($I77 * AQ82) -> 0
B86: End of sheet

Sheet DARTs
A1: Direct Allowed Revenue Terms (DARTs)
B2: =UserInterface!G24 -> SPN | AJ2: Done
E6: Parameter | G6: Units | I6: Constant | AJ6: Annual values
E7: PCFM year ending | I7: =UserInterface!$G$17 -> 42460 | K7: 33328 | L7: 33694 | M7: 34059 | N7: 34424 | O7: 34789 | P7: 35155 | Q7: 35520 | R7: 35885 | S7: 36250 | T7: 36616 | U7: 36981 | V7: 37346 | W7: 37711 | X7: 38077 | Y7: 38442 | Z7: 38807 | AA7: 39172 | AB7: 39538 | AC7: 39903 | AD7: 40268 | AE7: 40633 | AF7: 40999 | AG7: 41364 | AH7: 41729 | AI7: 42094 | AJ7: 42460 | AK7: 42825 | AL7: 43190 | AM7: 43555 | AN7: 43921 | AO7: 44286 | AP7: 44651 | AQ7: 45016
B9: Direct Allowed Revenue Terms (DARTs)
B10: Note: DARTs are allowances with minimal processing required in the model as they flow directly from input to revenue.
B11: They do however have different indirect impacts on equity issuance and tax. They are grouped here by their treatment type to aid common treatment of DARTs through the rest of the model.
B12: "Post-tax" allowances can be included in the tax calculation but "Pre-tax" allowances cannot.
B13: "Passthrough-style" allowances are treated as an equal revenue and cost. Therefore they have no net cash flow impact. "Revenue" allowances are just set as a revenue amount with any costs relating to them are dealt with elsewhere.
C15: Base Revenue
D17: No impact on net debt, No Tax Allowance given, no tax paid (as underlying assumption is costs equal income)
E19: Established pension deficit repair | G19: £m 12/13 prices | AJ19: =Input!AJ239 -> 31.195491 | AK19: =Input!AK239 -> 31.195491 | AL19: =Input!AL239 -> 31.195491 | AM19: =Input!AM239 -> 31.195491 | AN19: =Input!AN239 -> 31.195491 | AO19: =Input!AO239 -> 31.195491 | AP19: =Input!AP239 -> 31.195491 | AQ19: =Input!AQ239 -> 31.195491
E20: Base Revenue DARTs with no impact on net debt or tax | G20: £m 12/13 prices | AJ20: =SUM(AJ19:AJ19) -> 31.195491 | AK20: =SUM(AK19:AK19) -> 31.195491 | AL20: =SUM(AL19:AL19) -> 31.195491 | AM20: =SUM(AM19:AM19) -> 31.195491 | AN20: =SUM(AN19:AN19) -> 31.195491 | AO20: =SUM(AO19:AO19) -> 31.195491 | AP20: =SUM(AP19:AP19) -> 31.195491 | AQ20: =SUM(AQ19:AQ19) -> 31.195491
D22: Impact net debt, Tax Allowance given (and so tax paid on income)
E24: Pension true-up from previous price controls | G24: £m 12/13 prices | AJ24: =Input!AJ241 -> 0 | AK24: =Input!AK241 -> 0 | AL24: =Input!AL241 -> 0 | AM24: =Input!AM241 -> 0 | AN24: =Input!AN241 -> 0 | AO24: =Input!AO241 -> 0 | AP24: =Input!AP241 -> 0 | AQ24: =Input!AQ241 -> 0
E25: Base Revenue DARTs impacting both net debt and tax | G25: £m 12/13 prices | AJ25: =SUM(AJ24:AJ24) -> 0 | AK25: =SUM(AK24:AK24) -> 0 | AL25: =SUM(AL24:AL24) -> 0 | AM25: =SUM(AM24:AM24) -> 0 | AN25: =SUM(AN24:AN24) -> 0 | AO25: =SUM(AO24:AO24) -> 0 | AP25: =SUM(AP24:AP24) -> 0 | AQ25: =SUM(AQ24:AQ24) -> 0
D27: Impact net debt, No Tax Allowance given, Tax Paid on net income
E29: Revenue from previous controls | G29: £m 12/13 prices | AJ29: =Input!AJ245+Input!AJ249 -> 2.0026304 | AK29: =Input!AK245+Input!AK249 -> 2.0964536 | AL29: =Input!AL245+Input!AL249 -> 2.1946725 | AM29: =Input!AM245+Input!AM249 -> 2.2974929 | AN29: =Input!AN245+Input!AN249 -> 2.4051304 | AO29: =Input!AO245+Input!AO249 -> 2.5178108 | AP29: =Input!AP245+Input!AP249 -> 2.6357702 | AQ29: =Input!AQ245+Input!AQ249 -> 2.759256
E30: Base Revenue DARTs impacting net debt but not tax | G30: £m 12/13 prices | AJ30: =SUM(AJ29:AJ29) -> 2.0026304 | AK30: =SUM(AK29:AK29) -> 2.0964536 | AL30: =SUM(AL29:AL29) -> 2.1946725 | AM30: =SUM(AM29:AM29) -> 2.2974929 | AN30: =SUM(AN29:AN29) -> 2.4051304 | AO30: =SUM(AO29:AO29) -> 2.5178108 | AP30: =SUM(AP29:AP29) -> 2.6357702 | AQ30: =SUM(AQ29:AQ29) -> 2.759256
D32: Impact net debt, Tax Allowance given (and so tax paid on income)
E34: Initial Profile Adjustment | G34: £m 12/13 prices | AJ34: =Input!AJ446 -> -14.17292 | AK34: =Input!AK446 -> -19.866422 | AL34: =Input!AL446 -> -16.878181 | AM34: =Input!AM446 -> -11.843636 | AN34: =Input!AN446 -> 3.0408867 | AO34: =Input!AO446 -> 10.327768 | AP34: =Input!AP446 -> 18.978693 | AQ34: =Input!AQ446 -> 30.647284
E35: Time Value of Money Profile Adjustment | G35: £m 12/13 prices | AJ35: =Input!AJ447 -> 0.34294617 | AK35: =Input!AK447 -> 1.1671314 | AL35: =Input!AL447 -> 2.0579457 | AM35: =Input!AM447 -> 2.7556747 | AN35: =Input!AN447 -> 2.9719155 | AO35: =Input!AO447 -> 2.651229 | AP35: =Input!AP447 -> 1.9435571 | AQ35: =Input!AQ447 -> 0.74235652
E36: Time Value of Money Profile Increment | G36: £m 12/13 prices | AJ36: =Input!AJ448 -> 0 | AK36: =Input!AK448 -> 0 | AL36: =Input!AL448 -> 0 | AM36: =Input!AM448 -> 0 | AN36: =Input!AN448 -> 0 | AO36: =Input!AO448 -> 0 | AP36: =Input!AP448 -> 0 | AQ36: =Input!AQ448 -> 0
E37: Base Revenue DARTs impacting both net debt and tax | G37: £m 12/13 prices | AJ37: =SUM(AJ34:AJ36) -> -13.829973 | AK37: =SUM(AK34:AK36) -> -18.699291 | AL37: =SUM(AL34:AL36) -> -14.820235 | AM37: =SUM(AM34:AM36) -> -9.0879609 | AN37: =SUM(AN34:AN36) -> 6.0128022 | AO37: =SUM(AO34:AO36) -> 12.978997 | AP37: =SUM(AP34:AP36) -> 20.92225 | AQ37: =SUM(AQ34:AQ36) -> 31.389641
C39: ES7 (Miscellaneous)
D41: No impact on debt, No Tax Allowance given, Tax Paid on net income
E43: =Input!E253 -> ES7 (Miscellaneous) revenue | G43: £m 12/13 prices | AJ43: =Input!AJ253 -> 0 | AK43: =Input!AK253 -> 0 | AL43: =Input!AL253 -> 0 | AM43: =Input!AM253 -> 0 | AN43: =Input!AN253 -> 0 | AO43: =Input!AO253 -> 0 | AP43: =Input!AP253 -> 0 | AQ43: =Input!AQ253 -> 0
E44: =Input!E254 -> ES7 (Miscellaneous) assumed costs | G44: £m 12/13 prices | AJ44: =Input!AJ254 -> 0 | AK44: =Input!AK254 -> 0 | AL44: =Input!AL254 -> 0 | AM44: =Input!AM254 -> 0 | AN44: =Input!AN254 -> 0 | AO44: =Input!AO254 -> 0 | AP44: =Input!AP254 -> 0 | AQ44: =Input!AQ254 -> 0
E45: =Input!E255 -> ES7 (Miscellaneous) net position | G45: £m 12/13 prices | AJ45: =Input!AJ255 -> 0 | AK45: =Input!AK255 -> 0 | AL45: =Input!AL255 -> 0 | AM45: =Input!AM255 -> 0 | AN45: =Input!AN255 -> 0 | AO45: =Input!AO255 -> 0 | AP45: =Input!AP255 -> 0 | AQ45: =Input!AQ255 -> 0
C47: =Input!E257 -> Directly Remunerated Services
D49: Impact net debt, No Tax Allowance given, Tax Paid on net income
E51: =Input!E311 -> Overall net income of Directly Remunerated Services | G51: £m 12/13 prices | AJ51: =Input!AJ311 -> 6.277707 | AK51: =Input!AK311 -> 5.4998777 | AL51: =Input!AL311 -> 4.518752 | AM51: =Input!AM311 -> 3.6541327 | AN51: =Input!AN311 -> 2.9168245 | AO51: =Input!AO311 -> 2.384499 | AP51: =Input!AP311 -> 2.2608632 | AQ51: =Input!AQ311 -> 2.2668839
C53: Legacy losses incentive
D55: Impact net debt, No Tax Allowance given, Tax Paid on net income
E57: Legacy losses incentive | G57: £m 12/13 prices | AJ57: =Input!AJ251 -> 0 | AK57: =Input!AK251 -> 0 | AL57: =Input!AL251 -> 0 | AM57: =Input!AM251 -> 0 | AN57: =Input!AN251 -> 0 | AO57: =Input!AO251 -> 0 | AP57: =Input!AP251 -> 0 | AQ57: =Input!AQ251 -> 0
C59: DART groups
C60: MG TO UPDATE NOTES for this section
E65: Base revenue DARTs | G65: £m 12/13 prices | AJ65: =AJ20 + AJ25 + AJ30 +AJ37 + AJ44 -> 19.368148 | AK65: =AK20 + AK25 + AK30 +AK37 + AK44 -> 14.592654 | AL65: =AL20 + AL25 + AL30 +AL37 + AL44 -> 18.569929 | AM65: =AM20 + AM25 + AM30 +AM37 + AM44 -> 24.405023 | AN65: =AN20 + AN25 + AN30 +AN37 + AN44 -> 39.613424 | AO65: =AO20 + AO25 + AO30 +AO37 + AO44 -> 46.692299 | AP65: =AP20 + AP25 + AP30 +AP37 + AP44 -> 54.753511 | AQ65: =AQ20 + AQ25 + AQ30 +AQ37 + AQ44 -> 65.344388
E67: Non Base Revenue DARTs | G67: £m 12/13 prices | AJ67: =AJ43+AJ51+AJ57 -> 6.277707 | AK67: =AK43+AK51+AK57 -> 5.4998777 | AL67: =AL43+AL51+AL57 -> 4.518752 | AM67: =AM43+AM51+AM57 -> 3.6541327 | AN67: =AN43+AN51+AN57 -> 2.9168245 | AO67: =AO43+AO51+AO57 -> 2.384499 | AP67: =AP43+AP51+AP57 -> 2.2608632 | AQ67: =AQ43+AQ51+AQ57 -> 2.2668839
E69: Net impact of DARTs on core net debt | G69: £m 12/13 prices | AJ69: =-AJ20-AJ44+AJ45+AJ51+AJ57 -> -24.917784 | AK69: =-AK20-AK44+AK45+AK51+AK57 -> -25.695614 | AL69: =-AL20-AL44+AL45+AL51+AL57 -> -26.676739 | AM69: =-AM20-AM44+AM45+AM51+AM57 -> -27.541359 | AN69: =-AN20-AN44+AN45+AN51+AN57 -> -28.278667 | AO69: =-AO20-AO44+AO45+AO51+AO57 -> -28.810992 | AP69: =-AP20-AP44+AP45+AP51+AP57 -> -28.934628 | AQ69: =-AQ20-AQ44+AQ45+AQ51+AQ57 -> -28.928607
E71: Net DART impact on core tax calculation | G71: £m 12/13 prices | AJ71: =- AJ20 - AJ30 - AJ44 -> -33.198122 | AK71: =- AK20 - AK30 - AK44 -> -33.291945 | AL71: =- AL20 - AL30 - AL44 -> -33.390164 | AM71: =- AM20 - AM30 - AM44 -> -33.492984 | AN71: =- AN20 - AN30 - AN44 -> -33.600622 | AO71: =- AO20 - AO30 - AO44 -> -33.713302 | AP71: =- AP20 - AP30 - AP44 -> -33.831262 | AQ71: =- AQ20 - AQ30 - AQ44 -> -33.954747
B73: End of sheet

Sheet Depn
A1: Regulatory Depreciation
B2: =UserInterface!G24 -> SPN | AJ2: Done
E6: Parameter | G6: Units | I6: Constant | AJ6: Annual values
E7: PCFM year ending | I7: =UserInterface!$G$17 -> 42460 | K7: 33328 | L7: 33694 | M7: 34059 | N7: 34424 | O7: 34789 | P7: 35155 | Q7: 35520 | R7: 35885 | S7: 36250 | T7: 36616 | U7: 36981 | V7: 37346 | W7: 37711 | X7: 38077 | Y7: 38442 | Z7: 38807 | AA7: 39172 | AB7: 39538 | AC7: 39903 | AD7: 40268 | AE7: 40633 | AF7: 40999 | AG7: 41364 | AH7: 41729 | AI7: 42094 | AJ7: 42460 | AK7: 42825 | AL7: 43190 | AM7: 43555 | AN7: 43921 | AO7: 44286 | AP7: 44651 | AQ7: 45016
B9: Regulatory depreciation
C11: Net RAV additions (after disposals)
C12: Note: Additions to RAV are combined before feeding into the depreciation calculations. Disposals are treated as negative additions. Pre-RIIO values are used to build up the post-vesting RAV from vesting.
C13: Logged-up and security costs are retrospectively added to RAV to provide the updated opening RAV and align depreciation with expenditure.
E15: Slow money | G15: £m 12/13 prices | AJ15: =TIM!AJ72 -> 157.23069 | AK15: =TIM!AK72 -> 171.88703 | AL15: =TIM!AL72 -> 167.63013 | AM15: =TIM!AM72 -> 162.14536 | AN15: =TIM!AN72 -> 157.21616 | AO15: =TIM!AO72 -> 152.36174 | AP15: =TIM!AP72 -> 152.79897 | AQ15: =TIM!AQ72 -> 148.86956
E16: Net adjustments | G16: £m 12/13 prices | AJ16: =SUM(Input!AJ332:AJ333) -> 0 | AK16: =SUM(Input!AK332:AK333) -> 0 | AL16: =SUM(Input!AL332:AL333) -> 0 | AM16: =SUM(Input!AM332:AM333) -> 0 | AN16: =SUM(Input!AN332:AN333) -> 0 | AO16: =SUM(Input!AO332:AO333) -> 0 | AP16: =SUM(Input!AP332:AP333) -> 0 | AQ16: =SUM(Input!AQ332:AQ333) -> 0
E17: Pre-RIIO net RAV additions (after disposals) | G17: £m 12/13 prices | J17: > | K17: =SUM(Input!K329:K331) -> 21.107504 | L17: =SUM(Input!L329:L331) -> 79.191657 | M17: =SUM(Input!M329:M331) -> 79.191657 | N17: =SUM(Input!N329:N331) -> 88.435819 | O17: =SUM(Input!O329:O331) -> 64.092858 | P17: =SUM(Input!P329:P331) -> 49.148129 | Q17: =SUM(Input!Q329:Q331) -> 62.860303 | R17: =SUM(Input!R329:R331) -> 44.371979 | ... AI17: =SUM(Input!AI329:AI331) -> 181.50568
E18: Net RAV additions (after disposals) | G18: £m 12/13 prices | J18: > | K18: =SUM(K15:K17) -> 21.107504 | L18: =SUM(L15:L17) -> 79.191657 | M18: =SUM(M15:M17) -> 79.191657 | N18: =SUM(N15:N17) -> 88.435819 | O18: =SUM(O15:O17) -> 64.092858 | P18: =SUM(P15:P17) -> 49.148129 | Q18: =SUM(Q15:Q17) -> 62.860303 | R18: =SUM(R15:R17) -> 44.371979 | ... AQ18: =SUM(AQ15:AQ17) -> 148.86956
C20: Net depreciation additions (after disposals)
C21: Note:
E23: Pre-RIIO transfers to depreciation | G23: £m 12/13 prices | J23: > | K23: =Input!K334 -> 0 | L23: =Input!L334 -> 0 | M23: =Input!M334 -> 0 | N23: =Input!N334 -> 0 | O23: =Input!O334 -> 0 | P23: =Input!P334 -> 0 | Q23: =Input!Q334 -> 0 | R23: =Input!R334 -> 0 | ... AI23: =Input!AI334 -> 0
C25: Pre-vesting depreciation
C26: Note: The following depreciation factor is used to depreciate the pre-vesting balance on the "Return&RAV" sheet.
E28: Vesting year | G28: year ending | I28: =Input!I328 -> 33328
E29: Pre-vesting asset life | G29: years | I29: =Input!I317 -> 13
E30: Pre vesting asset depn in first year (mths) | G30: months | I30: =Input!I318 -> 3.5
C32: Accelerated post-vesting depreciation
C33: Note: Accelerated depreciation calculations provide the allowed depreciation after full depreciation of pre-vesting assets, but are also used to establish the "RAV differential" generated before that point.
D35: Depreciation parameters
E37: Post-vesting asset life | G37: years | J37: > | K37: =Input!K326 -> 20 | L37: =Input!L326 -> 20 | M37: =Input!M326 -> 20 | N37: =Input!N326 -> 20 | O37: =Input!O326 -> 20 | P37: =Input!P326 -> 20 | Q37: =Input!Q326 -> 20 | R37: =Input!R326 -> 20 | ... AQ37: =Input!AQ326 -> 45
E38: Accelerated post-vesting depreciation applied | G38: text | J38: > | L38: =YEAR(L$7) >= YEAR($I$28) + IF($I$30=12,$I$29,$I$29+1) -> FALSE | M38: =YEAR(M$7) >= YEAR($I$28) + IF($I$30=12,$I$29,$I$29+1) -> FALSE | N38: =YEAR(N$7) >= YEAR($I$28) + IF($I$30=12,$I$29,$I$29+1) -> FALSE | O38: =YEAR(O$7) >= YEAR($I$28) + IF($I$30=12,$I$29,$I$29+1) -> FALSE | P38: =YEAR(P$7) >= YEAR($I$28) + IF($I$30=12,$I$29,$I$29+1) -> FALSE | Q38: =YEAR(Q$7) >= YEAR($I$28) + IF($I$30=12,$I$29,$I$29+1) -> FALSE | R38: =YEAR(R$7) >= YEAR($I$28) + IF($I$30=12,$I$29,$I$29+1) -> FALSE | S38: =YEAR(S$7) >= YEAR($I$28) + IF($I$30=12,$I$29,$I$29+1) -> FALSE | ... AQ38: =YEAR(AQ$7) >= YEAR($I$28) + IF($I$30=12,$I$29,$I$29+1) -> TRUE
D40: Depreciation schedule
E42: Accelerated depreciation of additions from year ending | I42: Net additions
E43: 33328 | G43: £m 12/13 prices | I43: =I88 -> 21.107504 | J43: > | L43: =$I43/$K$37 -> 1.0553752 | M43: =IF($I43 >0, MIN(L43,$I43-SUM($L43:L43)), MAX(L43,$I43-SUM($L43:L43))) -> 1.0553752 | N43: =IF($I43 >0, MIN(M43,$I43-SUM($L43:M43)), MAX(M43,$I43-SUM($L43:M43))) -> 1.0553752 | O43: =IF($I43 >0, MIN(N43,$I43-SUM($L43:N43)), MAX(N43,$I43-SUM($L43:N43))) -> 1.0553752 | P43: =IF($I43 >0, MIN(O43,$I43-SUM($L43:O43)), MAX(O43,$I43-SUM($L43:O43))) -> 1.0553752 | Q43: =IF($I43 >0, MIN(P43,$I43-SUM($L43:P43)), MAX(P43,$I43-SUM($L43:P43))) -> 1.0553752 | R43: =IF($I43 >0, MIN(Q43,$I43-SUM($L43:Q43)), MAX(Q43,$I43-SUM($L43:Q43))) -> 1.0553752 | S43: =IF($I43 >0, MIN(R43,$I43-SUM($L43:R43)), MAX(R43,$I43-SUM($L43:R43))) -> 1.0553752 | T43: =IF($I43 >0, MIN(S43,$I43-SUM($L43:S43)), MAX(S43,$I43-SUM($L43:S43))) -> 1.0553752 | ... AQ43: =IF($I43 >0, MIN(AP43,$I43-SUM($L43:AP43)), MAX(AP43,$I43-SUM($L43:AP43))) -> 0
E44: 33694 | G44: £m 12/13 prices | I44: =I89 -> 79.191657 | J44: > | M44: =$I44/L$37 -> 3.9595828 | N44: =IF($I44 >0, MIN(M44,$I44-SUM($L44:M44)), MAX(M44,$I44-SUM($L44:M44))) -> 3.9595828 | O44: =IF($I44 >0, MIN(N44,$I44-SUM($L44:N44)), MAX(N44,$I44-SUM($L44:N44))) -> 3.9595828 | P44: =IF($I44 >0, MIN(O44,$I44-SUM($L44:O44)), MAX(O44,$I44-SUM($L44:O44))) -> 3.9595828 | Q44: =IF($I44 >0, MIN(P44,$I44-SUM($L44:P44)), MAX(P44,$I44-SUM($L44:P44))) -> 3.9595828 | R44: =IF($I44 >0, MIN(Q44,$I44-SUM($L44:Q44)), MAX(Q44,$I44-SUM($L44:Q44))) -> 3.9595828 | S44: =IF($I44 >0, MIN(R44,$I44-SUM($L44:R44)), MAX(R44,$I44-SUM($L44:R44))) -> 3.9595828 | T44: =IF($I44 >0, MIN(S44,$I44-SUM($L44:S44)), MAX(S44,$I44-SUM($L44:S44))) -> 3.9595828 | U44: =IF($I44 >0, MIN(T44,$I44-SUM($L44:T44)), MAX(T44,$I44-SUM($L44:T44))) -> 3.9595828 | ... AQ44: =IF($I44 >0, MIN(AP44,$I44-SUM($L44:AP44)), MAX(AP44,$I44-SUM($L44:AP44))) -> 0
E45: 34059 | G45: £m 12/13 prices | I45: =I90 -> 79.191657 | J45: > | N45: =$I45/M$37 -> 3.9595828 | O45: =IF($I45 >0, MIN(N45,$I45-SUM($L45:N45)), MAX(N45,$I45-SUM($L45:N45))) -> 3.9595828 | P45: =IF($I45 >0, MIN(O45,$I45-SUM($L45:O45)), MAX(O45,$I45-SUM($L45:O45))) -> 3.9595828 | Q45: =IF($I45 >0, MIN(P45,$I45-SUM($L45:P45)), MAX(P45,$I45-SUM($L45:P45))) -> 3.9595828 | R45: =IF($I45 >0, MIN(Q45,$I45-SUM($L45:Q45)), MAX(Q45,$I45-SUM($L45:Q45))) -> 3.9595828 | S45: =IF($I45 >0, MIN(R45,$I45-SUM($L45:R45)), MAX(R45,$I45-SUM($L45:R45))) -> 3.9595828 | T45: =IF($I45 >0, MIN(S45,$I45-SUM($L45:S45)), MAX(S45,$I45-SUM($L45:S45))) -> 3.9595828 | U45: =IF($I45 >0, MIN(T45,$I45-SUM($L45:T45)), MAX(T45,$I45-SUM($L45:T45))) -> 3.9595828 | V45: =IF($I45 >0, MIN(U45,$I45-SUM($L45:U45)), MAX(U45,$I45-SUM($L45:U45))) -> 3.9595828 | ... AR45: =IF($I45 >0, MIN(AQ45,$I45-SUM($L45:AQ45)), MAX(AQ45,$I45-SUM($L45:AQ45))) -> 0
E46: 34424 | G46: £m 12/13 prices | I46: =I91 -> 88.435819 | J46: > | O46: =$I46/N$37 -> 4.4217909 | P46: =IF($I46 >0, MIN(O46,$I46-SUM($L46:O46)), MAX(O46,$I46-SUM($L46:O46))) -> 4.4217909 | Q46: =IF($I46 >0, MIN(P46,$I46-SUM($L46:P46)), MAX(P46,$I46-SUM($L46:P46))) -> 4.4217909 | R46: =IF($I46 >0, MIN(Q46,$I46-SUM($L46:Q46)), MAX(Q46,$I46-SUM($L46:Q46))) -> 4.4217909 | S46: =IF($I46 >0, MIN(R46,$I46-SUM($L46:R46)), MAX(R46,$I46-SUM($L46:R46))) -> 4.4217909 | T46: =IF($I46 >0, MIN(S46,$I46-SUM($L46:S46)), MAX(S46,$I46-SUM($L46:S46))) -> 4.4217909 | U46: =IF($I46 >0, MIN(T46,$I46-SUM($L46:T46)), MAX(T46,$I46-SUM($L46:T46))) -> 4.4217909 | V46: =IF($I46 >0, MIN(U46,$I46-SUM($L46:U46)), MAX(U46,$I46-SUM($L46:U46))) -> 4.4217909 | W46: =IF($I46 >0, MIN(V46,$I46-SUM($L46:V46)), MAX(V46,$I46-SUM($L46:V46))) -> 4.4217909 | ... AR46: =IF($I46 >0, MIN(AQ46,$I46-SUM($L46:AQ46)), MAX(AQ46,$I46-SUM($L46:AQ46))) -> 0
E47: 34789 | G47: £m 12/13 prices | I47: =I92 -> 64.092858 | J47: > | P47: =$I47/O$37 -> 3.2046429 | Q47: =IF($I47 >0, MIN(P47,$I47-SUM($L47:P47)), MAX(P47,$I47-SUM($L47:P47))) -> 3.2046429 | R47: =IF($I47 >0, MIN(Q47,$I47-SUM($L47:Q47)), MAX(Q47,$I47-SUM($L47:Q47))) -> 3.2046429 | S47: =IF($I47 >0, MIN(R47,$I47-SUM($L47:R47)), MAX(R47,$I47-SUM($L47:R47))) -> 3.2046429 | T47: =IF($I47 >0, MIN(S47,$I47-SUM($L47:S47)), MAX(S47,$I47-SUM($L47:S47))) -> 3.2046429 | U47: =IF($I47 >0, MIN(T47,$I47-SUM($L47:T47)), MAX(T47,$I47-SUM($L47:T47))) -> 3.2046429 | V47: =IF($I47 >0, MIN(U47,$I47-SUM($L47:U47)), MAX(U47,$I47-SUM($L47:U47))) -> 3.2046429 | W47: =IF($I47 >0, MIN(V47,$I47-SUM($L47:V47)), MAX(V47,$I47-SUM($L47:V47))) -> 3.2046429 | X47: =IF($I47 >0, MIN(W47,$I47-SUM($L47:W47)), MAX(W47,$I47-SUM($L47:W47))) -> 3.2046429 | ... AR47: =IF($I47 >0, MIN(AQ47,$I47-SUM($L47:AQ47)), MAX(AQ47,$I47-SUM($L47:AQ47))) -> 0
E48: 35155 | G48: £m 12/13 prices | I48: =I93 -> 49.148129 | J48: > | Q48: =$I48/P$37 -> 2.4574065 | R48: =IF($I48 >0, MIN(Q48,$I48-SUM($L48:Q48)), MAX(Q48,$I48-SUM($L48:Q48))) -> 2.4574065 | S48: =IF($I48 >0, MIN(R48,$I48-SUM($L48:R48)), MAX(R48,$I48-SUM($L48:R48))) -> 2.4574065 | T48: =IF($I48 >0, MIN(S48,$I48-SUM($L48:S48)), MAX(S48,$I48-SUM($L48:S48))) -> 2.4574065 | U48: =IF($I48 >0, MIN(T48,$I48-SUM($L48:T48)), MAX(T48,$I48-SUM($L48:T48))) -> 2.4574065 | V48: =IF($I48 >0, MIN(U48,$I48-SUM($L48:U48)), MAX(U48,$I48-SUM($L48:U48))) -> 2.4574065 | W48: =IF($I48 >0, MIN(V48,$I48-SUM($L48:V48)), MAX(V48,$I48-SUM($L48:V48))) -> 2.4574065 | X48: =IF($I48 >0, MIN(W48,$I48-SUM($L48:W48)), MAX(W48,$I48-SUM($L48:W48))) -> 2.4574065 | Y48: =IF($I48 >0, MIN(X48,$I48-SUM($L48:X48)), MAX(X48,$I48-SUM($L48:X48))) -> 2.4574065 | ... AR48: =IF($I48 >0, MIN(AQ48,$I48-SUM($L48:AQ48)), MAX(AQ48,$I48-SUM($L48:AQ48))) -> 0
E49: 35520 | G49: £m 12/13 prices | I49: =I94 -> 62.860303 | J49: > | R49: =$I49/Q$37 -> 3.1430152 | S49: =IF($I49 >0, MIN(R49,$I49-SUM($L49:R49)), MAX(R49,$I49-SUM($L49:R49))) -> 3.1430152 | T49: =IF($I49 >0, MIN(S49,$I49-SUM($L49:S49)), MAX(S49,$I49-SUM($L49:S49))) -> 3.1430152 | U49: =IF($I49 >0, MIN(T49,$I49-SUM($L49:T49)), MAX(T49,$I49-SUM($L49:T49))) -> 3.1430152 | V49: =IF($I49 >0, MIN(U49,$I49-SUM($L49:U49)), MAX(U49,$I49-SUM($L49:U49))) -> 3.1430152 | W49: =IF($I49 >0, MIN(V49,$I49-SUM($L49:V49)), MAX(V49,$I49-SUM($L49:V49))) -> 3.1430152 | X49: =IF($I49 >0, MIN(W49,$I49-SUM($L49:W49)), MAX(W49,$I49-SUM($L49:W49))) -> 3.1430152 | Y49: =IF($I49 >0, MIN(X49,$I49-SUM($L49:X49)), MAX(X49,$I49-SUM($L49:X49))) -> 3.1430152 | Z49: =IF($I49 >0, MIN(Y49,$I49-SUM($L49:Y49)), MAX(Y49,$I49-SUM($L49:Y49))) -> 3.1430152 | ... AR49: =IF($I49 >0, MIN(AQ49,$I49-SUM($L49:AQ49)), MAX(AQ49,$I49-SUM($L49:AQ49))) -> 0
E50: 35885 | G50: £m 12/13 prices | I50: =I95 -> 44.371979 | J50: > | S50: =$I50/R$37 -> 2.2185989 | T50: =IF($I50 >0, MIN(S50,$I50-SUM($L50:S50)), MAX(S50,$I50-SUM($L50:S50))) -> 2.2185989 | U50: =IF($I50 >0, MIN(T50,$I50-SUM($L50:T50)), MAX(T50,$I50-SUM($L50:T50))) -> 2.2185989 | V50: =IF($I50 >0, MIN(U50,$I50-SUM($L50:U50)), MAX(U50,$I50-SUM($L50:U50))) -> 2.2185989 | W50: =IF($I50 >0, MIN(V50,$I50-SUM($L50:V50)), MAX(V50,$I50-SUM($L50:V50))) -> 2.2185989 | X50: =IF($I50 >0, MIN(W50,$I50-SUM($L50:W50)), MAX(W50,$I50-SUM($L50:W50))) -> 2.2185989 | Y50: =IF($I50 >0, MIN(X50,$I50-SUM($L50:X50)), MAX(X50,$I50-SUM($L50:X50))) -> 2.2185989 | Z50: =IF($I50 >0, MIN(Y50,$I50-SUM($L50:Y50)), MAX(Y50,$I50-SUM($L50:Y50))) -> 2.2185989 | AA50: =IF($I50 >0, MIN(Z50,$I50-SUM($L50:Z50)), MAX(Z50,$I50-SUM($L50:Z50))) -> 2.2185989 | ... AR50: =IF($I50 >0, MIN(AQ50,$I50-SUM($L50:AQ50)), MAX(AQ50,$I50-SUM($L50:AQ50))) -> 0
E51: 36250 | G51: £m 12/13 prices | I51: =I96 -> 63.649616 | J51: > | T51: =$I51/S$37 -> 3.1824808 | U51: =IF($I51 >0, MIN(T51,$I51-SUM($L51:T51)), MAX(T51,$I51-SUM($L51:T51))) -> 3.1824808 | V51: =IF($I51 >0, MIN(U51,$I51-SUM($L51:U51)), MAX(U51,$I51-SUM($L51:U51))) -> 3.1824808 | W51: =IF($I51 >0, MIN(V51,$I51-SUM($L51:V51)), MAX(V51,$I51-SUM($L51:V51))) -> 3.1824808 | X51: =IF($I51 >0, MIN(W51,$I51-SUM($L51:W51)), MAX(W51,$I51-SUM($L51:W51))) -> 3.1824808 | Y51: =IF($I51 >0, MIN(X51,$I51-SUM($L51:X51)), MAX(X51,$I51-SUM($L51:X51))) -> 3.1824808 | Z51: =IF($I51 >0, MIN(Y51,$I51-SUM($L51:Y51)), MAX(Y51,$I51-SUM($L51:Y51))) -> 3.1824808 | AA51: =IF($I51 >0, MIN(Z51,$I51-SUM($L51:Z51)), MAX(Z51,$I51-SUM($L51:Z51))) -> 3.1824808 | AB51: =IF($I51 >0, MIN(AA51,$I51-SUM($L51:AA51)), MAX(AA51,$I51-SUM($L51:AA51))) -> 3.1824808 | ... AR51: =IF($I51 >0, MIN(AQ51,$I51-SUM($L51:AQ51)), MAX(AQ51,$I51-SUM($L51:AQ51))) -> 0
E52: 36616 | G52: £m 12/13 prices | I52: =I97 -> 59.863375 | J52: > | U52: =$I52/T$37 -> 2.9931688 | V52: =IF($I52 >0, MIN(U52,$I52-SUM($L52:U52)), MAX(U52,$I52-SUM($L52:U52))) -> 2.9931688 | W52: =IF($I52 >0, MIN(V52,$I52-SUM($L52:V52)), MAX(V52,$I52-SUM($L52:V52))) -> 2.9931688 | X52: =IF($I52 >0, MIN(W52,$I52-SUM($L52:W52)), MAX(W52,$I52-SUM($L52:W52))) -> 2.9931688 | Y52: =IF($I52 >0, MIN(X52,$I52-SUM($L52:X52)), MAX(X52,$I52-SUM($L52:X52))) -> 2.9931688 | Z52: =IF($I52 >0, MIN(Y52,$I52-SUM($L52:Y52)), MAX(Y52,$I52-SUM($L52:Y52))) -> 2.9931688 | AA52: =IF($I52 >0, MIN(Z52,$I52-SUM($L52:Z52)), MAX(Z52,$I52-SUM($L52:Z52))) -> 2.9931688 | AB52: =IF($I52 >0, MIN(AA52,$I52-SUM($L52:AA52)), MAX(AA52,$I52-SUM($L52:AA52))) -> 2.9931688 | AC52: =IF($I52 >0, MIN(AB52,$I52-SUM($L52:AB52)), MAX(AB52,$I52-SUM($L52:AB52))) -> 2.9931688 | ... AR52: =IF($I52 >0, MIN(AQ52,$I52-SUM($L52:AQ52)), MAX(AQ52,$I52-SUM($L52:AQ52))) -> 0
E53: 36981 | G53: £m 12/13 prices | I53: =I98 -> 75.409125 | J53: > | V53: =$I53/U$37 -> 3.7704563 | W53: =IF($I53 >0, MIN(V53,$I53-SUM($L53:V53)), MAX(V53,$I53-SUM($L53:V53))) -> 3.7704563 | X53: =IF($I53 >0, MIN(W53,$I53-SUM($L53:W53)), MAX(W53,$I53-SUM($L53:W53))) -> 3.7704563 | Y53: =IF($I53 >0, MIN(X53,$I53-SUM($L53:X53)), MAX(X53,$I53-SUM($L53:X53))) -> 3.7704563 | Z53: =IF($I53 >0, MIN(Y53,$I53-SUM($L53:Y53)), MAX(Y53,$I53-SUM($L53:Y53))) -> 3.7704563 | AA53: =IF($I53 >0, MIN(Z53,$I53-SUM($L53:Z53)), MAX(Z53,$I53-SUM($L53:Z53))) -> 3.7704563 | AB53: =IF($I53 >0, MIN(AA53,$I53-SUM($L53:AA53)), MAX(AA53,$I53-SUM($L53:AA53))) -> 3.7704563 | AC53: =IF($I53 >0, MIN(AB53,$I53-SUM($L53:AB53)), MAX(AB53,$I53-SUM($L53:AB53))) -> 3.7704563 | AD53: =IF($I53 >0, MIN(AC53,$I53-SUM($L53:AC53)), MAX(AC53,$I53-SUM($L53:AC53))) -> 3.7704563 | ... AR53: =IF($I53 >0, MIN(AQ53,$I53-SUM($L53:AQ53)), MAX(AQ53,$I53-SUM($L53:AQ53))) -> 0
E54: 37346 | G54: £m 12/13 prices | I54: =I99 -> 103.7874 | J54: > | W54: =$I54/V$37 -> 5.1893699 | X54: =IF($I54 >0, MIN(W54,$I54-SUM($L54:W54)), MAX(W54,$I54-SUM($L54:W54))) -> 5.1893699 | Y54: =IF($I54 >0, MIN(X54,$I54-SUM($L54:X54)), MAX(X54,$I54-SUM($L54:X54))) -> 5.1893699 | Z54: =IF($I54 >0, MIN(Y54,$I54-SUM($L54:Y54)), MAX(Y54,$I54-SUM($L54:Y54))) -> 5.1893699 | AA54: =IF($I54 >0, MIN(Z54,$I54-SUM($L54:Z54)), MAX(Z54,$I54-SUM($L54:Z54))) -> 5.1893699 | AB54: =IF($I54 >0, MIN(AA54,$I54-SUM($L54:AA54)), MAX(AA54,$I54-SUM($L54:AA54))) -> 5.1893699 | AC54: =IF($I54 >0, MIN(AB54,$I54-SUM($L54:AB54)), MAX(AB54,$I54-SUM($L54:AB54))) -> 5.1893699 | AD54: =IF($I54 >0, MIN(AC54,$I54-SUM($L54:AC54)), MAX(AC54,$I54-SUM($L54:AC54))) -> 5.1893699 | AE54: =IF($I54 >0, MIN(AD54,$I54-SUM($L54:AD54)), MAX(AD54,$I54-SUM($L54:AD54))) -> 5.1893699 | ... AR54: =IF($I54 >0, MIN(AQ54,$I54-SUM($L54:AQ54)), MAX(AQ54,$I54-SUM($L54:AQ54))) -> 0
E55: 37711 | G55: £m 12/13 prices | I55: =I100 -> 96.620141 | J55: > | X55: =$I55/W$37 -> 4.831007 | Y55: =IF($I55 >0, MIN(X55,$I55-SUM($L55:X55)), MAX(X55,$I55-SUM($L55:X55))) -> 4.831007 | Z55: =IF($I55 >0, MIN(Y55,$I55-SUM($L55:Y55)), MAX(Y55,$I55-SUM($L55:Y55))) -> 4.831007 | AA55: =IF($I55 >0, MIN(Z55,$I55-SUM($L55:Z55)), MAX(Z55,$I55-SUM($L55:Z55))) -> 4.831007 | AB55: =IF($I55 >0, MIN(AA55,$I55-SUM($L55:AA55)), MAX(AA55,$I55-SUM($L55:AA55))) -> 4.831007 | AC55: =IF($I55 >0, MIN(AB55,$I55-SUM($L55:AB55)), MAX(AB55,$I55-SUM($L55:AB55))) -> 4.831007 | AD55: =IF($I55 >0, MIN(AC55,$I55-SUM($L55:AC55)), MAX(AC55,$I55-SUM($L55:AC55))) -> 4.831007 | AE55: =IF($I55 >0, MIN(AD55,$I55-SUM($L55:AD55)), MAX(AD55,$I55-SUM($L55:AD55))) -> 4.831007 | AF55: =IF($I55 >0, MIN(AE55,$I55-SUM($L55:AE55)), MAX(AE55,$I55-SUM($L55:AE55))) -> 4.831007 | ... AR55: =IF($I55 >0, MIN(AQ55,$I55-SUM($L55:AQ55)), MAX(AQ55,$I55-SUM($L55:AQ55))) -> 0
E56: 38077 | G56: £m 12/13 prices | I56: =I101 -> 99.09019 | J56: > | Y56: =$I56/X$37 -> 4.9545095 | Z56: =IF($I56 >0, MIN(Y56,$I56-SUM($L56:Y56)), MAX(Y56,$I56-SUM($L56:Y56))) -> 4.9545095 | AA56: =IF($I56 >0, MIN(Z56,$I56-SUM($L56:Z56)), MAX(Z56,$I56-SUM($L56:Z56))) -> 4.9545095 | AB56: =IF($I56 >0, MIN(AA56,$I56-SUM($L56:AA56)), MAX(AA56,$I56-SUM($L56:AA56))) -> 4.9545095 | AC56: =IF($I56 >0, MIN(AB56,$I56-SUM($L56:AB56)), MAX(AB56,$I56-SUM($L56:AB56))) -> 4.9545095 | AD56: =IF($I56 >0, MIN(AC56,$I56-SUM($L56:AC56)), MAX(AC56,$I56-SUM($L56:AC56))) -> 4.9545095 | AE56: =IF($I56 >0, MIN(AD56,$I56-SUM($L56:AD56)), MAX(AD56,$I56-SUM($L56:AD56))) -> 4.9545095 | AF56: =IF($I56 >0, MIN(AE56,$I56-SUM($L56:AE56)), MAX(AE56,$I56-SUM($L56:AE56))) -> 4.9545095 | AG56: =IF($I56 >0, MIN(AF56,$I56-SUM($L56:AF56)), MAX(AF56,$I56-SUM($L56:AF56))) -> 4.9545095 | ... AR56: =IF($I56 >0, MIN(AQ56,$I56-SUM($L56:AQ56)), MAX(AQ56,$I56-SUM($L56:AQ56))) -> 4.9545095
E57: 38442 | G57: £m 12/13 prices | I57: =I102 -> 106.75866 | J57: > | Z57: =$I57/Y$37 -> 5.3379329 | AA57: =IF($I57 >0, MIN(Z57,$I57-SUM($L57:Z57)), MAX(Z57,$I57-SUM($L57:Z57))) -> 5.3379329 | AB57: =IF($I57 >0, MIN(AA57,$I57-SUM($L57:AA57)), MAX(AA57,$I57-SUM($L57:AA57))) -> 5.3379329 | AC57: =IF($I57 >0, MIN(AB57,$I57-SUM($L57:AB57)), MAX(AB57,$I57-SUM($L57:AB57))) -> 5.3379329 | AD57: =IF($I57 >0, MIN(AC57,$I57-SUM($L57:AC57)), MAX(AC57,$I57-SUM($L57:AC57))) -> 5.3379329 | AE57: =IF($I57 >0, MIN(AD57,$I57-SUM($L57:AD57)), MAX(AD57,$I57-SUM($L57:AD57))) -> 5.3379329 | AF57: =IF($I57 >0, MIN(AE57,$I57-SUM($L57:AE57)), MAX(AE57,$I57-SUM($L57:AE57))) -> 5.3379329 | AG57: =IF($I57 >0, MIN(AF57,$I57-SUM($L57:AF57)), MAX(AF57,$I57-SUM($L57:AF57))) -> 5.3379329 | AH57: =IF($I57 >0, MIN(AG57,$I57-SUM($L57:AG57)), MAX(AG57,$I57-SUM($L57:AG57))) -> 5.3379329 | ... AR57: =IF($I57 >0, MIN(AQ57,$I57-SUM($L57:AQ57)), MAX(AQ57,$I57-SUM($L57:AQ57))) -> 5.3379329
E58: 38807 | G58: £m 12/13 prices | I58: =I103 -> 125.68988 | J58: > | AA58: =$I58/Z$37 -> 6.2844942 | AB58: =IF($I58 >0, MIN(AA58,$I58-SUM($L58:AA58)), MAX(AA58,$I58-SUM($L58:AA58))) -> 6.2844942 | AC58: =IF($I58 >0, MIN(AB58,$I58-SUM($L58:AB58)), MAX(AB58,$I58-SUM($L58:AB58))) -> 6.2844942 | AD58: =IF($I58 >0, MIN(AC58,$I58-SUM($L58:AC58)), MAX(AC58,$I58-SUM($L58:AC58))) -> 6.2844942 | AE58: =IF($I58 >0, MIN(AD58,$I58-SUM($L58:AD58)), MAX(AD58,$I58-SUM($L58:AD58))) -> 6.2844942 | AF58: =IF($I58 >0, MIN(AE58,$I58-SUM($L58:AE58)), MAX(AE58,$I58-SUM($L58:AE58))) -> 6.2844942 | AG58: =IF($I58 >0, MIN(AF58,$I58-SUM($L58:AF58)), MAX(AF58,$I58-SUM($L58:AF58))) -> 6.2844942 | AH58: =IF($I58 >0, MIN(AG58,$I58-SUM($L58:AG58)), MAX(AG58,$I58-SUM($L58:AG58))) -> 6.2844942 | AI58: =IF($I58 >0, MIN(AH58,$I58-SUM($L58:AH58)), MAX(AH58,$I58-SUM($L58:AH58))) -> 6.2844942 | ... AR58: =IF($I58 >0, MIN(AQ58,$I58-SUM($L58:AQ58)), MAX(AQ58,$I58-SUM($L58:AQ58))) -> 6.2844942
E59: 39172 | G59: £m 12/13 prices | I59: =I104 -> 99.791717 | J59: > | AB59: =$I59/AA$37 -> 4.9895859 | AC59: =IF($I59 >0, MIN(AB59,$I59-SUM($L59:AB59)), MAX(AB59,$I59-SUM($L59:AB59))) -> 4.9895859 | AD59: =IF($I59 >0, MIN(AC59,$I59-SUM($L59:AC59)), MAX(AC59,$I59-SUM($L59:AC59))) -> 4.9895859 | AE59: =IF($I59 >0, MIN(AD59,$I59-SUM($L59:AD59)), MAX(AD59,$I59-SUM($L59:AD59))) -> 4.9895859 | AF59: =IF($I59 >0, MIN(AE59,$I59-SUM($L59:AE59)), MAX(AE59,$I59-SUM($L59:AE59))) -> 4.9895859 | AG59: =IF($I59 >0, MIN(AF59,$I59-SUM($L59:AF59)), MAX(AF59,$I59-SUM($L59:AF59))) -> 4.9895859 | AH59: =IF($I59 >0, MIN(AG59,$I59-SUM($L59:AG59)), MAX(AG59,$I59-SUM($L59:AG59))) -> 4.9895859 | AI59: =IF($I59 >0, MIN(AH59,$I59-SUM($L59:AH59)), MAX(AH59,$I59-SUM($L59:AH59))) -> 4.9895859 | AJ59: =IF($I59 >0, MIN(AI59,$I59-SUM($L59:AI59)), MAX(AI59,$I59-SUM($L59:AI59))) -> 4.9895859 | ... AR59: =IF($I59 >0, MIN(AQ59,$I59-SUM($L59:AQ59)), MAX(AQ59,$I59-SUM($L59:AQ59))) -> 4.9895859
E60: 39538 | G60: £m 12/13 prices | I60: =I105 -> 139.35065 | J60: > | AC60: =$I60/AB$37 -> 6.9675327 | AD60: =IF($I60 >0, MIN(AC60,$I60-SUM($L60:AC60)), MAX(AC60,$I60-SUM($L60:AC60))) -> 6.9675327 | AE60: =IF($I60 >0, MIN(AD60,$I60-SUM($L60:AD60)), MAX(AD60,$I60-SUM($L60:AD60))) -> 6.9675327 | AF60: =IF($I60 >0, MIN(AE60,$I60-SUM($L60:AE60)), MAX(AE60,$I60-SUM($L60:AE60))) -> 6.9675327 | AG60: =IF($I60 >0, MIN(AF60,$I60-SUM($L60:AF60)), MAX(AF60,$I60-SUM($L60:AF60))) -> 6.9675327 | AH60: =IF($I60 >0, MIN(AG60,$I60-SUM($L60:AG60)), MAX(AG60,$I60-SUM($L60:AG60))) -> 6.9675327 | AI60: =IF($I60 >0, MIN(AH60,$I60-SUM($L60:AH60)), MAX(AH60,$I60-SUM($L60:AH60))) -> 6.9675327 | AJ60: =IF($I60 >0, MIN(AI60,$I60-SUM($L60:AI60)), MAX(AI60,$I60-SUM($L60:AI60))) -> 6.9675327 | AK60: =IF($I60 >0, MIN(AJ60,$I60-SUM($L60:AJ60)), MAX(AJ60,$I60-SUM($L60:AJ60))) -> 6.9675327 | ... AR60: =IF($I60 >0, MIN(AQ60,$I60-SUM($L60:AQ60)), MAX(AQ60,$I60-SUM($L60:AQ60))) -> 6.9675327
E61: 39903 | G61: £m 12/13 prices | I61: =I106 -> 165.06592 | J61: > | AD61: =$I61/AC$37 -> 8.2532958 | AE61: =IF($I61 >0, MIN(AD61,$I61-SUM($L61:AD61)), MAX(AD61,$I61-SUM($L61:AD61))) -> 8.2532958 | AF61: =IF($I61 >0, MIN(AE61,$I61-SUM($L61:AE61)), MAX(AE61,$I61-SUM($L61:AE61))) -> 8.2532958 | AG61: =IF($I61 >0, MIN(AF61,$I61-SUM($L61:AF61)), MAX(AF61,$I61-SUM($L61:AF61))) -> 8.2532958 | AH61: =IF($I61 >0, MIN(AG61,$I61-SUM($L61:AG61)), MAX(AG61,$I61-SUM($L61:AG61))) -> 8.2532958 | AI61: =IF($I61 >0, MIN(AH61,$I61-SUM($L61:AH61)), MAX(AH61,$I61-SUM($L61:AH61))) -> 8.2532958 | AJ61: =IF($I61 >0, MIN(AI61,$I61-SUM($L61:AI61)), MAX(AI61,$I61-SUM($L61:AI61))) -> 8.2532958 | AK61: =IF($I61 >0, MIN(AJ61,$I61-SUM($L61:AJ61)), MAX(AJ61,$I61-SUM($L61:AJ61))) -> 8.2532958 | AL61: =IF($I61 >0, MIN(AK61,$I61-SUM($L61:AK61)), MAX(AK61,$I61-SUM($L61:AK61))) -> 8.2532958 | ... AR61: =IF($I61 >0, MIN(AQ61,$I61-SUM($L61:AQ61)), MAX(AQ61,$I61-SUM($L61:AQ61))) -> 8.2532958
E62: 40268 | G62: £m 12/13 prices | I62: =I107 -> 196.16441 | J62: > | AE62: =$I62/AD$37 -> 9.8082206 | AF62: =IF($I62 >0, MIN(AE62,$I62-SUM($L62:AE62)), MAX(AE62,$I62-SUM($L62:AE62))) -> 9.8082206 | AG62: =IF($I62 >0, MIN(AF62,$I62-SUM($L62:AF62)), MAX(AF62,$I62-SUM($L62:AF62))) -> 9.8082206 | AH62: =IF($I62 >0, MIN(AG62,$I62-SUM($L62:AG62)), MAX(AG62,$I62-SUM($L62:AG62))) -> 9.8082206 | AI62: =IF($I62 >0, MIN(AH62,$I62-SUM($L62:AH62)), MAX(AH62,$I62-SUM($L62:AH62))) -> 9.8082206 | AJ62: =IF($I62 >0, MIN(AI62,$I62-SUM($L62:AI62)), MAX(AI62,$I62-SUM($L62:AI62))) -> 9.8082206 | AK62: =IF($I62 >0, MIN(AJ62,$I62-SUM($L62:AJ62)), MAX(AJ62,$I62-SUM($L62:AJ62))) -> 9.8082206 | AL62: =IF($I62 >0, MIN(AK62,$I62-SUM($L62:AK62)), MAX(AK62,$I62-SUM($L62:AK62))) -> 9.8082206 | AM62: =IF($I62 >0, MIN(AL62,$I62-SUM($L62:AL62)), MAX(AL62,$I62-SUM($L62:AL62))) -> 9.8082206 | ... AR62: =IF($I62 >0, MIN(AQ62,$I62-SUM($L62:AQ62)), MAX(AQ62,$I62-SUM($L62:AQ62))) -> 9.8082206
E63: 40633 | G63: £m 12/13 prices | I63: =I108 -> 181.68144 | J63: > | AF63: =$I63/AE$37 -> 9.0840721 | AG63: =IF($I63 >0, MIN(AF63,$I63-SUM($L63:AF63)), MAX(AF63,$I63-SUM($L63:AF63))) -> 9.0840721 | AH63: =IF($I63 >0, MIN(AG63,$I63-SUM($L63:AG63)), MAX(AG63,$I63-SUM($L63:AG63))) -> 9.0840721 | AI63: =IF($I63 >0, MIN(AH63,$I63-SUM($L63:AH63)), MAX(AH63,$I63-SUM($L63:AH63))) -> 9.0840721 | AJ63: =IF($I63 >0, MIN(AI63,$I63-SUM($L63:AI63)), MAX(AI63,$I63-SUM($L63:AI63))) -> 9.0840721 | AK63: =IF($I63 >0, MIN(AJ63,$I63-SUM($L63:AJ63)), MAX(AJ63,$I63-SUM($L63:AJ63))) -> 9.0840721 | AL63: =IF($I63 >0, MIN(AK63,$I63-SUM($L63:AK63)), MAX(AK63,$I63-SUM($L63:AK63))) -> 9.0840721 | AM63: =IF($I63 >0, MIN(AL63,$I63-SUM($L63:AL63)), MAX(AL63,$I63-SUM($L63:AL63))) -> 9.0840721 | AN63: =IF($I63 >0, MIN(AM63,$I63-SUM($L63:AM63)), MAX(AM63,$I63-SUM($L63:AM63))) -> 9.0840721 | ... AR63: =IF($I63 >0, MIN(AQ63,$I63-SUM($L63:AQ63)), MAX(AQ63,$I63-SUM($L63:AQ63))) -> 9.0840721
E64: 40999 | G64: £m 12/13 prices | I64: =I109 -> 157.62845 | J64: > | AG64: =$I64/AF$37 -> 7.8814223 | AH64: =IF($I64 >0, MIN(AG64,$I64-SUM($L64:AG64)), MAX(AG64,$I64-SUM($L64:AG64))) -> 7.8814223 | AI64: =IF($I64 >0, MIN(AH64,$I64-SUM($L64:AH64)), MAX(AH64,$I64-SUM($L64:AH64))) -> 7.8814223 | AJ64: =IF($I64 >0, MIN(AI64,$I64-SUM($L64:AI64)), MAX(AI64,$I64-SUM($L64:AI64))) -> 7.8814223 | AK64: =IF($I64 >0, MIN(AJ64,$I64-SUM($L64:AJ64)), MAX(AJ64,$I64-SUM($L64:AJ64))) -> 7.8814223 | AL64: =IF($I64 >0, MIN(AK64,$I64-SUM($L64:AK64)), MAX(AK64,$I64-SUM($L64:AK64))) -> 7.8814223 | AM64: =IF($I64 >0, MIN(AL64,$I64-SUM($L64:AL64)), MAX(AL64,$I64-SUM($L64:AL64))) -> 7.8814223 | AN64: =IF($I64 >0, MIN(AM64,$I64-SUM($L64:AM64)), MAX(AM64,$I64-SUM($L64:AM64))) -> 7.8814223 | AO64: =IF($I64 >0, MIN(AN64,$I64-SUM($L64:AN64)), MAX(AN64,$I64-SUM($L64:AN64))) -> 7.8814223 | ... AR64: =IF($I64 >0, MIN(AQ64,$I64-SUM($L64:AQ64)), MAX(AQ64,$I64-SUM($L64:AQ64))) -> 7.8814223
E65: 41364 | G65: £m 12/13 prices | I65: =I110 -> 154.37429 | AH65: =$I65/AG$37 -> 7.7187146 | AI65: =IF($I65 >0, MIN(AH65,$I65-SUM($L65:AH65)), MAX(AH65,$I65-SUM($L65:AH65))) -> 7.7187146 | AJ65: =IF($I65 >0, MIN(AI65,$I65-SUM($L65:AI65)), MAX(AI65,$I65-SUM($L65:AI65))) -> 7.7187146 | AK65: =IF($I65 >0, MIN(AJ65,$I65-SUM($L65:AJ65)), MAX(AJ65,$I65-SUM($L65:AJ65))) -> 7.7187146 | AL65: =IF($I65 >0, MIN(AK65,$I65-SUM($L65:AK65)), MAX(AK65,$I65-SUM($L65:AK65))) -> 7.7187146 | AM65: =IF($I65 >0, MIN(AL65,$I65-SUM($L65:AL65)), MAX(AL65,$I65-SUM($L65:AL65))) -> 7.7187146 | AN65: =IF($I65 >0, MIN(AM65,$I65-SUM($L65:AM65)), MAX(AM65,$I65-SUM($L65:AM65))) -> 7.7187146 | AO65: =IF($I65 >0, MIN(AN65,$I65-SUM($L65:AN65)), MAX(AN65,$I65-SUM($L65:AN65))) -> 7.7187146 | AP65: =IF($I65 >0, MIN(AO65,$I65-SUM($L65:AO65)), MAX(AO65,$I65-SUM($L65:AO65))) -> 7.7187146 | ... AR65: =IF($I65 >0, MIN(AQ65,$I65-SUM($L65:AQ65)), MAX(AQ65,$I65-SUM($L65:AQ65))) -> 7.7187146
E66: 41729 | G66: £m 12/13 prices | I66: =I111 -> 169.14682 | AI66: =$I66/AH$37 -> 8.457341 | AJ66: =IF($I66 >0, MIN(AI66,$I66-SUM($L66:AI66)), MAX(AI66,$I66-SUM($L66:AI66))) -> 8.457341 | AK66: =IF($I66 >0, MIN(AJ66,$I66-SUM($L66:AJ66)), MAX(AJ66,$I66-SUM($L66:AJ66))) -> 8.457341 | AL66: =IF($I66 >0, MIN(AK66,$I66-SUM($L66:AK66)), MAX(AK66,$I66-SUM($L66:AK66))) -> 8.457341 | AM66: =IF($I66 >0, MIN(AL66,$I66-SUM($L66:AL66)), MAX(AL66,$I66-SUM($L66:AL66))) -> 8.457341 | AN66: =IF($I66 >0, MIN(AM66,$I66-SUM($L66:AM66)), MAX(AM66,$I66-SUM($L66:AM66))) -> 8.457341 | AO66: =IF($I66 >0, MIN(AN66,$I66-SUM($L66:AN66)), MAX(AN66,$I66-SUM($L66:AN66))) -> 8.457341 | AP66: =IF($I66 >0, MIN(AO66,$I66-SUM($L66:AO66)), MAX(AO66,$I66-SUM($L66:AO66))) -> 8.457341 | AQ66: =IF($I66 >0, MIN(AP66,$I66-SUM($L66:AP66)), MAX(AP66,$I66-SUM($L66:AP66))) -> 8.457341 | AR66: =IF($I66 >0, MIN(AQ66,$I66-SUM($L66:AQ66)), MAX(AQ66,$I66-SUM($L66:AQ66))) -> 8.457341
E67: 42094 | G67: £m 12/13 prices | I67: =I112 -> 181.50568 | AJ67: =$I67/AI$37 -> 9.0752842 | AK67: =IF($I67 >0, MIN(AJ67,$I67-SUM($L67:AJ67)), MAX(AJ67,$I67-SUM($L67:AJ67))) -> 9.0752842 | AL67: =IF($I67 >0, MIN(AK67,$I67-SUM($L67:AK67)), MAX(AK67,$I67-SUM($L67:AK67))) -> 9.0752842 | AM67: =IF($I67 >0, MIN(AL67,$I67-SUM($L67:AL67)), MAX(AL67,$I67-SUM($L67:AL67))) -> 9.0752842 | AN67: =IF($I67 >0, MIN(AM67,$I67-SUM($L67:AM67)), MAX(AM67,$I67-SUM($L67:AM67))) -> 9.0752842 | AO67: =IF($I67 >0, MIN(AN67,$I67-SUM($L67:AN67)), MAX(AN67,$I67-SUM($L67:AN67))) -> 9.0752842 | AP67: =IF($I67 >0, MIN(AO67,$I67-SUM($L67:AO67)), MAX(AO67,$I67-SUM($L67:AO67))) -> 9.0752842 | AQ67: =IF($I67 >0, MIN(AP67,$I67-SUM($L67:AP67)), MAX(AP67,$I67-SUM($L67:AP67))) -> 9.0752842 | AR67: =IF($I67 >0, MIN(AQ67,$I67-SUM($L67:AQ67)), MAX(AQ67,$I67-SUM($L67:AQ67))) -> 9.0752842
E68: 42460 | G68: £m 12/13 prices | I68: =I113 -> 157.23069 | AK68: =$I68/AJ$37 -> 6.7991651 | AL68: =IF($I68 >0, MIN(AK68,$I68-SUM($L68:AK68)), MAX(AK68,$I68-SUM($L68:AK68))) -> 6.7991651 | AM68: =IF($I68 >0, MIN(AL68,$I68-SUM($L68:AL68)), MAX(AL68,$I68-SUM($L68:AL68))) -> 6.7991651 | AN68: =IF($I68 >0, MIN(AM68,$I68-SUM($L68:AM68)), MAX(AM68,$I68-SUM($L68:AM68))) -> 6.7991651 | AO68: =IF($I68 >0, MIN(AN68,$I68-SUM($L68:AN68)), MAX(AN68,$I68-SUM($L68:AN68))) -> 6.7991651 | AP68: =IF($I68 >0, MIN(AO68,$I68-SUM($L68:AO68)), MAX(AO68,$I68-SUM($L68:AO68))) -> 6.7991651 | AQ68: =IF($I68 >0, MIN(AP68,$I68-SUM($L68:AP68)), MAX(AP68,$I68-SUM($L68:AP68))) -> 6.7991651 | AR68: =IF($I68 >0, MIN(AQ68,$I68-SUM($L68:AQ68)), MAX(AQ68,$I68-SUM($L68:AQ68))) -> 6.7991651
E69: 42825 | G69: £m 12/13 prices | I69: =I114 -> 171.88703 | AL69: =$I69/AK$37 -> 6.5480773 | AM69: =IF($I69 >0, MIN(AL69,$I69-SUM($L69:AL69)), MAX(AL69,$I69-SUM($L69:AL69))) -> 6.5480773 | AN69: =IF($I69 >0, MIN(AM69,$I69-SUM($L69:AM69)), MAX(AM69,$I69-SUM($L69:AM69))) -> 6.5480773 | AO69: =IF($I69 >0, MIN(AN69,$I69-SUM($L69:AN69)), MAX(AN69,$I69-SUM($L69:AN69))) -> 6.5480773 | AP69: =IF($I69 >0, MIN(AO69,$I69-SUM($L69:AO69)), MAX(AO69,$I69-SUM($L69:AO69))) -> 6.5480773 | AQ69: =IF($I69 >0, MIN(AP69,$I69-SUM($L69:AP69)), MAX(AP69,$I69-SUM($L69:AP69))) -> 6.5480773 | AR69: =IF($I69 >0, MIN(AQ69,$I69-SUM($L69:AQ69)), MAX(AQ69,$I69-SUM($L69:AQ69))) -> 6.5480773
E70: 43190 | G70: £m 12/13 prices | I70: =I115 -> 167.63013 | AM70: =$I70/AL$37 -> 5.7065575 | AN70: =IF($I70 >0, MIN(AM70,$I70-SUM($L70:AM70)), MAX(AM70,$I70-SUM($L70:AM70))) -> 5.7065575 | AO70: =IF($I70 >0, MIN(AN70,$I70-SUM($L70:AN70)), MAX(AN70,$I70-SUM($L70:AN70))) -> 5.7065575 | AP70: =IF($I70 >0, MIN(AO70,$I70-SUM($L70:AO70)), MAX(AO70,$I70-SUM($L70:AO70))) -> 5.7065575 | AQ70: =IF($I70 >0, MIN(AP70,$I70-SUM($L70:AP70)), MAX(AP70,$I70-SUM($L70:AP70))) -> 5.7065575 | AR70: =IF($I70 >0, MIN(AQ70,$I70-SUM($L70:AQ70)), MAX(AQ70,$I70-SUM($L70:AQ70))) -> 5.7065575
E71: 43555 | G71: £m 12/13 prices | I71: =I116 -> 162.14536 | AN71: =$I71/AM$37 -> 4.989088 | AO71: =IF($I71 >0, MIN(AN71,$I71-SUM($L71:AN71)), MAX(AN71,$I71-SUM($L71:AN71))) -> 4.989088 | AP71: =IF($I71 >0, MIN(AO71,$I71-SUM($L71:AO71)), MAX(AO71,$I71-SUM($L71:AO71))) -> 4.989088 | AQ71: =IF($I71 >0, MIN(AP71,$I71-SUM($L71:AP71)), MAX(AP71,$I71-SUM($L71:AP71))) -> 4.989088 | AR71: =IF($I71 >0, MIN(AQ71,$I71-SUM($L71:AQ71)), MAX(AQ71,$I71-SUM($L71:AQ71))) -> 4.989088
E72: 43921 | G72: £m 12/13 prices | I72: =I117 -> 157.21616 | AO72: =$I72/AN$37 -> 4.4130851 | AP72: =IF($I72 >0, MIN(AO72,$I72-SUM($L72:AO72)), MAX(AO72,$I72-SUM($L72:AO72))) -> 4.4130851 | AQ72: =IF($I72 >0, MIN(AP72,$I72-SUM($L72:AP72)), MAX(AP72,$I72-SUM($L72:AP72))) -> 4.4130851 | AR72: =IF($I72 >0, MIN(AQ72,$I72-SUM($L72:AQ72)), MAX(AQ72,$I72-SUM($L72:AQ72))) -> 4.4130851
E73: 44286 | G73: £m 12/13 prices | I73: =I118 -> 152.36174 | AP73: =$I73/AO$37 -> 3.9319159 | AQ73: =IF($I73 >0, MIN(AP73,$I73-SUM($L73:AP73)), MAX(AP73,$I73-SUM($L73:AP73))) -> 3.9319159 | AR73: =IF($I73 >0, MIN(AQ73,$I73-SUM($L73:AQ73)), MAX(AQ73,$I73-SUM($L73:AQ73))) -> 3.9319159
E74: 44651 | G74: £m 12/13 prices | I74: =I119 -> 152.79897 | AQ74: =$I74/AP$37 -> 3.6489306 | AR74: =IF($I74 >0, MIN(AQ74,$I74-SUM($L74:AQ74)), MAX(AQ74,$I74-SUM($L74:AQ74))) -> 3.6489306
E75: 45016 | G75: £m 12/13 prices | I75: =I120 -> 148.86956
C77: Non-accelerated post-vesting depreciation
C78: Note: Non-accelerated depreciation calculations are used to establish the "RAV differential" accumulated as the difference between non-accelerated and accelerated depreciation before full depreciation of vesting assets.
D80: Depreciation parameters
E82: Non-accelerated post-vesting asset life | G82: years | J82: > | K82: =Input!K325 -> 33.3 | L82: =Input!L325 -> 33.3 | M82: =Input!M325 -> 33.3 | N82: =Input!N325 -> 33.3 | O82: =Input!O325 -> 33.3 | P82: =Input!P325 -> 33.3 | Q82: =Input!Q325 -> 33.3 | R82: =Input!R325 -> 33.3 | ... AQ82: =Input!AQ325 -> 45
E83: Non-accelerated post-vesting depreciation applied | G83: text | J83: > | L83: =YEAR(L$7) < YEAR($I$28) + IF($I$30=12,$I$29,$I$29+1) -> TRUE | M83: =YEAR(M$7) < YEAR($I$28) + IF($I$30=12,$I$29,$I$29+1) -> TRUE | N83: =YEAR(N$7) < YEAR($I$28) + IF($I$30=12,$I$29,$I$29+1) -> TRUE | O83: =YEAR(O$7) < YEAR($I$28) + IF($I$30=12,$I$29,$I$29+1) -> TRUE | P83: =YEAR(P$7) < YEAR($I$28) + IF($I$30=12,$I$29,$I$29+1) -> TRUE | Q83: =YEAR(Q$7) < YEAR($I$28) + IF($I$30=12,$I$29,$I$29+1) -> TRUE | R83: =YEAR(R$7) < YEAR($I$28) + IF($I$30=12,$I$29,$I$29+1) -> TRUE | S83: =YEAR(S$7) < YEAR($I$28) + IF($I$30=12,$I$29,$I$29+1) -> TRUE | ... AQ83: =YEAR(AQ$7) < YEAR($I$28) + IF($I$30=12,$I$29,$I$29+1) -> FALSE
D85: Depreciation schedule
E87: Non-accelerated depreciation of additions from year ending | I87: Net additions
